Workbook
Name SUBA: '[1]SUB APU'!$A$1:$D$65536

Sheet Datosproyecto
A1: Objeto proyecto | B1: ADECUACIONES DE GIMNASIO, SU BATERÍA DE BAÑOS Y LA TERRAZA ADYACENTES AL MISMO. | F1: Descripción | G1: Abreviatura
A2: Dependencia | B2: Consejo Superior de la Judicatura Dirección Seccional de Administración Judicial Sincelejo – Sucre | F2: Galón | G2: gal
A3: Elaboró | B3: Lizeth Rocío Berrío Caraballo | F3: Kilogramo | G3: kg
A4: identificación | B4: C.C.: 1102852257 de Sincelejo | F4: Litro | G4: l
A5: Matrícula profesional | B5: 22202-274639 COR | F5: Metro | G5: m
A6: Día | B6: 18 | F6: Metro cuadrado | G6: m2
A7: Mes | B7: 11 | F7: Metro cubico | G7: m3
A8: Años | B8: 2024 | F8: unidad | G8: und

Sheet Materiales
A1: LISTA DE MATERIALES
A2: DESCRIPCIÓN | B2: PRECIO UNIT.
A3: Cemento por kg | B3: 700000
A4: Kg Acero refuerzo 60 KSI
A5: Liston de madera 2"x2"x4m | B5: 14264.9
A6: Tela cerramiento verde 2.1*1m | B6: 3291.9
A7: LISTON 2*4*5Mts MADERA TECHO
A8: Vidrio laminado 8mm

Sheet ManodeObra
A1: PERSONAL
A2: DESCRIPCIÓN | B2: TARIFA/HORA
A3: Oficial | B3: 1
A4: Hora ayudante cuadrilla AA | B4: 11913.85
A5: Electricista
A6: Soldador
A7: Pintor
A8: Maestro de obra
A9: Cuadrilla albañilería Tipo AA | B9: 30224.42

Sheet Equipos
A1: LISTA DE EQUIPOS
A2: DESCRIPCIÓN | B2: TARIFA/HORA
A3: HERRAMAMIENTAS MENORES 10% M.O | B3: 12045
A4: EQUIPO DE SOLDADURA | B4: 50000
A5: MEZCLADORA | B5: 100000
A6: TALADRO PERCUTOR | B6: 40000
A7: COMPRESOR 80 HP CON MARTILLO | B7: 90123.44
A8: PULIDORA
A9: OXICORTE | B9: 18467.56
A10: VOLQUETA 6M3 | B10: 114169.68
A11: Cuerpo de andamio | B11: 1686.55
A12: Día tablón | B12: 1426.49

Sheet CANT CAP 1
B1: PROYECTO: | C1: ADECUACIONES DE GIMNASIO, SU BATERÍA DE BAÑOS Y LA TERRAZA ADYACENTES AL MISMO
B2: CONTRATISTA: | C2: RAMON ANDRES LOPEZ CAMARGO
B3: INTERVENTOR:
B5: MEMORÍA DE CANTIDADES PARA ACTA DE MODIFICACIONES Nro. 2
B7: CAPÍTULO: | C7: 1 | D7: PRELIMINARES
B9: ITEM: | C9: 1.01 | D9: =+VLOOKUP(C9,'BALANCE Nro 2'!$A$12:'BALANCE Nro 2'!A12:C81,2,FALSE) -> CERRAMIENTO PROVISIONAL EN MALLA PLASTICA VERDE H:2 M | E9: #REF! | F9: #REF! | G9: #REF! | H9: #REF!
B10: UNIDAD: | C10: =+VLOOKUP(C9,'BALANCE Nro 2'!$A$12:$C$79,3,FALSE) -> m | D10: #REF! | E10: #REF! | F10: #REF! | G10: #REF! | H10: #REF!
B11: Elementos/Ubicación | C11: Dimensiones | G11: % Expansión | H11: TOTAL
C12: Cantidad | D12: Largo (m) | E12: Ancho (m) | F12: Altura (m) | H12: =ROUNDUP(SUM(H13:H19),2) -> 42
B13: GYM | C13: 1 | D13: =14+14+7+7 -> 42 | H13: =+D13*C13 -> 42
B20: Detalle:
B25: Firma:
B26: RAMON ANDRES LOPEZ CAMARGO
B27: CC. 1102851781 DE SINCELEJO
B29: PROYECTO: | C29: ADECUACIONES DE GIMNASIO, SU BATERÍA DE BAÑOS Y LA TERRAZA ADYACENTES AL MISMO
B30: CONTRATISTA: | C30: RAMON ANDRES LOPEZ CAMARGO
B31: INTERVENTOR:
B33: MEMORÍA DE CANTIDADES PARA ACTA DE MODIFICACIONES Nro. 2
B35: CAPÍTULO: | C35: 1 | D35: PRELIMINARES
B37: ITEM: | C37: 1.02 | D37: =+VLOOKUP(C37,'BALANCE Nro 2'!$A$12:'BALANCE Nro 2'!A40:C116,2,FALSE) -> DESMONTE CIELO RASO EN LAMINA DE YESO CARTON | E37: #REF! | F37: #REF! | G37: #REF! | H37: #REF!
B38: UNIDAD: | C38: =+VLOOKUP(C37,'BALANCE Nro 2'!$A$12:$C$79,3,FALSE) -> m2 | D38: #REF! | E38: #REF! | F38: #REF! | G38: #REF! | H38: #REF!
B39: Elementos/Ubicación | C39: Dimensiones | G39: % Expansión | H39: TOTAL
C40: Cantidad | D40: Largo (m) | E40: Ancho (m) | F40: Altura (m) | H40: =+H41+H42 -> 146.3564
B41: GYM | C41: 1 | D41: 18.18 | E41: 7.48 | H41: =+E41*D41*C41 -> 135.9864
B42: ZONA DE ACCESO A GYM | C42: 1 | D42: 3.4 | E42: 3.05 | H42: =+E42*D42*C42 -> 10.37
B48: Detalle:
B53: Firma:
B54: RAMON ANDRES LOPEZ CAMARGO
B55: CC. 1102851781 DE SINCELEJO
B57: PROYECTO: | C57: ADECUACIONES DE GIMNASIO, SU BATERÍA DE BAÑOS Y LA TERRAZA ADYACENTES AL MISMO
B58: CONTRATISTA: | C58: RAMON ANDRES LOPEZ CAMARGO
B59: INTERVENTOR:
B61: MEMORÍA DE CANTIDADES PARA ACTA DE MODIFICACIONES Nro. 2
B63: CAPÍTULO: | C63: 1 | D63: PRELIMINARES
B65: ITEM: | C65: 1.03 | D65: =+VLOOKUP(C65,'BALANCE Nro 2'!$A$12:'BALANCE Nro 2'!A68:C144,2,FALSE) -> DESMONTE Y ACARREO APARATOS SANIT. | E65: #REF! | F65: #REF! | G65: #REF! | H65: #REF!
B66: UNIDAD: | C66: =+VLOOKUP(C65,'BALANCE Nro 2'!$A$12:$C$79,3,FALSE) -> und | D66: #REF! | E66: #REF! | F66: #REF! | G66: #REF! | H66: #REF!
B67: Elementos/Ubicación | C67: Dimensiones | G67: % Expansión | H67: TOTAL
C68: Cantidad | D68: Largo (m) | E68: Ancho (m) | F68: Altura (m) | H68: =+H69+H70 -> 7
B69: BAÑO HOMBRES | C69: 4 | H69: =+C69 -> 4
B70: BAÑO MUJERES | C70: 3 | H70: =+C70 -> 3
B76: Detalle:
B81: Firma:
B82: RAMON ANDRES LOPEZ CAMARGO
B83: CC. 1102851781 DE SINCELEJO
B85: PROYECTO: | C85: ADECUACIONES DE GIMNASIO, SU BATERÍA DE BAÑOS Y LA TERRAZA ADYACENTES AL MISMO
B86: CONTRATISTA: | C86: RAMON ANDRES LOPEZ CAMARGO
B87: INTERVENTOR:
B89: MEMORÍA DE CANTIDADES PARA ACTA DE MODIFICACIONES Nro. 2
B91: CAPÍTULO: | C91: 1 | D91: PRELIMINARES
B93: ITEM: | C93: 1.04 | D93: =+VLOOKUP(C93,'BALANCE Nro 2'!$A$12:'BALANCE Nro 2'!A103:C172,2,FALSE) -> DESMONTE Y ACARREO DE PUERTAS | E93: #REF! | F93: #REF! | G93: #REF! | H93: #REF!
B94: UNIDAD: | C94: =+VLOOKUP(C93,'BALANCE Nro 2'!$A$12:$C$79,3,FALSE) -> und | D94: #REF! | E94: #REF! | F94: #REF! | G94: #REF! | H94: #REF!
B95: Elementos/Ubicación | C95: Dimensiones | G95: % Expansión | H95: TOTAL
C96: Cantidad | D96: Largo (m) | E96: Ancho (m) | F96: Altura (m) | H96: =+H97+H98+H99 -> 9
B97: BAÑO HOMBRES | C97: 4 | H97: =+C97 -> 4
B98: BAÑO MUJERES | C98: 4 | H98: =+C98 -> 4
B99: PUERTA PPPAL | C99: 1 | H99: =+C99 -> 1
B104: Detalle:
B109: Firma:
B110: RAMON ANDRES LOPEZ CAMARGO
B111: CC. 1102851781 DE SINCELEJO
B113: PROYECTO: | C113: ADECUACIONES DE GIMNASIO, SU BATERÍA DE BAÑOS Y LA TERRAZA ADYACENTES AL MISMO
B114: CONTRATISTA: | C114: RAMON ANDRES LOPEZ CAMARGO
B115: INTERVENTOR:
B117: MEMORÍA DE CANTIDADES PARA ACTA DE MODIFICACIONES Nro. 2
B119: CAPÍTULO: | C119: 1 | D119: PRELIMINARES
B121: ITEM: | C121: 1.05 | D121: =+VLOOKUP(C121,'BALANCE Nro 2'!$A$12:'BALANCE Nro 2'!A131:C200,2,FALSE) -> DESMONTE DE VENTANAS INCLUYE VIDRIOS | E121: #REF! | F121: #REF! | G121: #REF! | H121: #REF!
B122: UNIDAD: | C122: =+VLOOKUP(C121,'BALANCE Nro 2'!$A$12:$C$79,3,FALSE) -> und | D122: #REF! | E122: #REF! | F122: #REF! | G122: #REF! | H122: #REF!
B123: Elementos/Ubicación | C123: Dimensiones | G123: % Expansión | H123: TOTAL
C124: Cantidad | D124: Largo (m) | E124: Ancho (m) | F124: Altura (m) | H124: =ROUNDUP(SUM(H125:H131),2) -> 10
B125: GYM | C125: 10 | H125: =+C125 -> 10
B132: Detalle:
B137: Firma:
B138: RAMON ANDRES LOPEZ CAMARGO
B139: CC. 1102851781 DE SINCELEJO
B141: PROYECTO: | C141: ADECUACIONES DE GIMNASIO, SU BATERÍA DE BAÑOS Y LA TERRAZA ADYACENTES AL MISMO
B142: CONTRATISTA: | C142: RAMON ANDRES LOPEZ CAMARGO
B143: INTERVENTOR:
B145: MEMORÍA DE CANTIDADES PARA ACTA DE MODIFICACIONES Nro. 2
B147: CAPÍTULO: | C147: 1 | D147: PRELIMINARES
B149: ITEM: | C149: 1.06 | D149: =+VLOOKUP(C149,'BALANCE Nro 2'!$A$12:'BALANCE Nro 2'!A159:C228,2,FALSE) -> DEMOLICION DE ANDEN EN CONCRETO E=0.08 M | E149: #REF! | F149: #REF! | G149: #REF! | H149: #REF!
B150: UNIDAD: | C150: =+VLOOKUP(C149,'BALANCE Nro 2'!$A$12:$C$79,3,FALSE) -> m2 | D150: #REF! | E150: #REF! | F150: #REF! | G150: #REF! | H150: #REF!
B151: Elementos/Ubicación | C151: Dimensiones | G151: % Expansión | H151: TOTAL
C152: Cantidad | D152: Largo (m) | E152: Ancho (m) | F152: Altura (m) | H152: =+H153+H154+H155 -> 17.5468
B153: BAÑO HOMBRE | C153: 1 | D153: 2.92 | E153: 2.84 | H153: =+C153*D153*E153 -> 8.2928
B154: BAÑO MUJER | C154: 1 | D154: 2.92 | E154: 2.95 | H154: =+C154*D154*E154 -> 8.614
B155: PLANTILLA AIRE ACOND | C155: 1 | D155: 0.8 | E155: 0.8 | H155: =+C155*D155*E155 -> 0.64
B160: Detalle:
B165: Firma:
B166: RAMON ANDRES LOPEZ CAMARGO
B167: CC. 1102851781 DE SINCELEJO
B169: PROYECTO: | C169: ADECUACIONES DE GIMNASIO, SU BATERÍA DE BAÑOS Y LA TERRAZA ADYACENTES AL MISMO
B170: CONTRATISTA: | C170: RAMON ANDRES LOPEZ CAMARGO
B171: INTERVENTOR:
B173: MEMORÍA DE CANTIDADES PARA ACTA DE MODIFICACIONES Nro. 2
B175: CAPÍTULO: | C175: 1 | D175: PRELIMINARES
B177: ITEM: | C177: 1.07 | D177: =+VLOOKUP(C177,'BALANCE Nro 2'!$A$12:'BALANCE Nro 2'!A187:C256,2,FALSE) -> DEMOLICION ENCHAPE | E177: #REF! | F177: #REF! | G177: #REF! | H177: #REF!
B178: UNIDAD: | C178: =+VLOOKUP(C177,'BALANCE Nro 2'!$A$12:$C$79,3,FALSE) -> m2 | D178: #REF! | E178: #REF! | F178: #REF! | G178: #REF! | H178: #REF!
B179: Elementos/Ubicación | C179: Dimensiones | G179: % Expansión | H179: TOTAL
C180: Cantidad | D180: Largo (m) | E180: Ancho (m) | F180: Altura (m) | H180: =+SUM(H181:H190) -> 71.8368
B181: PISO BAÑO HOMBRE | C181: 1 | D181: 2.92 | F181: 2.84 | H181: =+C181*D181*F181 -> 8.2928
...

Sheet CANT CAP 2
B1: PROYECTO: | C1: ADECUACIONES DE GIMNASIO, SU BATERÍA DE BAÑOS Y LA TERRAZA ADYACENTES AL MISMO
B2: CONTRATISTA: | C2: RAMON ANDRES LOPEZ CAMARGO
B3: INTERVENTOR:
B5: MEMORÍA DE CANTIDADES PARA ACTA DE MODIFICACIONES Nro. 2
B7: CAPÍTULO: | C7: =+'BALANCE Nro 2'!A24 -> 2 | D7: =+'BALANCE Nro 2'!B24 -> PISOS, MUROS Y ENCHAPE: MAMPOSTERIA
B9: ITEM: | C9: 2.02 | D9: =+'BALANCE Nro 2'!B26 -> PLANTILLA CONCRETO 3.000 PSI E=0.10 M. # 2 (CON REF.) | E9: #REF! | F9: #REF! | G9: #REF! | H9: #REF!
B10: UNIDAD: | C10: =+'BALANCE Nro 2'!C26 -> m2 | D10: #REF! | E10: #REF! | F10: #REF! | G10: #REF! | H10: #REF!
B11: Elementos/Ubicación | C11: Dimensiones | G11: % Expansión | H11: TOTAL
C12: Cantidad | D12: Largo (m) | E12: Ancho (m) | F12: Altura (m) | H12: =+H13+H14+H15 -> 23.0268
B13: BAÑO HOMBRE | C13: 1 | D13: 2.92 | E13: 2.84 | H13: =+C13*D13*E13 -> 8.2928
B14: BAÑO MUJER | C14: 1 | D14: 2.92 | E14: 2.95 | H14: =+C14*D14*E14 -> 8.614
B15: RAMPAS | C15: 2 | D15: 2.55 | E15: 1.2 | H15: =+C15*D15*E15 -> 6.12
B20: Detalle:
B25: Firma:
B26: RAMON ANDRES LOPEZ CAMARGO
B27: CC. 1102851781 DE SINCELEJO
B29: PROYECTO: | C29: ADECUACIONES DE GIMNASIO, SU BATERÍA DE BAÑOS Y LA TERRAZA ADYACENTES AL MISMO
B30: CONTRATISTA: | C30: RAMON ANDRES LOPEZ CAMARGO
B31: INTERVENTOR:
B33: MEMORÍA DE CANTIDADES PARA ACTA DE MODIFICACIONES Nro. 2
B35: CAPÍTULO: | C35: 2 | D35: PISOS, MUROS Y ENCHAPE: MAMPOSTERIA
B37: ITEM: | C37: 2.03 | D37: =+'BALANCE Nro 2'!B27 -> DIVISIONES BAÑO ACERO INOXIDABLE TAMBORADO | E37: #REF! | F37: #REF! | G37: #REF! | H37: #REF!
B38: UNIDAD: | C38: =+'BALANCE Nro 2'!C27 -> m2 | D38: #REF! | E38: #REF! | F38: #REF! | G38: #REF! | H38: #REF!
B39: Elementos/Ubicación | C39: Dimensiones | G39: % Expansión | H39: TOTAL
C40: Cantidad | D40: Largo (m) | E40: Ancho (m) | F40: Altura (m) | H40: =+H41+H42 -> 13.64
B41: DIVISIONES | C41: 4 | E41: 1.57 | F41: 2 | H41: =+C41*E41*F41 -> 12.56
B42: MODULOS FIJOS | C42: 2 | E42: 0.27 | F42: 2 | H42: =+C42*E42*F42 -> 1.08
B47: Detalle:
B52: Firma:
B53: RAMON ANDRES LOPEZ CAMARGO
B54: CC. 1102851781 DE SINCELEJO
B56: PROYECTO: | C56: ADECUACIONES DE GIMNASIO, SU BATERÍA DE BAÑOS Y LA TERRAZA ADYACENTES AL MISMO
B57: CONTRATISTA: | C57: RAMON ANDRES LOPEZ CAMARGO
B58: INTERVENTOR:
B60: MEMORÍA DE CANTIDADES PARA ACTA DE MODIFICACIONES Nro. 2
B62: CAPÍTULO: | C62: 2 | D62: PISOS, MUROS Y ENCHAPE: MAMPOSTERIA
B64: ITEM: | C64: 2.05 | D64: =+'BALANCE Nro 2'!B29 -> CIELO RASO PANEL YESO 12.7 MM | E64: #REF! | F64: #REF! | G64: #REF! | H64: #REF!
B65: UNIDAD: | C65: =+'BALANCE Nro 2'!C29 -> m2 | D65: #REF! | E65: #REF! | F65: #REF! | G65: #REF! | H65: #REF!
B66: Elementos/Ubicación | C66: Dimensiones | G66: % Expansión | H66: TOTAL
C67: Cantidad | D67: Largo (m) | E67: Ancho (m) | F67: Altura (m) | H67: =+H68+H69 -> 146.3564
B68: GYM | C68: 1 | D68: 18.18 | E68: 7.48 | H68: =+C68*D68*E68 -> 135.9864
B69: ZONA DE ACCESO A GYM | C69: 1 | D69: 3.4 | E69: 3.05 | H69: =+C69*D69*E69 -> 10.37
B75: Detalle:
B80: Firma:
B81: RAMON ANDRES LOPEZ CAMARGO
B82: CC. 1102851781 DE SINCELEJO
B84: PROYECTO: | C84: ADECUACIONES DE GIMNASIO, SU BATERÍA DE BAÑOS Y LA TERRAZA ADYACENTES AL MISMO
B85: CONTRATISTA: | C85: RAMON ANDRES LOPEZ CAMARGO
B86: INTERVENTOR:
B88: MEMORÍA DE CANTIDADES PARA ACTA DE MODIFICACIONES Nro. 2
B90: CAPÍTULO: | C90: 2 | D90: PISOS, MUROS Y ENCHAPE: MAMPOSTERIA
B92: ITEM: | C92: =+'BALANCE Nro 2'!A30 -> 2.06 | D92: =+VLOOKUP(C92,'BALANCE Nro 2'!$A$12:'BALANCE Nro 2'!A103:C172,2,FALSE) -> PINTURA VINILO MUROS (3 MANOS) INTERIORES | E92: #REF! | F92: #REF! | G92: #REF! | H92: #REF!
B93: UNIDAD: | C93: =+VLOOKUP(C92,'BALANCE Nro 2'!$A$12:$C$79,3,FALSE) -> m2 | D93: #REF! | E93: #REF! | F93: #REF! | G93: #REF! | H93: #REF!
B94: Elementos/Ubicación | C94: Dimensiones | G94: % Expansión | H94: TOTAL
C95: Cantidad | D95: Largo (m) | E95: Ancho (m) | F95: Altura (m) | H95: =+H96+H97+H98+H99+H100+H101+H102+H103+H104+H105+H106 -> 72.112
B96: GYM LADO IZQ | C96: 1 | D96: 13.54 | F96: 2.5 | H96: =+C96*D96*F96 -> 33.85
B97: DESCUENTO VENTANAS | C97: -6 | D97: 1.18 | F97: 2.2 | H97: =+C97*D97*F97 -> -15.576
B98: FONDO GYM | C98: 1 | D98: 5.88 | F98: 2.5 | H98: =+C98*D98*F98 -> 14.7
B99: DESCUENTO VENTANAS PEQ | C99: -2 | D99: 1.7 | F99: 0.48 | H99: =+C99*D99*F99 -> -1.632
B100: GYM LADO DER | C100: 1 | D100: 13.54 | F100: 2.5 | H100: =+C100*D100*F100 -> 33.85
B101: DESCUENTO VENTANAS | C101: -4 | D101: 1.18 | F101: 2.2 | H101: =+C101*D101*F101 -> -10.384
B102: DESCUENTO PUERTA ACCESO | C102: -1 | D102: 1.4 | F102: 2.5 | H102: =+C102*D102*F102 -> -3.5
B103: PARED LADO BAÑOS | C103: 1 | D103: 5.88 | F103: 2.5 | H103: =+C103*D103*F103 -> 14.7
B104: DESCUENTO PEURTA BAÑOS | C104: -2 | D104: 0.8 | F104: 2 | H104: =+C104*D104*F104 -> -3.2
B105: BAÑO MUJERES | C105: 1 | D105: =2.95+2.92+2.92+2.95 -> 11.74 | F105: 0.4 | H105: =+C105*D105*F105 -> 4.696
B106: BAÑO HOMBRES | C106: 1 | D106: =2.84+2.84+2.92+2.92 -> 11.52 | F106: 0.4 | H106: =+C106*D106*F106 -> 4.608
B111: Detalle:
B116: Firma:
B117: RAMON ANDRES LOPEZ CAMARGO
B118: CC. 1102851781 DE SINCELEJO
B120: PROYECTO: | C120: ADECUACIONES DE GIMNASIO, SU BATERÍA DE BAÑOS Y LA TERRAZA ADYACENTES AL MISMO
B121: CONTRATISTA: | C121: RAMON ANDRES LOPEZ CAMARGO
B122: INTERVENTOR:
B124: MEMORÍA DE CANTIDADES PARA ACTA DE MODIFICACIONES Nro. 2
B126: CAPÍTULO: | C126: 2 | D126: PISOS, MUROS Y ENCHAPE: MAMPOSTERIA
B128: ITEM: | C128: 2.07 | D128: =+'BALANCE Nro 2'!B31 -> ENCHAPE CERAMICA 25x40 | E128: #REF! | F128: #REF! | G128: #REF! | H128: #REF!
B129: UNIDAD: | C129: =+'BALANCE Nro 2'!C31 -> m2 | D129: #REF! | E129: #REF! | F129: #REF! | G129: #REF! | H129: #REF!
B130: Elementos/Ubicación | C130: Dimensiones | G130: % Expansión | H130: TOTAL
C131: Cantidad | D131: Largo (m) | E131: Ancho (m) | F131: Altura (m) | H131: =+SUM(H132:H137) -> 62.5528
B132: MURO BAÑO HOMBRE | C132: 1 | D132: =2.84+2.84+2.92+2.92 -> 11.52 | F132: 2.1 | H132: =+C132*D132*F132 -> 24.192
B133: MURO BAÑO MUJERES | C133: 1 | D133: =2.95+2.95+2.92+2.92 -> 11.74 | F133: 2.1 | H133: =+C133*D133*F133 -> 24.654
B134: PISO BAÑO HOMBRE | C134: 1 | D134: 2.92 | E134: 2.84 | H134: =+C134*D134*E134 -> 8.2928
B135: PISO BAÑO MUJERES | C135: 1 | D135: 2.92 | E135: 2.95 | H135: =+C135*D135*E135 -> 8.614
B136: DESCUENTO PUERTA HOMBRES | C136: -1 | D136: 0.8 | F136: 2 | H136: =+C136*D136*F136 -> -1.6
B137: DESPUESNTO PUERTA MUJERS | C137: -1 | D137: 0.8 | F137: 2 | H137: =+C137*D137*F137 -> -1.6
B139: Detalle:
B144: Firma:
B145: RAMON ANDRES LOPEZ CAMARGO
B146: CC. 1102851781 DE SINCELEJO
B148: PROYECTO: | C148: ADECUACIONES DE GIMNASIO, SU BATERÍA DE BAÑOS Y LA TERRAZA ADYACENTES AL MISMO
B149: CONTRATISTA: | C149: RAMON ANDRES LOPEZ CAMARGO
B150: INTERVENTOR:
B152: MEMORÍA DE CANTIDADES PARA ACTA DE MODIFICACIONES Nro. 2
B154: CAPÍTULO: | C154: 2 | D154: PISOS, MUROS Y ENCHAPE: MAMPOSTERIA
B156: ITEM: | C156: 2.08 | D156: =+'BALANCE Nro 2'!B32 -> PINTURA KORAZA MUROS (2 MANOS) EXTERIORES | E156: #REF! | F156: #REF! | G156: #REF! | H156: #REF!
B157: UNIDAD: | C157: =+'BALANCE Nro 2'!C32 -> m2 | D157: #REF! | E157: #REF! | F157: #REF! | G157: #REF! | H157: #REF!
B158: Elementos/Ubicación | C158: Dimensiones | G158: % Expansión | H158: TOTAL
C159: Cantidad | D159: Largo (m) | E159: Ancho (m) | F159: Altura (m) | H159: =ROUNDUP(SUM(H160:H168),2) -> 73.81
B160: GYM LADO IZQ | C160: 1 | D160: 13.54 | F160: 2.5 | H160: =+C160*D160*F160 -> 33.85
B161: DESCUENTO VENTANAS | C161: -6 | D161: 1.18 | F161: 2.2 | H161: =+C161*D161*F161 -> -15.576
...

Sheet CANT CAP 3
B1: PROYECTO: | C1: ADECUACIONES DE GIMNASIO, SU BATERÍA DE BAÑOS Y LA TERRAZA ADYACENTES AL MISMO
B2: CONTRATISTA: | C2: RAMON ANDRES LOPEZ CAMARGO
B3: INTERVENTOR:
B5: MEMORÍA DE CANTIDADES PARA ACTA DE MODIFICACIONES Nro. 2
B7: CAPÍTULO: | C7: 3 | D7: =+'BALANCE Nro 2'!B33 -> INSTALACIONES ELECTRICAS
B9: ITEM: | C9: =+'BALANCE Nro 2'!A34 -> 3.01 | D9: =+'BALANCE Nro 2'!B34 -> SALIDA E INSTALACION DE TOMACORRIENTE DOBLE 15 AMP. INCLUYE MATERIALES E INSTALACION DE SALIDA ELECTRICA ACORDE AL RETIE | E9: #REF! | F9: #REF! | G9: #REF! | H9: #REF!
B10: UNIDAD: | C10: =+'BALANCE Nro 2'!C34 -> und | D10: #REF! | E10: #REF! | F10: #REF! | G10: #REF! | H10: #REF!
B11: Elementos/Ubicación | C11: Dimensiones | G11: % Expansión | H11: TOTAL
C12: Cantidad | D12: Largo (m) | E12: Ancho (m) | F12: Altura (m) | H12: =+H13+H14+H15 -> 15
B13: GYM | C13: 15 | H13: =+C13 -> 15
B20: Detalle:
B25: Firma:
B26: RAMON ANDRES LOPEZ CAMARGO
B27: CC. 1102851781 DE SINCELEJO

Sheet CANT CAP 5
B1: PROYECTO: | C1: ADECUACIONES DE GIMNASIO, SU BATERÍA DE BAÑOS Y LA TERRAZA ADYACENTES AL MISMO
B2: CONTRATISTA: | C2: RAMON ANDRES LOPEZ CAMARGO
B3: INTERVENTOR:
B5: MEMORÍA DE CANTIDADES PARA ACTA DE MODIFICACIONES Nro. 2
B7: CAPÍTULO: | C7: 5 | D7: =+'BALANCE Nro 2'!B45 -> EQUIPOS SANITARIOS
B9: ITEM: | C9: 5.01 | D9: =+'BALANCE Nro 2'!B46 -> LAVAMANOS INSTITUCIONAL SOBREPONER | E9: #REF! | F9: #REF! | G9: #REF! | H9: #REF!
B10: UNIDAD: | C10: und | D10: #REF! | E10: #REF! | F10: #REF! | G10: #REF! | H10: #REF!
B11: Elementos/Ubicación | C11: Dimensiones | G11: % Expansión | H11: TOTAL
C12: Cantidad | D12: Largo (m) | E12: Ancho (m) | F12: Altura (m) | H12: =+H13+H14+H15 -> 4
B13: BAÑO HOMBRE | C13: 2 | H13: =+C13 -> 2
B14: BAÑO MUJER | C14: 2 | H14: =+C14 -> 2
B20: Detalle:
B25: Firma:
B26: RAMON ANDRES LOPEZ CAMARGO
B27: CC. 1102851781 DE SINCELEJO
B29: PROYECTO: | C29: ADECUACIONES DE GIMNASIO, SU BATERÍA DE BAÑOS Y LA TERRAZA ADYACENTES AL MISMO
B30: CONTRATISTA: | C30: RAMON ANDRES LOPEZ CAMARGO
B31: INTERVENTOR:
B33: MEMORÍA DE CANTIDADES PARA ACTA DE MODIFICACIONES Nro. 2
B35: CAPÍTULO: | C35: 5 | D35: =+D7 -> EQUIPOS SANITARIOS
B37: ITEM: | C37: 5.02 | D37: =+'BALANCE Nro 2'!B47 -> GRIFO LAVAMANOS PUSH MESON ANTIVANDALICO | E37: #REF! | F37: #REF! | G37: #REF! | H37: #REF!
B38: UNIDAD: | C38: und | D38: #REF! | E38: #REF! | F38: #REF! | G38: #REF! | H38: #REF!
B39: Elementos/Ubicación | C39: Dimensiones | G39: % Expansión | H39: TOTAL
C40: Cantidad | D40: Largo (m) | E40: Ancho (m) | F40: Altura (m) | H40: =+H41+H42 -> 4
B41: BAÑO HOMBRE | C41: 2 | H41: =+C41 -> 2
B42: BAÑO MUJERES | C42: 2 | H42: =+C42 -> 2
B47: Detalle:
B52: Firma:
B53: RAMON ANDRES LOPEZ CAMARGO
B54: CC. 1102851781 DE SINCELEJO
B56: PROYECTO: | C56: ADECUACIONES DE GIMNASIO, SU BATERÍA DE BAÑOS Y LA TERRAZA ADYACENTES AL MISMO
B57: CONTRATISTA: | C57: RAMON ANDRES LOPEZ CAMARGO
B58: INTERVENTOR:
B60: MEMORÍA DE CANTIDADES PARA ACTA DE MODIFICACIONES Nro. 2
B62: CAPÍTULO: | C62: 5 | D62: =+D35 -> EQUIPOS SANITARIOS
B64: ITEM: | C64: 5.05 | D64: =+'BALANCE Nro 2'!B50 -> DUCHA SENCILLA ANTIVANDALICA (INCLUYE SUMINISTRO E INSTALACION) | E64: #REF! | F64: #REF! | G64: #REF! | H64: #REF!
B65: UNIDAD: | C65: =+'BALANCE Nro 2'!C50 -> und | D65: #REF! | E65: #REF! | F65: #REF! | G65: #REF! | H65: #REF!
B66: Elementos/Ubicación | C66: Dimensiones | G66: % Expansión | H66: TOTAL
C67: Cantidad | D67: Largo (m) | E67: Ancho (m) | F67: Altura (m) | H67: =+H68+H69 -> 2
B68: BAÑO HOMBRE | C68: 1 | H68: =+C68 -> 1
B69: BAÑO MUJERES | C69: 1 | H69: =+C69 -> 1
B75: Detalle:
B80: Firma:
B81: RAMON ANDRES LOPEZ CAMARGO
B82: CC. 1102851781 DE SINCELEJO

Sheet CANT CAP 6
B1: PROYECTO: | C1: ADECUACIONES DE GIMNASIO, SU BATERÍA DE BAÑOS Y LA TERRAZA ADYACENTES AL MISMO
B2: CONTRATISTA: | C2: RAMON ANDRES LOPEZ CAMARGO
B3: INTERVENTOR:
B5: MEMORÍA DE CANTIDADES PARA ACTA DE MODIFICACIONES Nro. 2
B7: CAPÍTULO: | C7: 6 | D7: =+'BALANCE Nro 2'!B52 -> PRELIMINARES
B9: ITEM: | C9: 6.01 | D9: =+'BALANCE Nro 2'!B53 -> DESMONTE TELA ASFALTICA | E9: #REF! | F9: #REF! | G9: #REF! | H9: #REF!
B10: UNIDAD: | C10: und | D10: #REF! | E10: #REF! | F10: #REF! | G10: #REF! | H10: #REF!
B11: Elementos/Ubicación | C11: Dimensiones | G11: % Expansión | H11: TOTAL
C12: Cantidad | D12: Largo (m) | E12: Ancho (m) | F12: Altura (m) | H12: =+H13+H14+H15 -> 15.1164
B13: MACHONES TERRAZA | C13: 27 | D13: 0.56 | E13: 0.595 | H13: =+C13*D13*E13 -> 8.9964
B14: RAMPAS | C14: 2 | D14: 2.55 | E14: 1.2 | H14: =+C14*D14*E14 -> 6.12
B20: Detalle:
B25: Firma:
B26: RAMON ANDRES LOPEZ CAMARGO
B27: CC. 1102851781 DE SINCELEJO

Sheet CANT CAP 7
B1: PROYECTO: | C1: ADECUACIONES DE GIMNASIO, SU BATERÍA DE BAÑOS Y LA TERRAZA ADYACENTES AL MISMO
B2: CONTRATISTA: | C2: RAMON ANDRES LOPEZ CAMARGO
B3: INTERVENTOR:
B5: MEMORÍA DE CANTIDADES PARA ACTA DE MODIFICACIONES Nro. 2
B7: CAPÍTULO: | C7: 7 | D7: =+'BALANCE Nro 2'!B55 -> PUSOS, MUROS Y ENCHAPES
B9: ITEM: | C9: 7.01 | D9: =+'BALANCE Nro 2'!B56 -> PISO EN GRAMA | E9: #REF! | F9: #REF! | G9: #REF! | H9: #REF!
B10: UNIDAD: | C10: =+'BALANCE Nro 2'!C56 -> m2 | D10: #REF! | E10: #REF! | F10: #REF! | G10: #REF! | H10: #REF!
B11: Elementos/Ubicación | C11: Dimensiones | G11: % Expansión | H11: TOTAL
C12: Cantidad | D12: Largo (m) | E12: Ancho (m) | F12: Altura (m) | H12: =+H13+H14+H15 -> 30
B13: TERRAZA | C13: 1 | D13: 6 | E13: 5 | H13: =+C13*D13*E13 -> 30
B20: Detalle:
B25: Firma:
B26: RAMON ANDRES LOPEZ CAMARGO
B27: CC. 1102851781 DE SINCELEJO

Sheet CANT CAP NP
B1: PROYECTO: | C1: ADECUACIONES DE GIMNASIO, SU BATERÍA DE BAÑOS Y LA TERRAZA ADYACENTES AL MISMO
B2: CONTRATISTA: | C2: RAMON ANDRES LOPEZ CAMARGO
B3: SUPERVISION: | C3: CONCEJO SUPERIOR DE LA JUDICATURA - SINCELEJO
B5: MEMORÍA DE CANTIDADES PARA ACTA DE MODIFICACIONES Nro. 1
B7: CAPÍTULO: | C7: =+'BALANCE Nro 2'!$A$61 -> NP | D7: =+'BALANCE Nro 2'!$B$61 -> ITEMS NO PREVISTOS
B9: ITEM: | C9: =+'BALANCE Nro 2'!$A$62 -> NP1 | D9: =+VLOOKUP(C9,'BALANCE Nro 2'!$A$62:$B$79,2,FALSE) -> SUMINISTRO E INSTALACION DE PUERTA EN LAMINA GALVANIZADA INCLUYE CERRADURA | E9: #REF! | F9: #REF! | G9: #REF! | H9: #REF!
B10: UNIDAD: | C10: =+VLOOKUP(C9,'BALANCE Nro 2'!$A$62:$C$79,3,FALSE) -> m2 | D10: #REF! | E10: #REF! | F10: #REF! | G10: #REF! | H10: #REF!
B11: Elementos/Ubicación | C11: Dimensiones | G11: % Expansión | H11: TOTAL
C12: Cantidad | D12: Largo (m) | E12: Ancho (m) | F12: Altura (m) | H12: =ROUNDUP(SUM(H13:H19),2) -> 7.56
B13: BAÑOS | C13: 6 | E13: 0.63 | F13: 2 | H13: =+C13*E13*F13 -> 7.56
B20: Detalle:
B25: Firma:
B26: RAMON ANDRES LOPEZ CAMARGO
B27: CC. 1102851781 DE SINCELEJO
B29: PROYECTO: | C29: ADECUACIONES DE GIMNASIO, SU BATERÍA DE BAÑOS Y LA TERRAZA ADYACENTES AL MISMO
B30: CONTRATISTA: | C30: RAMON ANDRES LOPEZ CAMARGO
B31: SUPERVISION: | C31: CONCEJO SUPERIOR DE LA JUDICATURA - SINCELEJO
B33: MEMORÍA DE CANTIDADES PARA ACTA DE MODIFICACIONES Nro. 1
B35: CAPÍTULO: | C35: =+'BALANCE Nro 2'!$A$61 -> NP | D35: =+'BALANCE Nro 2'!$B$61 -> ITEMS NO PREVISTOS
B37: ITEM: | C37: NP2 | D37: =+VLOOKUP(C37,'BALANCE Nro 2'!$A$62:$B$79,2,FALSE) -> SUMINISTRO E INSTALACION DE LAMPARAS LED DE INCRUSTAR DE 9W | E37: #REF! | F37: #REF! | G37: #REF! | H37: #REF!
B38: UNIDAD: | C38: =+VLOOKUP(C37,'BALANCE Nro 2'!$A$62:$C$79,3,FALSE) -> und | D38: #REF! | E38: #REF! | F38: #REF! | G38: #REF! | H38: #REF!
B39: Elementos/Ubicación | C39: Dimensiones | G39: % Expansión | H39: TOTAL
C40: Cantidad | D40: Largo (m) | E40: Ancho (m) | F40: Altura (m) | H40: =ROUNDUP(SUM(H41:H47),2) -> 16
B41: GYM | C41: 16 | H41: =+C41 -> 16
B48: Detalle:
B53: Firma:
B54: RAMON ANDRES LOPEZ CAMARGO
B55: CC. 1102851781 DE SINCELEJO
B57: PROYECTO: | C57: ADECUACIONES DE GIMNASIO, SU BATERÍA DE BAÑOS Y LA TERRAZA ADYACENTES AL MISMO
B58: CONTRATISTA: | C58: RAMON ANDRES LOPEZ CAMARGO
B59: SUPERVISION: | C59: CONCEJO SUPERIOR DE LA JUDICATURA - SINCELEJO
B61: MEMORÍA DE CANTIDADES PARA ACTA DE MODIFICACIONES Nro. 1
B63: CAPÍTULO: | C63: =+'BALANCE Nro 2'!$A$61 -> NP | D63: =+'BALANCE Nro 2'!$B$61 -> ITEMS NO PREVISTOS
B65: ITEM: | C65: NP3 | D65: =+VLOOKUP(C65,'BALANCE Nro 2'!$A$62:$B$79,2,FALSE) -> SUMINISTRO E INSTALACION DE LAMPARAS LED DE INCRUSTAR DE 18W | E65: #REF! | F65: #REF! | G65: #REF! | H65: #REF!
B66: UNIDAD: | C66: =+VLOOKUP(C65,'BALANCE Nro 2'!$A$62:$C$79,3,FALSE) -> und | D66: #REF! | E66: #REF! | F66: #REF! | G66: #REF! | H66: #REF!
B67: Elementos/Ubicación | C67: Dimensiones | G67: % Expansión | H67: TOTAL
C68: Cantidad | D68: Largo (m) | E68: Ancho (m) | F68: Altura (m) | H68: =ROUNDUP(SUM(H69:H75),2) -> 33
B69: GYM | C69: 21 | H69: =+C69 -> 21
B70: ZONA EXTERNA | C70: 8 | H70: =+C70 -> 8
B71: BAÑOS | C71: 4 | H71: =+C71 -> 4
B76: Detalle:
B81: Firma:
B82: RAMON ANDRES LOPEZ CAMARGO
B83: CC. 1102851781 DE SINCELEJO
B85: PROYECTO: | C85: ADECUACIONES DE GIMNASIO, SU BATERÍA DE BAÑOS Y LA TERRAZA ADYACENTES AL MISMO
B86: CONTRATISTA: | C86: RAMON ANDRES LOPEZ CAMARGO
B87: SUPERVISION: | C87: CONCEJO SUPERIOR DE LA JUDICATURA - SINCELEJO
B89: MEMORÍA DE CANTIDADES PARA ACTA DE MODIFICACIONES Nro. 1
B91: CAPÍTULO: | C91: =+'BALANCE Nro 2'!$A$61 -> NP | D91: =+'BALANCE Nro 2'!$B$61 -> ITEMS NO PREVISTOS
B93: ITEM: | C93: NP4 | D93: =+VLOOKUP(C93,'BALANCE Nro 2'!$A$62:$B$79,2,FALSE) -> SUMINISTRO E INSTALACION DE CINTA LED EN SILOCONA BLANCA | E93: #REF! | F93: #REF! | G93: #REF! | H93: #REF!
B94: UNIDAD: | C94: =+VLOOKUP(C93,'BALANCE Nro 2'!$A$62:$C$79,3,FALSE) -> m | D94: #REF! | E94: #REF! | F94: #REF! | G94: #REF! | H94: #REF!
B95: Elementos/Ubicación | C95: Dimensiones | G95: % Expansión | H95: TOTAL
C96: Cantidad | D96: Largo (m) | E96: Ancho (m) | F96: Altura (m) | H96: =ROUNDUP(SUM(H97:H103),2) -> 30
B97: GYM | D97: 30 | H97: =+D97 -> 30
B104: Detalle:
B109: Firma:
B110: RAMON ANDRES LOPEZ CAMARGO
B111: CC. 1102851781 DE SINCELEJO
B113: PROYECTO: | C113: ADECUACIONES DE GIMNASIO, SU BATERÍA DE BAÑOS Y LA TERRAZA ADYACENTES AL MISMO
B114: CONTRATISTA: | C114: RAMON ANDRES LOPEZ CAMARGO
B115: SUPERVISION: | C115: CONCEJO SUPERIOR DE LA JUDICATURA - SINCELEJO
B117: MEMORÍA DE CANTIDADES PARA ACTA DE MODIFICACIONES Nro. 1
B119: CAPÍTULO: | C119: =+'BALANCE Nro 2'!$A$61 -> NP | D119: =+'BALANCE Nro 2'!$B$61 -> ITEMS NO PREVISTOS
B121: ITEM: | C121: NP6 | D121: =+VLOOKUP(C121,'BALANCE Nro 2'!$A$62:$B$79,2,FALSE) -> SALIDA E INSTALACION DE INTERRUPTOR SENCILLO. INCLUYE MATERIALES E INSTALACION DE SALIDA ELECTRICA ACORDE AL RETIE | E121: #REF! | F121: #REF! | G121: #REF! | H121: #REF!
B122: UNIDAD: | C122: =+VLOOKUP(C121,'BALANCE Nro 2'!$A$62:$C$79,3,FALSE) -> und | D122: #REF! | E122: #REF! | F122: #REF! | G122: #REF! | H122: #REF!
B123: Elementos/Ubicación | C123: Dimensiones | G123: % Expansión | H123: TOTAL
C124: Cantidad | D124: Largo (m) | E124: Ancho (m) | F124: Altura (m) | H124: =ROUNDUP(SUM(H125:H131),2) -> 2
B125: BAÑOS | C125: 2 | H125: =+C125 -> 2
B132: Detalle:
B137: Firma:
B138: RAMON ANDRES LOPEZ CAMARGO
B139: CC. 1102851781 DE SINCELEJO
B141: PROYECTO: | C141: ADECUACIONES DE GIMNASIO, SU BATERÍA DE BAÑOS Y LA TERRAZA ADYACENTES AL MISMO
B142: CONTRATISTA: | C142: RAMON ANDRES LOPEZ CAMARGO
B143: SUPERVISION: | C143: CONCEJO SUPERIOR DE LA JUDICATURA - SINCELEJO
B145: MEMORÍA DE CANTIDADES PARA ACTA DE MODIFICACIONES Nro. 1
B147: CAPÍTULO: | C147: =+'BALANCE Nro 2'!$A$61 -> NP | D147: =+'BALANCE Nro 2'!$B$61 -> ITEMS NO PREVISTOS
B149: ITEM: | C149: NP7 | D149: =+VLOOKUP(C149,'BALANCE Nro 2'!$A$62:$B$79,2,FALSE) -> SUMINISTRO E INSTALACION DE TUBERIA CONDUIT PVC 1/2", INCLUYE CABLEADO 2F+1T+1N Y ACCESORIOS PARA SU CORRECTA APLICACIÓN | E149: #REF! | F149: #REF! | G149: #REF! | H149: #REF!
B150: UNIDAD: | C150: =+VLOOKUP(C149,'BALANCE Nro 2'!$A$62:$C$79,3,FALSE) -> m | D150: #REF! | E150: #REF! | F150: #REF! | G150: #REF! | H150: #REF!
B151: Elementos/Ubicación | C151: Dimensiones | G151: % Expansión | H151: TOTAL
C152: Cantidad | D152: Largo (m) | E152: Ancho (m) | F152: Altura (m) | H152: =ROUNDUP(SUM(H153:H159),2) -> 180
B153: GYM | D153: 180 | H153: =+D153 -> 180
B160: Detalle:
B165: Firma:
B166: RAMON ANDRES LOPEZ CAMARGO
B167: CC. 1102851781 DE SINCELEJO
B169: PROYECTO: | C169: ADECUACIONES DE GIMNASIO, SU BATERÍA DE BAÑOS Y LA TERRAZA ADYACENTES AL MISMO
B170: CONTRATISTA: | C170: RAMON ANDRES LOPEZ CAMARGO
B171: SUPERVISION: | C171: CONCEJO SUPERIOR DE LA JUDICATURA - SINCELEJO
B173: MEMORÍA DE CANTIDADES PARA ACTA DE MODIFICACIONES Nro. 1
B175: CAPÍTULO: | C175: =+'BALANCE Nro 2'!$A$61 -> NP | D175: =+'BALANCE Nro 2'!$B$61 -> ITEMS NO PREVISTOS
B177: ITEM: | C177: NP8 | D177: =+VLOOKUP(C177,'BALANCE Nro 2'!$A$62:$B$79,2,FALSE) -> SUMINISTRO E INSTALACION DE CURVAS PVC 1/2" | E177: #REF! | F177: #REF! | G177: #REF! | H177: #REF!
B178: UNIDAD: | C178: =+VLOOKUP(C177,'BALANCE Nro 2'!$A$62:$C$79,3,FALSE) -> und | D178: #REF! | E178: #REF! | F178: #REF! | G178: #REF! | H178: #REF!
B179: Elementos/Ubicación | C179: Dimensiones | G179: % Expansión | H179: TOTAL
C180: Cantidad | D180: Largo (m) | E180: Ancho (m) | F180: Altura (m) | H180: =ROUNDUP(SUM(H181:H187),2) -> 50
B181: GYM | C181: 50 | H181: =+C181 -> 50
B182: ,
B188: Detalle:
B193: Firma:
B194: RAMON ANDRES LOPEZ CAMARGO
...

Sheet CANT CAP NP2
B1: PROYECTO: | C1: ADECUACIONES DE GIMNASIO, SU BATERÍA DE BAÑOS Y LA TERRAZA ADYACENTES AL MISMO
B2: CONTRATISTA: | C2: RAMON ANDRES LOPEZ CAMARGO
B3: INTERVENTOR:
B5: MEMORÍA DE CANTIDADES PARA ACTA DE MODIFICACIONES Nro. 2
B7: CAPÍTULO: | C7: NP2 | D7: ITEMS NO PREVISTOS 2
B9: ITEM: | C9: NP2.1 | D9: =+'BALANCE Nro 2'!B83 -> SUMINISTRO E INSTALACION DE CALADOS H=80CM | E9: #REF! | F9: #REF! | G9: #REF! | H9: #REF!
B10: UNIDAD: | C10: m | D10: #REF! | E10: #REF! | F10: #REF! | G10: #REF! | H10: #REF!
B11: Elementos/Ubicación | C11: Dimensiones | G11: % Expansión | H11: TOTAL
C12: Cantidad | D12: Largo (m) | E12: Ancho (m) | F12: Altura (m) | H12: =+H13+H14+H15 -> 63
B13: TERRAZA GYM | C13: 1 | D13: 63 | H13: =+D13*C13 -> 63
B20: Detalle:
B25: Firma:
B26: RAMON ANDRES LOPEZ CAMARGO
B27: CC. 1102851781 DE SINCELEJO
B29: PROYECTO: | C29: ADECUACIONES DE GIMNASIO, SU BATERÍA DE BAÑOS Y LA TERRAZA ADYACENTES AL MISMO
B30: CONTRATISTA: | C30: RAMON ANDRES LOPEZ CAMARGO
B31: INTERVENTOR:
B33: MEMORÍA DE CANTIDADES PARA ACTA DE MODIFICACIONES Nro. 2
B35: CAPÍTULO: | C35: NP2 | D35: ITEMS NO PREVISTOS 2
B37: ITEM: | C37: NP2.2 | D37: =+'BALANCE Nro 2'!B84 -> MACHONES EN CONCRETO S=10X10 H=80CM INCLY ACERO Y ANCLAJE SOBRE PLACA | E37: #REF! | F37: #REF! | G37: #REF! | H37: #REF!
B38: UNIDAD: | C38: und | D38: #REF! | E38: #REF! | F38: #REF! | G38: #REF! | H38: #REF!
B39: Elementos/Ubicación | C39: Dimensiones | G39: % Expansión | H39: TOTAL
C40: Cantidad | D40: Largo (m) | E40: Ancho (m) | F40: Altura (m) | H40: =+H41+H42 -> 27
B41: TERRAZA GYM | C41: 27 | H41: =+C41 -> 27
B47: Detalle:
B52: Firma:
B53: RAMON ANDRES LOPEZ CAMARGO
B54: CC. 1102851781 DE SINCELEJO
B56: PROYECTO: | C56: ADECUACIONES DE GIMNASIO, SU BATERÍA DE BAÑOS Y LA TERRAZA ADYACENTES AL MISMO
B57: CONTRATISTA: | C57: RAMON ANDRES LOPEZ CAMARGO
B58: INTERVENTOR:
B60: MEMORÍA DE CANTIDADES PARA ACTA DE MODIFICACIONES Nro. 2
B62: CAPÍTULO: | C62: NP2 | D62: ITEMS NO PREVISTOS 2
B64: ITEM: | C64: NP2.3 | D64: =+'BALANCE Nro 2'!B85 -> ESTUCO SOBRE MUROS 3 MANOS | E64: #REF! | F64: #REF! | G64: #REF! | H64: #REF!
B65: UNIDAD: | C65: =+'BALANCE Nro 2'!C29 -> m2 | D65: #REF! | E65: #REF! | F65: #REF! | G65: #REF! | H65: #REF!
B66: Elementos/Ubicación | C66: Dimensiones | G66: % Expansión | H66: TOTAL
C67: Cantidad | D67: Largo (m) | E67: Ancho (m) | F67: Altura (m) | H67: =+H68+H69 -> 9.304
B68: BAÑO MUJERES | C68: 1 | D68: =2.95+2.92+2.92+2.95 -> 11.74 | F68: 0.4 | H68: =+C68*D68*F68 -> 4.696
B69: BAÑO HOMBRES | C69: 1 | D69: =2.84+2.84+2.92+2.92 -> 11.52 | F69: 0.4 | H69: =+C69*D69*F69 -> 4.608
B75: Detalle:
B80: Firma:
B81: RAMON ANDRES LOPEZ CAMARGO
B82: CC. 1102851781 DE SINCELEJO
B84: PROYECTO: | C84: ADECUACIONES DE GIMNASIO, SU BATERÍA DE BAÑOS Y LA TERRAZA ADYACENTES AL MISMO
B85: CONTRATISTA: | C85: RAMON ANDRES LOPEZ CAMARGO
B86: INTERVENTOR:
B88: MEMORÍA DE CANTIDADES PARA ACTA DE MODIFICACIONES Nro. 2
B90: CAPÍTULO: | C90: NP2 | D90: ITEMS NO PREVISTOS 2
B92: ITEM: | C92: NP2.4 | D92: =+'BALANCE Nro 2'!B86 -> SUMINISTRO E INSTALACION DE TELA ASFALTICA | E92: #REF! | F92: #REF! | G92: #REF! | H92: #REF!
B93: UNIDAD: | C93: m2 | D93: #REF! | E93: #REF! | F93: #REF! | G93: #REF! | H93: #REF!
B94: Elementos/Ubicación | C94: Dimensiones | G94: % Expansión | H94: TOTAL
C95: Cantidad | D95: Largo (m) | E95: Ancho (m) | F95: Altura (m) | H95: =+H96 -> 8.9964
B96: MACHONES TERRAZA | C96: 27 | D96: 0.56 | E96: 0.595 | H96: =+C96*D96*E96 -> 8.9964
B100: Detalle:
B105: Firma:
B106: RAMON ANDRES LOPEZ CAMARGO
B107: CC. 1102851781 DE SINCELEJO
B109: PROYECTO: | C109: ADECUACIONES DE GIMNASIO, SU BATERÍA DE BAÑOS Y LA TERRAZA ADYACENTES AL MISMO
B110: CONTRATISTA: | C110: RAMON ANDRES LOPEZ CAMARGO
B111: INTERVENTOR:
B113: MEMORÍA DE CANTIDADES PARA ACTA DE MODIFICACIONES Nro. 2
B115: CAPÍTULO: | C115: NP2 | D115: ITEMS NO PREVISTOS 2
B117: ITEM: | C117: NP2.5 | D117: =+'BALANCE Nro 2'!B87 -> SALIDA E INSTALACION DE INTERRUPTOR DOBLE. INCLUYE MATERIALES E INSTALACION DE SALIDA ELECTRICA ACORDE AL RETIE | E117: #REF! | F117: #REF! | G117: #REF! | H117: #REF!
B118: UNIDAD: | C118: und | D118: #REF! | E118: #REF! | F118: #REF! | G118: #REF! | H118: #REF!
B119: Elementos/Ubicación | C119: Dimensiones | G119: % Expansión | H119: TOTAL
C120: Cantidad | D120: Largo (m) | E120: Ancho (m) | F120: Altura (m) | H120: =+SUM(H121:H126) -> 3
B121: GYM | C121: 3 | H121: =+C121 -> 3
B128: Detalle:
B133: Firma:
B134: RAMON ANDRES LOPEZ CAMARGO
B135: CC. 1102851781 DE SINCELEJO
B137: PROYECTO: | C137: ADECUACIONES DE GIMNASIO, SU BATERÍA DE BAÑOS Y LA TERRAZA ADYACENTES AL MISMO
B138: CONTRATISTA: | C138: RAMON ANDRES LOPEZ CAMARGO
B139: INTERVENTOR:
B141: MEMORÍA DE CANTIDADES PARA ACTA DE MODIFICACIONES Nro. 2
B143: CAPÍTULO: | C143: NP2 | D143: ITEMS NO PREVISTOS 2
B145: ITEM: | C145: NP2.6 | D145: =+'BALANCE Nro 2'!B88 -> SUMINISTRO E INSTALACION DE BARANDA EN ACERO INOXIDABLE | E145: #REF! | F145: #REF! | G145: #REF! | H145: #REF!
B146: UNIDAD: | C146: m | D146: #REF! | E146: #REF! | F146: #REF! | G146: #REF! | H146: #REF!
B147: Elementos/Ubicación | C147: Dimensiones | G147: % Expansión | H147: TOTAL
C148: Cantidad | D148: Largo (m) | E148: Ancho (m) | F148: Altura (m) | H148: =+SUM(H149:H154) -> 3.4
B149: ACCESO GYM | C149: 2 | D149: 1.7 | H149: =+D149*C149 -> 3.4
B156: Detalle:
B161: Firma:
B162: RAMON ANDRES LOPEZ CAMARGO
B163: CC. 1102851781 DE SINCELEJO
B165: PROYECTO: | C165: ADECUACIONES DE GIMNASIO, SU BATERÍA DE BAÑOS Y LA TERRAZA ADYACENTES AL MISMO
B166: CONTRATISTA: | C166: RAMON ANDRES LOPEZ CAMARGO
B167: INTERVENTOR:
B169: MEMORÍA DE CANTIDADES PARA ACTA DE MODIFICACIONES Nro. 2
B171: CAPÍTULO: | C171: NP2 | D171: ITEMS NO PREVISTOS 2
B173: ITEM: | C173: NP2.7 | D173: =+'BALANCE Nro 2'!B89 -> SUMINISTRO E INSTALACION DE PUNTO HIDRAULICO 1/2". INCLUYE ACCESORIOS PARA SU CORRECTA INSTALACION | E173: #REF! | F173: #REF! | G173: #REF! | H173: #REF!
B174: UNIDAD: | C174: =+'BALANCE Nro 2'!C89 -> und | D174: #REF! | E174: #REF! | F174: #REF! | G174: #REF! | H174: #REF!
B175: Elementos/Ubicación | C175: Dimensiones | G175: % Expansión | H175: TOTAL
C176: Cantidad | D176: Largo (m) | E176: Ancho (m) | F176: Altura (m) | H176: =+SUM(H177:H182) -> 9
B177: BAÑOS | C177: 9 | H177: =+C177 -> 9
B184: Detalle:
B189: Firma:
B190: RAMON ANDRES LOPEZ CAMARGO
B191: CC. 1102851781 DE SINCELEJO
B193: PROYECTO: | C193: ADECUACIONES DE GIMNASIO, SU BATERÍA DE BAÑOS Y LA TERRAZA ADYACENTES AL MISMO
...

Sheet BALANCE Nro 2
G1: ACTA DE MODIFICACION Nro. 2 | K1: FECHA: 03/02/2025
G4: ADECUACIONES DE GIMNASIO, SU BATERÍA DE BAÑOS Y LA TERRAZA ADYACENTES AL MISMO.
A7: íTEM | B7: CONDICIONES ACTUALIZADAS SEGÚN ACTA DE MODIFICACION Nro. 1 | G7: CONDICIONES ACTUALIZADAS
B8: DESCRIPCIÓN | C8: UND | D8: CANT | E8: VAL. UNITARIO | F8: VAL. PARCIAL | G8: CANTIDADES | I8: VALORES | K8: CANT FINAL | L8: VALOR FINAL
G9: MENOR (-) | H9: MAYOR (+) | I9: MENORES (-) | J9: MAYORES (+)
A10: TORRE A -CUARTO PISO: ADECUACIÓN GIMNASIO
A11: 1 | B11: PRELIMINARES | F11: =+SUM(F12:F23) -> 2587390.2 | I11: =+SUM(I12:I23) -> 243811.39 | J11: =+SUM(J12:J23) -> 432985.41 | L11: =+SUM(L12:L23) -> 2776564.3
A12: =A11+0.01 -> 1.01 | B12: CERRAMIENTO PROVISIONAL EN MALLA PLASTICA VERDE H:2 M | C12: m | D12: 4.21 | E12: 2640 | F12: =+D12*E12 -> 11114.4 | G12: =+IF(D12>K12,D12-K12,0) -> 0 | H12: =+IF(D12>K12,0,K12-D12) -> 37.79 | I12: =+G12*E12 -> 0 | J12: =+H12*E12 -> 99765.6 | K12: =+'CANT CAP 1'!H12 -> 42 | L12: =+K12*E12 -> 110880
A13: =A12+0.01 -> 1.02 | B13: DESMONTE CIELO RASO EN LAMINA DE YESO CARTON | C13: m2 | D13: 152 | E13: 5280 | F13: =+D13*E13 -> 802560 | G13: =+IF(D13>K13,D13-K13,0) -> 5.6436 | H13: =+IF(D13>K13,0,K13-D13) -> 0 | I13: =+G13*E13 -> 29798.208 | J13: =+H13*E13 -> 0 | K13: =+'CANT CAP 1'!H40 -> 146.3564 | L13: =+K13*E13 -> 772761.79
A14: =A13+0.01 -> 1.03 | B14: DESMONTE Y ACARREO APARATOS SANIT. | C14: und | D14: 7 | E14: 33600 | F14: =+D14*E14 -> 235200 | G14: =+IF(D14>K14,D14-K14,0) -> 0 | H14: =+IF(D14>K14,0,K14-D14) -> 0 | I14: =+G14*E14 -> 0 | J14: =+H14*E14 -> 0 | K14: =+'CANT CAP 1'!H68 -> 7 | L14: =+K14*E14 -> 235200
A15: =A14+0.01 -> 1.04 | B15: DESMONTE Y ACARREO DE PUERTAS | C15: und | D15: 9 | E15: 24000 | F15: =+D15*E15 -> 216000 | G15: =+IF(D15>K15,D15-K15,0) -> 0 | H15: =+IF(D15>K15,0,K15-D15) -> 0 | I15: =+G15*E15 -> 0 | J15: =+H15*E15 -> 0 | K15: =+'CANT CAP 1'!H96 -> 9 | L15: =+K15*E15 -> 216000
A16: =A15+0.01 -> 1.05 | B16: DESMONTE DE VENTANAS INCLUYE VIDRIOS | C16: und | D16: 12 | E16: 26400 | F16: =+D16*E16 -> 316800 | G16: =+IF(D16>K16,D16-K16,0) -> 2 | H16: =+IF(D16>K16,0,K16-D16) -> 0 | I16: =+G16*E16 -> 52800 | J16: =+H16*E16 -> 0 | K16: =+'CANT CAP 1'!H124 -> 10 | L16: =+K16*E16 -> 264000
A17: =A16+0.01 -> 1.06 | B17: DEMOLICION DE ANDEN EN CONCRETO E=0.08 M | C17: m2 | D17: 0.5 | E17: 13200 | F17: =+D17*E17 -> 6600 | G17: =+IF(D17>K17,D17-K17,0) -> 0 | H17: =+IF(D17>K17,0,K17-D17) -> 17.0468 | I17: =+G17*E17 -> 0 | J17: =+H17*E17 -> 225017.76 | K17: =+'CANT CAP 1'!H152 -> 17.5468 | L17: =+K17*E17 -> 231617.76
A18: =A17+0.01 -> 1.07 | B18: DEMOLICION ENCHAPE | C18: m2 | D18: 89.91 | E18: 7920 | F18: =+D18*E18 -> 712087.2 | G18: =+IF(D18>K18,D18-K18,0) -> 18.0732 | H18: =+IF(D18>K18,0,K18-D18) -> 0 | I18: =+G18*E18 -> 143139.74 | J18: =+H18*E18 -> 0 | K18: =+'CANT CAP 1'!H180 -> 71.8368 | L18: =+K18*E18 -> 568947.46
A19: =A18+0.01 -> 1.08 | B19: TRAZADO Y REPLANTEO | C19: m | D19: 61.54 | E19: 2880 | F19: =+D19*E19 -> 177235.2 | G19: =+IF(D19>K19,D19-K19,0) -> 0 | H19: =+IF(D19>K19,0,K19-D19) -> 1.46 | I19: =+G19*E19 -> 0 | J19: =+H19*E19 -> 4204.8 | K19: =+'CANT CAP 1'!H212 -> 63 | L19: =+K19*E19 -> 181440
A20: =A19+0.01 -> 1.09 | B20: DEMOLICION MESON CONCRETO (INCLUYE RETIRO | C20: m | D20: 0 | E20: 34800 | F20: =+D20*E20 -> 0 | G20: =+IF(D20>K20,D20-K20,0) -> 0 | H20: =+IF(D20>K20,0,K20-D20) -> 0 | I20: =+G20*E20 -> 0 | J20: =+H20*E20 -> 0 | K20: 0 | L20: =+K20*E20 -> 0
A21: =A20+0.01 -> 1.1 | B21: RETIRO ESCOMBROS | C21: m3 | D21: 2.9 | E21: 18800 | F21: =+D21*E21 -> 54520 | G21: =+IF(D21>K21,D21-K21,0) -> 0 | H21: =+IF(D21>K21,0,K21-D21) -> 5.5317688 | I21: =+G21*E21 -> 0 | J21: =+H21*E21 -> 103997.25 | K21: =+'CANT CAP 1'!H239 -> 8.4317688 | L21: =+K21*E21 -> 158517.25
A22: =A21+0.01 -> 1.11 | B22: ESCARIFICACION PLANTILLA EXISTENTE | C22: m2 | D22: 6.846 | E22: 2640 | F22: =+D22*E22 -> 18073.44 | G22: =+IF(D22>K22,D22-K22,0) -> 6.846 | H22: =+IF(D22>K22,0,K22-D22) -> 0 | I22: =+G22*E22 -> 18073.44 | J22: =+H22*E22 -> 0 | K22: 0 | L22: =+K22*E22 -> 0
A23: =A22+0.01 -> 1.12 | B23: REGATAS SOBRE MUROS (INCLUYE RETIRO) | C23: m | D23: 10 | E23: 3720 | F23: =+D23*E23 -> 37200 | G23: =+IF(D23>K23,D23-K23,0) -> 0 | H23: =+IF(D23>K23,0,K23-D23) -> 0 | I23: =+G23*E23 -> 0 | J23: =+H23*E23 -> 0 | K23: 10 | L23: =+K23*E23 -> 37200
A24: 2 | B24: PISOS, MUROS Y ENCHAPE: MAMPOSTERIA | F24: =+SUM(F25:F32) -> 40815149 | I24: =+SUM(I25:I32) -> 10042246 | J24: =+SUM(J25:J32) -> 2878370.4 | L24: =+SUM(L25:L32) -> 33651274
A25: =+A24+0.01 -> 2.01 | B25: PISO EN CAUCHO E=1.00 CM | C25: m2 | D25: 0 | E25: 298375 | F25: =+D25*E25 -> 0 | G25: =+IF(D25>K25,D25-K25,0) -> 0 | H25: =+IF(D25>K25,0,K25-D25) -> 0 | I25: =+G25*E25 -> 0 | J25: =+H25*E25 -> 0 | K25: 0 | L25: =+K25*E25 -> 0
A26: =+A25+0.01 -> 2.02 | B26: PLANTILLA CONCRETO 3.000 PSI E=0.10 M. # 2 (CON REF.) | C26: m2 | D26: 6.85 | E26: 75302 | F26: =+D26*E26 -> 515818.7 | G26: =+IF(D26>K26,D26-K26,0) -> 0 | H26: =+IF(D26>K26,0,K26-D26) -> 16.1768 | I26: =+G26*E26 -> 0 | J26: =+H26*E26 -> 1218145.4 | K26: =+'CANT CAP 2'!H12 -> 23.0268 | L26: =+K26*E26 -> 1733964.1
A27: =+A26+0.01 -> 2.03 | B27: DIVISIONES BAÑO ACERO INOXIDABLE TAMBORADO | C27: m2 | D27: 12.24 | E27: 1185875 | F27: =+D27*E27 -> 14515110 | G27: =+IF(D27>K27,D27-K27,0) -> 0 | H27: =+IF(D27>K27,0,K27-D27) -> 1.4 | I27: =+G27*E27 -> 0 | J27: =+H27*E27 -> 1660225 | K27: =+'CANT CAP 2'!H40 -> 13.64 | L27: =+K27*E27 -> 16175335
A28: =+A27+0.01 -> 2.04 | B28: MESON CONCRETO 3.000 PSI 0.60x0.08 (INCLUYE REF N°3.) | C28: m | D28: 0 | E28: 93994 | F28: =+D28*E28 -> 0 | G28: =+IF(D28>K28,D28-K28,0) -> 0 | H28: =+IF(D28>K28,0,K28-D28) -> 0 | I28: =+G28*E28 -> 0 | J28: =+H28*E28 -> 0 | K28: 0 | L28: =+K28*E28 -> 0
A29: =+A28+0.01 -> 2.05 | B29: CIELO RASO PANEL YESO 12.7 MM | C29: m2 | D29: 152 | E29: 59193.258 | F29: =+D29*E29 -> 8997375.2 | G29: =+IF(D29>K29,D29-K29,0) -> 5.6436 | H29: =+IF(D29>K29,0,K29-D29) -> 0 | I29: =+G29*E29 -> 334063.07 | J29: =+H29*E29 -> 0 | K29: =+'CANT CAP 2'!H67 -> 146.3564 | L29: =+K29*E29 -> 8663312.1
A30: =+A29+0.01 -> 2.06 | B30: PINTURA VINILO MUROS (3 MANOS) INTERIORES | C30: m2 | D30: 381.12 | E30: 12286 | F30: =+D30*E30 -> 4682440.3 | G30: =+IF(D30>K30,D30-K30,0) -> 309.008 | H30: =+IF(D30>K30,0,K30-D30) -> 0 | I30: =+G30*E30 -> 3796472.3 | J30: =+H30*E30 -> 0 | K30: =+'CANT CAP 2'!H95 -> 72.112 | L30: =+K30*E30 -> 885968.03
A31: =+A30+0.01 -> 2.07 | B31: ENCHAPE CERAMICA 25x40 | C31: m2 | D31: 96.756 | E31: 83935.5 | F31: =+D31*E31 -> 8121263.2 | G31: =+IF(D31>K31,D31-K31,0) -> 34.2032 | H31: =+IF(D31>K31,0,K31-D31) -> 0 | I31: =+G31*E31 -> 2870862.7 | J31: =+H31*E31 -> 0 | K31: =+'CANT CAP 2'!H131 -> 62.5528 | L31: =+K31*E31 -> 5250400.5
A32: =+A31+0.01 -> 2.08 | B32: PINTURA KORAZA MUROS (2 MANOS) EXTERIORES | C32: m2 | D32: 312 | E32: 12766.48 | F32: =+D32*E32 -> 3983141.8 | G32: =+IF(D32>K32,D32-K32,0) -> 238.19 | H32: =+IF(D32>K32,0,K32-D32) -> 0 | I32: =+G32*E32 -> 3040847.9 | J32: =+H32*E32 -> 0 | K32: =+'CANT CAP 2'!H159 -> 73.81 | L32: =+K32*E32 -> 942293.89
A33: 3 | B33: INSTALACIONES ELECTRICAS | F33: =+SUM(F34:F40) -> 1181616 | I33: =+SUM(I34:I40) -> 73851 | J33: =+SUM(J34:J40) -> 0 | L33: =+SUM(L34:L40) -> 1107765
A34: =A33+0.01 -> 3.01 | B34: SALIDA E INSTALACION DE TOMACORRIENTE DOBLE 15 AMP. INCLUYE MATERIALES E INSTALACION DE SALIDA ELECTRICA ACORDE AL RETIE | C34: und | D34: 16 | E34: 73851 | F34: =+D34*E34 -> 1181616 | G34: =+IF(D34>K34,D34-K34,0) -> 1 | H34: =+IF(D34>K34,0,K34-D34) -> 0 | I34: =+G34*E34 -> 73851 | J34: =+H34*E34 -> 0 | K34: =+'CANT CAP 3'!H12 -> 15 | L34: =+K34*E34 -> 1107765
A35: =A34+0.01 -> 3.02 | B35: SALIDA E INSTALACION DE TOMACORRIENTE REGULADO DOBLE 15 AMP. INCLUYE MATERIALES E INSTALACION DE SALIDA ELECTRICA ACORDE AL RETIE | C35: und | D35: 0 | E35: 86591 | F35: =+D35*E35 -> 0 | G35: =+IF(D35>K35,D35-K35,0) -> 0 | H35: =+IF(D35>K35,0,K35-D35) -> 0 | I35: =+G35*E35 -> 0 | J35: =+H35*E35 -> 0 | K35: 0 | L35: =+K35*E35 -> 0
A36: =A35+0.01 -> 3.03 | B36: SUMINISTRO E INSTALACION DE INTERRUPTOR DOBLE. INCLUYE MATERIALES E INSTALACION DE SALIDA ELECTRICA ACORDE AL RETIE | C36: und | D36: 0 | E36: 71941 | F36: =+D36*E36 -> 0 | G36: =+IF(D36>K36,D36-K36,0) -> 0 | H36: =+IF(D36>K36,0,K36-D36) -> 0 | I36: =+G36*E36 -> 0 | J36: =+H36*E36 -> 0 | K36: 0 | L36: =+K36*E36 -> 0
A37: =A36+0.01 -> 3.04 | B37: SALIDA DE DATOS Y VOZ | C37: und | D37: 0 | E37: 40919.1 | F37: =+D37*E37 -> 0 | G37: =+IF(D37>K37,D37-K37,0) -> 0 | H37: =+IF(D37>K37,0,K37-D37) -> 0 | I37: =+G37*E37 -> 0 | J37: =+H37*E37 -> 0 | K37: 0 | L37: =+K37*E37 -> 0
A38: =A37+0.01 -> 3.05 | B38: LAMPARAS LED INSTALACION Y SUMINISTRO | C38: und | D38: 0 | E38: 104034 | F38: =+D38*E38 -> 0 | G38: =+IF(D38>K38,D38-K38,0) -> 0 | H38: =+IF(D38>K38,0,K38-D38) -> 0 | I38: =+G38*E38 -> 0 | J38: =+H38*E38 -> 0 | K38: 0 | L38: =+K38*E38 -> 0
A39: =A38+0.01 -> 3.06 | B39: SUMINISTRO E INSTALACION DE TUBERIA CONDUIT EMT 1/2" | C39: m | D39: 0 | E39: 15619 | F39: =+D39*E39 -> 0 | G39: =+IF(D39>K39,D39-K39,0) -> 0 | H39: =+IF(D39>K39,0,K39-D39) -> 0 | I39: =+G39*E39 -> 0 | J39: =+H39*E39 -> 0 | K39: 0 | L39: =+K39*E39 -> 0
A40: =A39+0.01 -> 3.07 | B40: PUNTO ELECTRICO ILUMINACION | C40: und | D40: 0 | E40: 98794 | F40: =+D40*E40 -> 0 | G40: =+IF(D40>K40,D40-K40,0) -> 0 | H40: =+IF(D40>K40,0,K40-D40) -> 0 | I40: =+G40*E40 -> 0 | J40: =+H40*E40 -> 0 | K40: 0 | L40: =+K40*E40 -> 0
A41: 4 | B41: PUERTAS Y VENTANAS | F41: =+SUM(F42:F44) -> 0 | I41: =+SUM(I42:I44) -> 0 | J41: =+SUM(J42:J44) -> 0 | L41: =+SUM(L42:L44) -> 0
A42: =A41+0.01 -> 4.01 | B42: VIDRIO TEMPLADO INCOLORO 8MM. INCLUYE INSTALACION | C42: m2 | D42: 0 | E42: 213552 | F42: =+D42*E42 -> 0 | G42: =+IF(D42>K42,D42-K42,0) -> 0 | H42: =+IF(D42>K42,0,K42-D42) -> 0 | I42: =+G42*E42 -> 0 | J42: =+H42*E42 -> 0 | K42: 0 | L42: =+K42*E42 -> 0
A43: =A42+0.01 -> 4.02 | B43: ESPEJO PARA BAÑO | C43: m2 | D43: 0 | E43: 190583 | F43: =+D43*E43 -> 0 | G43: =+IF(D43>K43,D43-K43,0) -> 0 | H43: =+IF(D43>K43,0,K43-D43) -> 0 | I43: =+G43*E43 -> 0 | J43: =+H43*E43 -> 0 | K43: 0 | L43: =+K43*E43 -> 0
A44: =A43+0.01 -> 4.03 | B44: ESPEJO CLARO 4 MM | C44: m2 | D44: 0 | E44: 110437 | F44: =+D44*E44 -> 0 | G44: =+IF(D44>K44,D44-K44,0) -> 0 | H44: =+IF(D44>K44,0,K44-D44) -> 0 | I44: =+G44*E44 -> 0 | J44: =+H44*E44 -> 0 | K44: 0 | L44: =+K44*E44 -> 0
A45: 5 | B45: EQUIPOS SANITARIOS | F45: =+SUM(F46:F50) -> 1943095 | I45: =+SUM(I46:I50) -> 475116 | J45: =+SUM(J46:J50) -> 0 | L45: =+SUM(L46:L50) -> 1467979
A46: =A45+0.01 -> 5.01 | B46: LAVAMANOS INSTITUCIONAL SOBREPONER | C46: und | D46: 4 | E46: 189105 | F46: =+D46*E46 -> 756420 | G46: =+IF(D46>K46,D46-K46,0) -> 0 | H46: =+IF(D46>K46,0,K46-D46) -> 0 | I46: =+G46*E46 -> 0 | J46: =+H46*E46 -> 0 | K46: =+'CANT CAP 5'!H12 -> 4 | L46: =+K46*E46 -> 756420
A47: =A46+0.01 -> 5.02 | B47: GRIFO LAVAMANOS PUSH MESON ANTIVANDALICO | C47: und | D47: 4 | E47: 149105 | F47: =+D47*E47 -> 596420 | G47: =+IF(D47>K47,D47-K47,0) -> 0 | H47: =+IF(D47>K47,0,K47-D47) -> 0 | I47: =+G47*E47 -> 0 | J47: =+H47*E47 -> 0 | K47: =+'CANT CAP 5'!H40 -> 4 | L47: =+K47*E47 -> 596420
A48: =A47+0.01 -> 5.03 | B48: SUMINISTRO E INSTALACIÓN DE ENCHAPE PARA PARED DE DUCHA | C48: m2 | D48: 0 | E48: 79186 | F48: =+D48*E48 -> 0 | G48: =+IF(D48>K48,D48-K48,0) -> 0 | H48: =+IF(D48>K48,0,K48-D48) -> 0 | I48: =+G48*E48 -> 0 | J48: =+H48*E48 -> 0 | K48: 0 | L48: =+K48*E48 -> 0
A49: =A48+0.01 -> 5.04 | B49: SUMINISTRO E INSTALACIÓN DE ENCHAPE PARA SALPICADERA LAVAMANOS | C49: m2 | D49: 6 | E49: 79186 | F49: =+D49*E49 -> 475116 | G49: =+IF(D49>K49,D49-K49,0) -> 6 | H49: =+IF(D49>K49,0,K49-D49) -> 0 | I49: =+G49*E49 -> 475116 | J49: =+H49*E49 -> 0 | K49: 0 | L49: =+K49*E49 -> 0
A50: =A49+0.01 -> 5.05 | B50: DUCHA SENCILLA ANTIVANDALICA (INCLUYE SUMINISTRO E INSTALACION) | C50: und | D50: 2 | E50: 57569.5 | F50: =+D50*E50 -> 115139 | G50: =+IF(D50>K50,D50-K50,0) -> 0 | H50: =+IF(D50>K50,0,K50-D50) -> 0 | I50: =+G50*E50 -> 0 | J50: =+H50*E50 -> 0 | K50: =+'CANT CAP 5'!H67 -> 2 | L50: =+K50*E50 -> 115139
E51: TORRE A -CUARTO PISO: TERRAZA
A52: 6 | B52: PRELIMINARES | F52: =+SUM(F53:F54) -> 134352 | I52: =+SUM(I53:I54) -> 25513.92 | J52: =+SUM(J53:J54) -> 0 | L52: =+SUM(L53:L54) -> 108838.08
A53: =+A52+0.01 -> 6.01 | B53: DESMONTE TELA ASFALTICA | C53: m2 | D53: 18.66 | E53: 7200 | F53: =+D53*E53 -> 134352 | G53: =+IF(D53>K53,D53-K53,0) -> 3.5436 | H53: =+IF(D53>K53,0,K53-D53) -> 0 | I53: =+G53*E53 -> 25513.92 | J53: =+H53*E53 -> 0 | K53: =+'CANT CAP 6'!H12 -> 15.1164 | L53: =+K53*E53 -> 108838.08
A54: =+A53+0.01 -> 6.02 | B54: DESMONTE AIRE ACONDICIONADO | C54: und | D54: 0 | E54: 6102 | F54: =+D54*E54 -> 0 | G54: =+IF(D54>K54,D54-K54,0) -> 0 | H54: =+IF(D54>K54,0,K54-D54) -> 0 | I54: =+G54*E54 -> 0 | J54: =+H54*E54 -> 0 | K54: 0 | L54: =+K54*E54 -> 0
A55: 7 | B55: PUSOS, MUROS Y ENCHAPES | F55: =+SUM(F56:F58) -> 1287510 | I55: =+SUM(I56:I58) -> 1287510 | J55: =+SUM(J56:J58) -> 0 | L55: =+SUM(L56:L58) -> 0
A56: =A55+0.01 -> 7.01 | B56: PISO EN GRAMA | C56: m2 | D56: 30 | E56: 42917 | F56: =+D56*E56 -> 1287510 | G56: =+IF(D56>K56,D56-K56,0) -> 30 | H56: =+IF(D56>K56,0,K56-D56) -> 0 | I56: =+G56*E56 -> 1287510 | J56: =+H56*E56 -> 0 | K56: 0 | L56: =+K56*E56 -> 0
A57: =A56+0.01 -> 7.02 | B57: LEVANTE CALADOS 50X50 | C57: m2 | D57: 0 | E57: 68217 | F57: =+D57*E57 -> 0 | G57: =+IF(D57>K57,D57-K57,0) -> 0 | H57: =+IF(D57>K57,0,K57-D57) -> 0 | I57: =+G57*E57 -> 0 | J57: =+H57*E57 -> 0 | K57: 0 | L57: =+K57*E57 -> 0
A58: =A57+0.01 -> 7.03 | B58: VIDRIO LAMINADO INCOLORO 8MM. INCLUYE INSTALACION | C58: m2 | D58: 0 | E58: 218200 | F58: =+D58*E58 -> 0 | G58: =+IF(D58>K58,D58-K58,0) -> 0 | H58: =+IF(D58>K58,0,K58-D58) -> 0 | I58: =+G58*E58 -> 0 | J58: =+H58*E58 -> 0 | K58: 0 | L58: =+K58*E58 -> 0
A59: 8 | B59: INSTALACIONES ELECTRICAS | F59: =+SUM(F60) -> 0 | I59: =+SUM(I60:I60) -> 0 | J59: =+SUM(J60:J60) -> 0 | L59: =+SUM(L60:L60) -> 0
A60: =A59+0.01 -> 8.01 | B60: LUMINARIA COLONIAL | C60: und | D60: 0 | E60: 369198 | F60: =+D60*E60 -> 0 | G60: =+IF(D60>K60,D60-K60,0) -> 0 | H60: =+IF(D60>K60,0,K60-D60) -> 0 | I60: =+G60*E60 -> 0 | J60: =+H60*E60 -> 0 | K60: 0 | L60: =+K60*E60 -> 0
A61: NP | B61: ITEMS NO PREVISTOS | F61: =+SUM(F62:F81) -> 74317097 | I61: =+SUM(I62:I81) -> 15397363 | J61: =+SUM(J62:J81) -> 1547106 | L61: =+SUM(L62:L81) -> 60466840
A62: NP1 | B62: SUMINISTRO E INSTALACION DE PUERTA EN LAMINA GALVANIZADA INCLUYE CERRADURA | C62: m2 | D62: 7.56 | E62: 1290875 | F62: =+D62*E62 -> 9759015 | G62: =+IF(D62>K62,D62-K62,0) -> 0 | H62: =+IF(D62>K62,0,K62-D62) -> 0 | I62: =+G62*E62 -> 0 | J62: =+H62*E62 -> 0 | K62: =+'CANT CAP NP'!H12 -> 7.56 | L62: =+K62*E62 -> 9759015
A63: NP2 | B63: SUMINISTRO E INSTALACION DE LAMPARAS LED DE INCRUSTAR DE 9W | C63: und | D63: 16 | E63: 75694 | F63: =+D63*E63 -> 1211104 | G63: =+IF(D63>K63,D63-K63,0) -> 0 | H63: =+IF(D63>K63,0,K63-D63) -> 0 | I63: =+G63*E63 -> 0 | J63: =+H63*E63 -> 0 | K63: =+'CANT CAP NP'!H40 -> 16 | L63: =+K63*E63 -> 1211104
A64: NP3 | B64: SUMINISTRO E INSTALACION DE LAMPARAS LED DE INCRUSTAR DE 18W | C64: und | D64: 24 | E64: 84194 | F64: =+D64*E64 -> 2020656 | G64: =+IF(D64>K64,D64-K64,0) -> 0 | H64: =+IF(D64>K64,0,K64-D64) -> 9 | I64: =+G64*E64 -> 0 | J64: =+H64*E64 -> 757746 | K64: =+'CANT CAP NP'!H68 -> 33 | L64: =+K64*E64 -> 2778402
A65: NP4 | B65: SUMINISTRO E INSTALACION DE CINTA LED EN SILOCONA BLANCA | C65: m | D65: 30 | E65: 17859 | F65: =+D65*E65 -> 535770 | G65: =+IF(D65>K65,D65-K65,0) -> 0 | H65: =+IF(D65>K65,0,K65-D65) -> 0 | I65: =+G65*E65 -> 0 | J65: =+H65*E65 -> 0 | K65: =+'CANT CAP NP'!H96 -> 30 | L65: =+K65*E65 -> 535770
A66: NP5 | B66: SALIDA E INSTALACION DE INTERRUPTOR TRIPLE. INCLUYE MATERIALES E INSTALACION DE SALIDA ELECTRICA ACORDE AL RETIE | C66: und | D66: 2 | E66: 85194 | F66: =+D66*E66 -> 170388 | G66: =+IF(D66>K66,D66-K66,0) -> 2 | H66: =+IF(D66>K66,0,K66-D66) -> 0 | I66: =+G66*E66 -> 170388 | J66: =+H66*E66 -> 0 | K66: 0 | L66: =+K66*E66 -> 0
A67: NP6 | B67: SALIDA E INSTALACION DE INTERRUPTOR SENCILLO. INCLUYE MATERIALES E INSTALACION DE SALIDA ELECTRICA ACORDE AL RETIE | C67: und | D67: 2 | E67: 76194 | F67: =+D67*E67 -> 152388 | G67: =+IF(D67>K67,D67-K67,0) -> 0 | H67: =+IF(D67>K67,0,K67-D67) -> 0 | I67: =+G67*E67 -> 0 | J67: =+H67*E67 -> 0 | K67: =+'CANT CAP NP'!H124 -> 2 | L67: =+K67*E67 -> 152388
A68: NP7 | B68: SUMINISTRO E INSTALACION DE TUBERIA CONDUIT PVC 1/2", INCLUYE CABLEADO 2F+1T+1N Y ACCESORIOS PARA SU CORRECTA APLICACIÓN | C68: m | D68: 150 | E68: 24559 | F68: =+D68*E68 -> 3683850 | G68: =+IF(D68>K68,D68-K68,0) -> 0 | H68: =+IF(D68>K68,0,K68-D68) -> 30 | I68: =+G68*E68 -> 0 | J68: =+H68*E68 -> 736770 | K68: =+'CANT CAP NP'!H152 -> 180 | L68: =+K68*E68 -> 4420620
A69: NP8 | B69: SUMINISTRO E INSTALACION DE CURVAS PVC 1/2" | C69: und | D69: 40 | E69: 5259 | F69: =+D69*E69 -> 210360 | G69: =+IF(D69>K69,D69-K69,0) -> 0 | H69: =+IF(D69>K69,0,K69-D69) -> 10 | I69: =+G69*E69 -> 0 | J69: =+H69*E69 -> 52590 | K69: =+'CANT CAP NP'!H180 -> 50 | L69: =+K69*E69 -> 262950
A70: NP9 | B70: SUMINISTRO E INSTALACION DE CAJAS DE PVC 4X4 | C70: und | D70: 57 | E70: 9773 | F70: =+D70*E70 -> 557061 | G70: =+IF(D70>K70,D70-K70,0) -> 5 | H70: =+IF(D70>K70,0,K70-D70) -> 0 | I70: =+G70*E70 -> 48865 | J70: =+H70*E70 -> 0 | K70: =+'CANT CAP NP'!H208 -> 52 | L70: =+K70*E70 -> 508196
A71: NP10 | B71: SUMINISTRO E INSTALACION DE TOMACORRIENTE DOBLE GFCI. INCLUYE MATERIALES E INSTALACION DE SALIDA ELECTRICA ACORDE AL RETIE | C71: und | D71: 2 | E71: 68329 | F71: =+D71*E71 -> 136658 | G71: =+IF(D71>K71,D71-K71,0) -> 0 | H71: =+IF(D71>K71,0,K71-D71) -> 0 | I71: =+G71*E71 -> 0 | J71: =+H71*E71 -> 0 | K71: =+'CANT CAP NP'!H236 -> 2 | L71: =+K71*E71 -> 136658
A72: NP11 | B72: SUMINISTRO E INSTALACION DE TABLERO ELECTRICO 12 CIRCUITOS. INCLUYE BREAKER Y MATERIALES ACORDE AL RETIE | C72: und | D72: 1 | E72: 527729 | F72: =+D72*E72 -> 527729 | G72: =+IF(D72>K72,D72-K72,0) -> 0 | H72: =+IF(D72>K72,0,K72-D72) -> 0 | I72: =+G72*E72 -> 0 | J72: =+H72*E72 -> 0 | K72: =+'CANT CAP NP'!H264 -> 1 | L72: =+K72*E72 -> 527729
A73: NP12 | B73: SUMINISTRO E INSTALACION DE SISTEMA DE SONIDO CON ALTAVOCES FIJOS Y CONSOLA AMPLIFICADORA. INCLY CABLEADO Y ACCESORIOS PARA SU CORRECTA APLICACIÓN | C73: und | D73: 1 | E73: 2885930 | F73: =+D73*E73 -> 2885930 | G73: =+IF(D73>K73,D73-K73,0) -> 0 | H73: =+IF(D73>K73,0,K73-D73) -> 0 | I73: =+G73*E73 -> 0 | J73: =+H73*E73 -> 0 | K73: =+'CANT CAP NP'!H292 -> 1 | L73: =+K73*E73 -> 2885930
A74: NP13 | B74: SUMINISTRO E INSTALACION DE VENTANAS CORREDIZAS SISTEMA 5020 | C74: m2 | D74: 25.96 | E74: 310000 | F74: =+D74*E74 -> 8047600 | G74: =+IF(D74>K74,D74-K74,0) -> 0 | H74: =+IF(D74>K74,0,K74-D74) -> 0 | I74: =+G74*E74 -> 0 | J74: =+H74*E74 -> 0 | K74: =+'CANT CAP NP'!H320 -> 25.96 | L74: =+K74*E74 -> 8047600
A75: NP14 | B75: REINSTALACION DE PUERTA. INCY CORTE SEGÚN NUEVAS MEDIADAS | C75: und | D75: 3 | E75: 175103.53 | F75: =+D75*E75 -> 525310.59 | G75: =+IF(D75>K75,D75-K75,0) -> 0 | H75: =+IF(D75>K75,0,K75-D75) -> 0 | I75: =+G75*E75 -> 0 | J75: =+H75*E75 -> 0 | K75: =+'CANT CAP NP'!H348 -> 3 | L75: =+K75*E75 -> 525310.59
A76: NP15 | B76: REUBICACION DE AIRES ACONDICIONADOS EN GYM. INCY TUBERIA DE COBRE, CABLEADO Y ACCESORIOS PAR A SU CORRECTA INSTALACION | C76: und | D76: 1 | E76: 2099487 | F76: =+D76*E76 -> 2099487 | G76: =+IF(D76>K76,D76-K76,0) -> 0 | H76: =+IF(D76>K76,0,K76-D76) -> 0 | I76: =+G76*E76 -> 0 | J76: =+H76*E76 -> 0 | K76: =+'CANT CAP NP'!H376 -> 1 | L76: =+K76*E76 -> 2099487
A77: NP16 | B77: CINTA ANTIDESLIZANTE PARA CARRIL DE TROTE | C77: m | D77: 59 | E77: 16773 | F77: =+D77*E77 -> 989607 | G77: =+IF(D77>K77,D77-K77,0) -> 59 | H77: =+IF(D77>K77,0,K77-D77) -> 0 | I77: =+G77*E77 -> 989607 | J77: =+H77*E77 -> 0 | K77: 0 | L77: =+K77*E77 -> 0
A78: NP17 | B78: BARANDA EN VIDRIO TEMPLADO INCOLORO 10MM. INCLUYE REGATA EN ALFAJIA Y ACCESORIOS PARA SU CORRECTA FIJACION | C78: m | D78: 3.4 | E78: 446249 | F78: =+D78*E78 -> 1517246.6 | G78: =+IF(D78>K78,D78-K78,0) -> 3.4 | H78: =+IF(D78>K78,0,K78-D78) -> 0 | I78: =+G78*E78 -> 1517246.6 | J78: =+H78*E78 -> 0 | K78: 0 | L78: =+K78*E78 -> 0
A79: NP18 | B79: SIEMBRA ORNMENTAL DE PLANTAS. INCLYTE MACETA | C79: und | D79: 8 | E79: 129642.55 | F79: =+D79*E79 -> 1037140.4 | G79: 0 | H79: =+IF(D79>K79,0,K79-D79) -> 0 | I79: =+G79*E79 -> 0 | J79: =+H79*E79 -> 0 | K79: 8 | L79: =+K79*E79 -> 1037140.4
A80: NP19 | B80: SUMINISTRO E INSTALACION DE CALADOS 19X39CM | C80: m2 | D80: 68 | E80: 186342 | F80: =+D80*E80 -> 12671256 | G80: =+IF(D80>K80,D80-K80,0) -> 68 | H80: =+IF(D80>K80,0,K80-D80) -> 0 | I80: =+G80*E80 -> 12671256 | J80: =+H80*E80 -> 0 | K80: 0 | L80: =+K80*E80 -> 0
A81: NP20 | B81: SUMINISTRO E INSTALACION DE PISO EN CAUCHO FLEXUBLE MODULAR AISLADOR ACUSTICO. INCLUYEN REMATES PARA DESNIVEL | C81: m2 | D81: 79.56 | E81: 321500 | F81: =+D81*E81 -> 25578540 | G81: =+IF(D81>K81,D81-K81,0) -> 0 | H81: =+IF(D81>K81,0,K81-D81) -> 0 | I81: =+G81*E81 -> 0 | J81: =+H81*E81 -> 0 | K81: =+'CANT CAP NP'!H404 -> 79.56 | L81: =+K81*E81 -> 25578540
A82: NP2 | B82: ITEMS NO PREVISTOS 2 | I82: =+SUM(I83:I88) -> 0 | J82: =+SUM(J83:J91) -> 15146777 | L82: =+SUM(L83:L98) -> 22686949
A83: NP2.1 | B83: SUMINISTRO E INSTALACION DE CALADOS H=80CM | C83: m | E83: =+'NP2.1'!M39 -> 186554 | G83: =+IF(D83>K83,D83-K83,0) -> 0 | H83: =+IF(D83>K83,0,K83-D83) -> 63 | I83: =+G83*E83 -> 0 | J83: =+H83*E83 -> 11752902 | K83: =+'CANT CAP NP2'!H12 -> 63 | L83: =+K83*E83 -> 11752902
A84: NP2.2 | B84: MACHONES EN CONCRETO S=10X10 H=80CM INCLY ACERO Y ANCLAJE SOBRE PLACA | C84: und | E84: =+'NP2.2'!M40 -> 49927 | G84: =+IF(D84>K84,D84-K84,0) -> 0 | H84: =+IF(D84>K84,0,K84-D84) -> 27 | I84: =+G84*E84 -> 0 | J84: =+H84*E84 -> 1348029 | K84: =+'CANT CAP NP2'!H40 -> 27 | L84: =+K84*E84 -> 1348029
A85: NP2.3 | B85: ESTUCO SOBRE MUROS 3 MANOS | C85: m2 | E85: =+'NP2.3'!M34 -> 17319 | G85: =+IF(D85>K85,D85-K85,0) -> 0 | H85: =+IF(D85>K85,0,K85-D85) -> 9.304 | I85: =+G85*E85 -> 0 | J85: =+H85*E85 -> 161135.98 | K85: =+'CANT CAP NP2'!H67 -> 9.304 | L85: =+K85*E85 -> 161135.98
A86: NP2.4 | B86: SUMINISTRO E INSTALACION DE TELA ASFALTICA | C86: m2 | E86: =+'NP2.4'!M35 -> 26292 | G86: =+IF(D86>K86,D86-K86,0) -> 0 | H86: =+IF(D86>K86,0,K86-D86) -> 8.9964 | I86: =+G86*E86 -> 0 | J86: =+H86*E86 -> 236533.35 | K86: =+'CANT CAP NP2'!H95 -> 8.9964 | L86: =+K86*E86 -> 236533.35
A87: NP2.5 | B87: SALIDA E INSTALACION DE INTERRUPTOR DOBLE. INCLUYE MATERIALES E INSTALACION DE SALIDA ELECTRICA ACORDE AL RETIE | C87: und | E87: =+'NP2.5'!L41 -> 81194 | G87: =+IF(D87>K87,D87-K87,0) -> 0 | H87: =+IF(D87>K87,0,K87-D87) -> 3 | I87: =+G87*E87 -> 0 | J87: =+H87*E87 -> 243582 | K87: =+'CANT CAP NP2'!H120 -> 3 | L87: =+K87*E87 -> 243582
A88: NP2.6 | B88: SUMINISTRO E INSTALACION DE BARANDA EN ACERO INOXIDABLE | C88: m | E88: 284005.52 | G88: =+IF(D88>K88,D88-K88,0) -> 0 | H88: =+IF(D88>K88,0,K88-D88) -> 3.4 | I88: =+G88*E88 -> 0 | J88: =+H88*E88 -> 965618.77 | K88: =+'CANT CAP NP2'!H148 -> 3.4 | L88: =+K88*E88 -> 965618.77
A89: NP2.7 | B89: SUMINISTRO E INSTALACION DE PUNTO HIDRAULICO 1/2". INCLUYE ACCESORIOS PARA SU CORRECTA INSTALACION | C89: und | E89: =+'NP2.7'!L44 -> 16522 | G89: =+IF(D89>K89,D89-K89,0) -> 0 | H89: =+IF(D89>K89,0,K89-D89) -> 9 | I89: =+G89*E89 -> 0 | J89: =+H89*E89 -> 148698 | K89: =+'CANT CAP NP2'!H176 -> 9 | L89: =+K89*E89 -> 148698
A90: NP2.8 | B90: SUMIINISTRO E INSTALACION DE PUNTO SANITARIO DE 2".INCLUYE ACCESORIOS PARA SU CORRECTA INSTALACION | C90: und | E90: =+'NP2.8'!L44 -> 27942 | G90: =+IF(D90>K90,D90-K90,0) -> 0 | H90: =+IF(D90>K90,0,K90-D90) -> 7 | I90: =+G90*E90 -> 0 | J90: =+H90*E90 -> 195594 | K90: =+'CANT CAP NP2'!H204 -> 7 | L90: =+K90*E90 -> 195594
A91: NP2.9 | B91: SUMIINISTRO E INSTALACION DE PUNTO SANITARIO DE 4".INCLUYE ACCESORIOS PARA SU CORRECTA INSTALACION | C91: und | E91: =+'NP2.9'!L44 -> 47342 | G91: =+IF(D91>K91,D91-K91,0) -> 0 | H91: =+IF(D91>K91,0,K91-D91) -> 2 | I91: =+G91*E91 -> 0 | J91: =+H91*E91 -> 94684 | K91: =+'CANT CAP NP2'!H232 -> 2 | L91: =+K91*E91 -> 94684
A92: NP2.10 | B92: SUMINISTRO E INSTALACION DE TUBERIA DE PRESION DE 1/2" | C92: m | E92: =+'NP2.10'!L44 -> 18524 | G92: =+IF(D92>K92,D92-K92,0) -> 0 | H92: =+IF(D92>K92,0,K92-D92) -> 18 | I92: =+G92*E92 -> 0 | J92: =+H92*E92 -> 333432 | K92: =+'CANT CAP NP2'!H260 -> 18 | L92: =+K92*E92 -> 333432
A93: NP2.11 | B93: SUMINISTRO E INSTALACION DE TUBERIA SANITARIA DE 2" | C93: m | E93: =+'NP2.11'!L44 -> 22024 | G93: =+IF(D93>K93,D93-K93,0) -> 0 | H93: =+IF(D93>K93,0,K93-D93) -> 12 | I93: =+G93*E93 -> 0 | J93: =+H93*E93 -> 264288 | K93: =+'CANT CAP NP2'!H288 -> 12 | L93: =+K93*E93 -> 264288
A94: NP2.12 | B94: SUMINISTRO E INSTALACION DE TUBERIA SANITARIA DE 4" | C94: m | E94: =+'NP2.12'!L44 -> 43434 | G94: =+IF(D94>K94,D94-K94,0) -> 0 | H94: =+IF(D94>K94,0,K94-D94) -> 2 | I94: =+G94*E94 -> 0 | J94: =+H94*E94 -> 86868 | K94: =+'CANT CAP NP2'!H316 -> 2 | L94: =+K94*E94 -> 86868
A95: NP2.13 | B95: RECOSTRUCCION DE MARCOS PARA VENTANAS, INCLUYE ESTRUCTURA | C95: m | E95: =+'NP2.13'!L43 -> 18073.5 | G95: =+IF(D95>K95,D95-K95,0) -> 0 | H95: =+IF(D95>K95,0,K95-D95) -> 67.6 | I95: =+G95*E95 -> 0 | J95: =+H95*E95 -> 1221768.6 | K95: =+'CANT CAP NP2'!H344 -> 67.6 | L95: =+K95*E95 -> 1221768.6
A96: NP2.14 | B96: ESTUCO Y PINTURA PARA FILOS DE VANTANA | C96: m | E96: =+'NP2.14'!L44 -> 5973 | G96: =+IF(D96>K96,D96-K96,0) -> 0 | H96: =+IF(D96>K96,0,K96-D96) -> 67.6 | I96: =+G96*E96 -> 0 | J96: =+H96*E96 -> 403774.8 | K96: =+'CANT CAP NP2'!H372 -> 67.6 | L96: =+K96*E96 -> 403774.8
A97: NP2.15 | B97: LEVANTE DE MURO EN PANEL DE ETERBOARD 8MM INCLUYE ESTRUCTURA | C97: m2 | E97: =+'NP2.15'!L48 -> 63027.33 | G97: =+IF(D97>K97,D97-K97,0) -> 0 | H97: 62.5528 | I97: =+G97*E97 -> 0 | J97: =+H97*E97 -> 3942536 | K97: =+'CANT CAP NP2'!H400 -> 62.552714 | L97: =+K97*E97 -> 3942530.5
A98: NP2.16 | B98: SUMINISTRO E INSTALACION DE ESPEJO FLOTANTE KRISTAL | C98: m2 | E98: =+'NP2.16'!L41 -> 153275 | G98: =+IF(D98>K98,D98-K98,0) -> 0 | H98: =+IF(D98>K98,0,K98-D98) -> 8.4 | I98: =+G98*E98 -> 0 | J98: =+H98*E98 -> 1287510 | K98: =+'CANT CAP NP2'!H428 -> 8.4 | L98: =+K98*E98 -> 1287510
A101: A | B101: COSTO DIRECTO | F101: =+F11+F24+F33+F41+F45+F52+F55+F59+F61 -> 1.2226621e+08 | I101: =+I11+I24+I33+I41+I45+I52+I55+I59+I61 -> 27545411 | J101: =+J11+J24+J33+J41+J45+J52+J55+J59+J61 -> 4858461.8 | L101: =+L61+L59+L55+L52+L45+L41+L33+L24+L11+L82 -> 1.2226621e+08
A102: B | B102: ADMINISTRACIÓN | E102: 0.15 | F102: =+$F$101*E102 -> 18339931 | I102: =+$I$101*E102 -> 4131811.6 | J102: =+$J$101*E102 -> 728769.27 | L102: =+$L$101*E102 -> 18339931
A103: C | B103: IMPREVISTOS | E103: 0.01 | F103: =+$F$101*E103 -> 1222662.1 | I103: =+$I$101*E103 -> 275454.11 | J103: =+$J$101*E103 -> 48584.618 | L103: =+$L$101*E103 -> 1222662.1
A104: D | B104: UTILIDAD | E104: 0.03 | F104: =+$F$101*E104 -> 3667986.3 | I104: =+$I$101*E104 -> 826362.33 | J104: =+$J$101*E104 -> 145753.85 | L104: =+$L$101*E104 -> 3667986.3
A105: E | B105: PLAN DE MANEJO AMBIENTAL | E105: 0.02 | F105: =+E105*F101 -> 2445324.2 | I105: =+$I$101*E105 -> 550908.22 | J105: =+$J$101*E105 -> 97169.236 | L105: =+$L$101*E105 -> 2445324.2
A106: F | B106: IVA SOBRE LA UTILIDAD | E106: 0.19 | F106: =+F104*E106 -> 696917.39 | I106: =+$I$104*E106 -> 157008.84 | J106: =+$J$104*E106 -> 27693.232 | L106: =+$L$104*E106 -> 696917.39
...

Sheet NP2.1
G1: =[2]Datosproyecto!B2 -> Consejo Superior de la Judicatura Dirección Seccional de Administración Judicial Sincelejo – Sucre
G2: =[2]Datosproyecto!B1 -> ADECUACIONES DE GIMNASIO, SU BATERÍA DE BAÑOS Y LA TERRAZA ADYACENTES AL MISMO.
A3: ANALISIS DE PRECIOS UNITARIOS | I3: FECHA | K3: DD | L3: MM | M3: AAAA
K4: 3 | L4: 2 | M4: 2025
A6: ITEM | B6: DESCRIPCIÓN | K6: UNIDAD | M6: CANTIDAD
A7: =+'BALANCE Nro 2'!A83 -> NP2.1 | B7: =+'BALANCE Nro 2'!B83 -> SUMINISTRO E INSTALACION DE CALADOS H=80CM | K7: =+'BALANCE Nro 2'!C83 -> m | M7: =+'BALANCE Nro 2'!K83 -> 63
A8: I. EQUIPO
A9: Descripción | H9: Tipo | I9: Tarifa/Hora | J9: Rendimiento | K9: Valor-Unit.
H10: =+IF(A10="","",VLOOKUP(A10,[3]EQUIPO!$C$8:E196,2,FALSE)) | I10: =+IF(A10="","",VLOOKUP(A10,[3]EQUIPO!$C$8:E249,3,FALSE)) | K10: =+IF($A10="","",ROUND(I10/J10,0))
H11: =+IF(A11="","",VLOOKUP(A11,[3]EQUIPO!$C$8:E197,2,FALSE)) | I11: =+IF(A11="","",VLOOKUP(A11,[3]EQUIPO!$C$8:E250,3,FALSE)) | K11: =+IF($A11="","",ROUND(I11/J11,0))
H12: =+IF(A12="","",VLOOKUP(A12,[3]EQUIPO!$C$8:E198,2,FALSE)) | I12: =+IF(A12="","",VLOOKUP(A12,[3]EQUIPO!$C$8:E251,3,FALSE)) | K12: =+IF($A12="","",ROUND(I12/J12,0))
H13: =+IF(A13="","",VLOOKUP(A13,[3]EQUIPO!$C$8:E199,2,FALSE)) | I13: =+IF(A13="","",VLOOKUP(A13,[3]EQUIPO!$C$8:E252,3,FALSE)) | K13: =+IF($A13="","",ROUND(I13/J13,0))
H14: =+IF(A14="","",VLOOKUP(A14,[3]EQUIPO!$C$8:E200,2,FALSE)) | I14: =+IF(A14="","",VLOOKUP(A14,[3]EQUIPO!$C$8:E253,3,FALSE)) | K14: =+IF($A14="","",ROUND(I14/J14,0))
H15: =+IF(A15="","",VLOOKUP(A15,[3]EQUIPO!$C$8:E201,2,FALSE)) | I15: =+IF(A15="","",VLOOKUP(A15,[3]EQUIPO!$C$8:E254,3,FALSE)) | K15: =+IF($A15="","",ROUND(I15/J15,0))
A16: HERRAMIENTAS MENORES | H16: % | I16: 0.1 | K16: =+ROUND(I16*M37,0) -> 1403
A17: Sub-Total | L17: =SUM(K10:K16) -> 1403
A18: II. MATERIALES EN OBRA
A19: Descripción | H19: Unidad | I19: Precio-Unit. | J19: Cantidad | K19: Valor-Unit.
A20: CALADOS H=80CM | H20: ml | I20: 171116.96 | J20: 1 | K20: =+IF($A20="","",ROUND(I20*J20,0)) -> 171117
H21: =+IF($A21="","",VLOOKUP($A21,[3]MATERIALES!$C$8:E1331,2,FALSE)) | I21: =+IF($A21="","",VLOOKUP($A21,[3]MATERIALES!$C$8:E1331,3,FALSE)) | K21: =+IF($A21="","",ROUND(I21*J21,0))
H22: =+IF($A22="","",VLOOKUP($A22,[3]MATERIALES!$C$8:E1332,2,FALSE)) | I22: =+IF($A22="","",VLOOKUP($A22,[3]MATERIALES!$C$8:E1332,3,FALSE)) | K22: =+IF($A22="","",ROUND(I22*J22,0))
H23: =+IF($A23="","",VLOOKUP($A23,[3]MATERIALES!$C$8:E1333,2,FALSE)) | I23: =+IF($A23="","",VLOOKUP($A23,[3]MATERIALES!$C$8:E1333,3,FALSE)) | K23: =+IF($A23="","",ROUND(I23*J23,0))
A24: Sub-Total | L24: =SUM(K20:K23) -> 171117
A25: III. TRANSPORTES
A26: Material | H26: Unidad | I26: Cantidad | J26: Distancia | K26: Tarifa | L26: Valor-Unit.
H27: =+IF($A27="","",VLOOKUP($A27,[3]TRANSPORTE!$C8:E$8,2,FALSE)) | K27: =+IF($A27="","",VLOOKUP($A27,[3]TRANSPORTE!C6:E9,3,FALSE)) | L27: =+IF($A27="","",ROUND(J27*K27*I27,2))
H28: =+IF($A28="","",VLOOKUP($A28,[4]TRANS!C7:E36,2,FALSE)) | K28: =+IF($A28="","",VLOOKUP($A28,[4]TRANS!F7:H36,3,FALSE))
H29: =+IF($A29="","",VLOOKUP($A29,[4]TRANS!C8:E37,2,FALSE)) | K29: =+IF($A29="","",VLOOKUP($A29,[4]TRANS!F8:H37,3,FALSE))
A30: Sub-Total | M30: =SUM(L27:L29) -> 0
A31: IV. MANO DE OBRA
A32: Descripcion | I32: CUAD | J32: Jornal + Prestaciones (85%) | K32: Rendimiento | L32: Valor-Unit.
A33: CUADRILLA DE INSTALACIONES | I33: =+IF($A33="","",VLOOKUP($A33,[3]M.O!$J$61:$L$68,2,FALSE)) -> CUA8 | J33: =+IF($A33="","",VLOOKUP($A33,[3]M.O!$J$61:$L$68,3,FALSE)) -> 280676 | K33: 20 | L33: =+IF($A33="","",ROUND((J33/K33),0)) -> 14034
I34: =+IF($A34="","",VLOOKUP($A34,[4]M.O!J60:L80,2,FALSE)) | J34: =+IF($A34="","",VLOOKUP($A34,[4]M.O!J60:L122,3,FALSE)) | L34: =+IF($A34="","",ROUND((J34/K34),2))
I35: =+IF($A35="","",VLOOKUP($A35,[4]M.O!J61:L81,2,FALSE)) | J35: =+IF($A35="","",VLOOKUP($A35,[4]M.O!J61:L123,3,FALSE)) | L35: =+IF($A35="","",ROUND((J35/K35),2))
I36: =+IF($A36="","",VLOOKUP($A36,[4]M.O!J62:L82,2,FALSE)) | J36: =+IF($A36="","",VLOOKUP($A36,[4]M.O!J62:L124,3,FALSE)) | L36: =+IF($A36="","",ROUND((J36/K36),2))
L37: Sub-Total | M37: =SUM(L33:L36) -> 14034
A39: Total Costo Directo | M39: =ROUND(L17+L24+M30+M37,0) -> 186554
O41: 186553.91
O43: 186553.91
D46: RAMON LOPEZ CAMARGO
D47: CC, 1102851781
D48: CONTRATISTA DE OBRA

Sheet NP2.2
G1: =[2]Datosproyecto!B2 -> Consejo Superior de la Judicatura Dirección Seccional de Administración Judicial Sincelejo – Sucre
G2: =[2]Datosproyecto!B1 -> ADECUACIONES DE GIMNASIO, SU BATERÍA DE BAÑOS Y LA TERRAZA ADYACENTES AL MISMO.
A3: ANALISIS DE PRECIOS UNITARIOS | I3: FECHA | K3: DD | L3: MM | M3: AAAA
K4: 3 | L4: 2 | M4: 2025
A6: ITEM | B6: DESCRIPCIÓN | K6: UNIDAD | M6: CANTIDAD
A7: =+'BALANCE Nro 2'!A84 -> NP2.2 | B7: =+'BALANCE Nro 2'!B84 -> MACHONES EN CONCRETO S=10X10 H=80CM INCLY ACERO Y ANCLAJE SOBRE PLACA | K7: =+'BALANCE Nro 2'!C84 -> und | M7: =+'BALANCE Nro 2'!K84 -> 27
A8: I. EQUIPO
A9: Descripción | H9: Tipo | I9: Tarifa/Hora | J9: Rendimiento | K9: Valor-Unit.
A10: FORMALETA | H10: INS | I10: 3000 | J10: 1 | K10: =+IF($A10="","",ROUND(I10/J10,0)) -> 3000
H11: =+IF(A11="","",VLOOKUP(A11,[3]EQUIPO!$C$8:E198,2,FALSE)) | I11: =+IF(A11="","",VLOOKUP(A11,[3]EQUIPO!$C$8:E251,3,FALSE)) | K11: =+IF($A11="","",ROUND(I11/J11,0))
H12: =+IF(A12="","",VLOOKUP(A12,[3]EQUIPO!$C$8:E199,2,FALSE)) | I12: =+IF(A12="","",VLOOKUP(A12,[3]EQUIPO!$C$8:E252,3,FALSE)) | K12: =+IF($A12="","",ROUND(I12/J12,0))
H13: =+IF(A13="","",VLOOKUP(A13,[3]EQUIPO!$C$8:E200,2,FALSE)) | I13: =+IF(A13="","",VLOOKUP(A13,[3]EQUIPO!$C$8:E253,3,FALSE)) | K13: =+IF($A13="","",ROUND(I13/J13,0))
H14: =+IF(A14="","",VLOOKUP(A14,[3]EQUIPO!$C$8:E201,2,FALSE)) | I14: =+IF(A14="","",VLOOKUP(A14,[3]EQUIPO!$C$8:E254,3,FALSE)) | K14: =+IF($A14="","",ROUND(I14/J14,0))
A15: HERRAMIENTAS MENORES | H15: % | I15: 0.1 | K15: =+ROUND(I15*M38,0) -> 1871
A16: Sub-Total | L16: =SUM(K10:K15) -> 4871
A17: II. MATERIALES EN OBRA
A18: Descripción | H18: Unidad | I18: Precio-Unit. | J18: Cantidad | K18: Valor-Unit.
A19: ALAMBRE NEGRO # 18 | H19: kg | I19: 9330 | J19: 0.3 | K19: =+IF($A19="","",ROUND(I19*J19,0)) -> 2799
A20: PUNTILLA 1-1/2`` A 3-1/2`` | H20: paq | I20: 5377 | J20: 0.5 | K20: =+IF($A20="","",ROUND(I20*J20,0)) -> 2689
A21: VARILLA 3/8 LEG 9.5 DDCO | H21: Unidad | I21: 15000 | J21: 0.3 | K21: =+IF($A21="","",ROUND(I21*J21,0)) -> 4500
A22: VARILLA 1/4 LEG | H22: Unidad | I22: 12000 | J22: 0.3 | K22: =+IF($A22="","",ROUND(I22*J22,0)) -> 3600
A23: SIKA ANCLAJE | H23: Unidad | I23: 95000 | J23: 0.1 | K23: =+IF($A23="","",ROUND(I23*J23,0)) -> 9500
A24: CONCRETO 3.000 PSI EN OBRA | H24: m3 | I24: 407000 | J24: =0.8*0.1*0.1 -> 0.008 | K24: =+IF($A24="","",ROUND(I24*J24,0)) -> 3256
A25: Sub-Total | L25: =SUM(K19:K24) -> 26344
A26: III. TRANSPORTES
A27: Material | H27: Unidad | I27: Cantidad | J27: Distancia | K27: Tarifa | L27: Valor-Unit.
H28: =+IF($A28="","",VLOOKUP($A28,[3]TRANSPORTE!$C8:E$8,2,FALSE)) | K28: =+IF($A28="","",VLOOKUP($A28,[3]TRANSPORTE!C6:E9,3,FALSE)) | L28: =+IF($A28="","",ROUND(J28*K28*I28,2))
H29: =+IF($A29="","",VLOOKUP($A29,[4]TRANS!C7:E36,2,FALSE)) | K29: =+IF($A29="","",VLOOKUP($A29,[4]TRANS!F7:H36,3,FALSE))
H30: =+IF($A30="","",VLOOKUP($A30,[4]TRANS!C8:E37,2,FALSE)) | K30: =+IF($A30="","",VLOOKUP($A30,[4]TRANS!F8:H37,3,FALSE))
A31: Sub-Total | M31: =SUM(L28:L30) -> 0
A32: IV. MANO DE OBRA
A33: Descripcion | I33: CUAD | J33: Jornal + Prestaciones (85%) | K33: Rendimiento | L33: Valor-Unit.
A34: CUADRILLA DE INSTALACIONES | I34: =+IF($A34="","",VLOOKUP($A34,[3]M.O!$J$61:$L$68,2,FALSE)) -> CUA8 | J34: =+IF($A34="","",VLOOKUP($A34,[3]M.O!$J$61:$L$68,3,FALSE)) -> 280676 | K34: 15 | L34: =+IF($A34="","",ROUND((J34/K34),0)) -> 18712
I35: =+IF($A35="","",VLOOKUP($A35,[4]M.O!J60:L80,2,FALSE)) | J35: =+IF($A35="","",VLOOKUP($A35,[4]M.O!J60:L122,3,FALSE)) | L35: =+IF($A35="","",ROUND((J35/K35),2))
I36: =+IF($A36="","",VLOOKUP($A36,[4]M.O!J61:L81,2,FALSE)) | J36: =+IF($A36="","",VLOOKUP($A36,[4]M.O!J61:L123,3,FALSE)) | L36: =+IF($A36="","",ROUND((J36/K36),2))
I37: =+IF($A37="","",VLOOKUP($A37,[4]M.O!J62:L82,2,FALSE)) | J37: =+IF($A37="","",VLOOKUP($A37,[4]M.O!J62:L124,3,FALSE)) | L37: =+IF($A37="","",ROUND((J37/K37),2))
L38: Sub-Total | M38: =SUM(L34:L37) -> 18712
A40: Total Costo Directo | M40: =ROUND(L16+L25+M31+M38,0) -> 49927
D47: RAMON LOPEZ CAMARGO
D48: CC, 1102851781
D49: CONTRATISTA DE OBRA

Sheet NP2.3
G1: =[2]Datosproyecto!B2 -> Consejo Superior de la Judicatura Dirección Seccional de Administración Judicial Sincelejo – Sucre
G2: =[2]Datosproyecto!B1 -> ADECUACIONES DE GIMNASIO, SU BATERÍA DE BAÑOS Y LA TERRAZA ADYACENTES AL MISMO.
A3: ANALISIS DE PRECIOS UNITARIOS | I3: FECHA | K3: DD | L3: MM | M3: AAAA
K4: 3 | L4: 2 | M4: 2025
A6: ITEM | B6: DESCRIPCIÓN | K6: UNIDAD | M6: CANTIDAD
A7: =+'BALANCE Nro 2'!A85 -> NP2.3 | B7: =+'BALANCE Nro 2'!B85 -> ESTUCO SOBRE MUROS 3 MANOS | K7: =+'BALANCE Nro 2'!C85 -> m2 | M7: =+'BALANCE Nro 2'!K85 -> 9.304
A8: I. EQUIPO
A9: Descripción | H9: Tipo | I9: Tarifa/Hora | J9: Rendimiento | K9: Valor-Unit.
H10: =+IF(A10="","",VLOOKUP(A10,[3]EQUIPO!$C$8:E198,2,FALSE)) | I10: =+IF(A10="","",VLOOKUP(A10,[3]EQUIPO!$C$8:E251,3,FALSE)) | K10: =+IF($A10="","",ROUND(I10/J10,0))
H11: =+IF(A11="","",VLOOKUP(A11,[3]EQUIPO!$C$8:E199,2,FALSE)) | I11: =+IF(A11="","",VLOOKUP(A11,[3]EQUIPO!$C$8:E252,3,FALSE)) | K11: =+IF($A11="","",ROUND(I11/J11,0))
H12: =+IF(A12="","",VLOOKUP(A12,[3]EQUIPO!$C$8:E200,2,FALSE)) | I12: =+IF(A12="","",VLOOKUP(A12,[3]EQUIPO!$C$8:E253,3,FALSE)) | K12: =+IF($A12="","",ROUND(I12/J12,0))
H13: =+IF(A13="","",VLOOKUP(A13,[3]EQUIPO!$C$8:E201,2,FALSE)) | I13: =+IF(A13="","",VLOOKUP(A13,[3]EQUIPO!$C$8:E254,3,FALSE)) | K13: =+IF($A13="","",ROUND(I13/J13,0))
A14: HERRAMIENTAS MENORES | H14: % | I14: 0.1 | K14: =+ROUND(I14*M32,0) -> 702
A15: Sub-Total | L15: =SUM(K10:K14) -> 702
A16: II. MATERIALES EN OBRA
A17: Descripción | H17: Unidad | I17: Precio-Unit. | J17: Cantidad | K17: Valor-Unit.
A18: ESTUCO PLASTICO | H18: cuñ | I18: 240000 | J18: 0.04 | K18: =+IF($A18="","",ROUND(I18*J18,0)) -> 9600
A19: Sub-Total | L19: =SUM(K18:K18) -> 9600
A20: III. TRANSPORTES
A21: Material | H21: Unidad | I21: Cantidad | J21: Distancia | K21: Tarifa | L21: Valor-Unit.
H22: =+IF($A22="","",VLOOKUP($A22,[3]TRANSPORTE!$C8:E$8,2,FALSE)) | K22: =+IF($A22="","",VLOOKUP($A22,[3]TRANSPORTE!C6:E9,3,FALSE)) | L22: =+IF($A22="","",ROUND(J22*K22*I22,2))
H23: =+IF($A23="","",VLOOKUP($A23,[4]TRANS!C7:E36,2,FALSE)) | K23: =+IF($A23="","",VLOOKUP($A23,[4]TRANS!F7:H36,3,FALSE))
H24: =+IF($A24="","",VLOOKUP($A24,[4]TRANS!C8:E37,2,FALSE)) | K24: =+IF($A24="","",VLOOKUP($A24,[4]TRANS!F8:H37,3,FALSE))
A25: Sub-Total | M25: =SUM(L22:L24) -> 0
A26: IV. MANO DE OBRA
A27: Descripcion | I27: CUAD | J27: Jornal + Prestaciones (85%) | K27: Rendimiento | L27: Valor-Unit.
A28: CUADRILLA DE INSTALACIONES | I28: =+IF($A28="","",VLOOKUP($A28,[3]M.O!$J$61:$L$68,2,FALSE)) -> CUA8 | J28: =+IF($A28="","",VLOOKUP($A28,[3]M.O!$J$61:$L$68,3,FALSE)) -> 280676 | K28: 40 | L28: =+IF($A28="","",ROUND((J28/K28),0)) -> 7017
I29: =+IF($A29="","",VLOOKUP($A29,[4]M.O!J60:L80,2,FALSE)) | J29: =+IF($A29="","",VLOOKUP($A29,[4]M.O!J60:L122,3,FALSE)) | L29: =+IF($A29="","",ROUND((J29/K29),2))
I30: =+IF($A30="","",VLOOKUP($A30,[4]M.O!J61:L81,2,FALSE)) | J30: =+IF($A30="","",VLOOKUP($A30,[4]M.O!J61:L123,3,FALSE)) | L30: =+IF($A30="","",ROUND((J30/K30),2))
I31: =+IF($A31="","",VLOOKUP($A31,[4]M.O!J62:L82,2,FALSE)) | J31: =+IF($A31="","",VLOOKUP($A31,[4]M.O!J62:L124,3,FALSE)) | L31: =+IF($A31="","",ROUND((J31/K31),2))
L32: Sub-Total | M32: =SUM(L28:L31) -> 7017
A34: Total Costo Directo | M34: =ROUND(L15+L19+M25+M32,0) -> 17319
D41: RAMON LOPEZ CAMARGO
D42: CC, 1102851781
D43: CONTRATISTA DE OBRA

Sheet NP2.4
G1: =[2]Datosproyecto!B2 -> Consejo Superior de la Judicatura Dirección Seccional de Administración Judicial Sincelejo – Sucre
G2: =[2]Datosproyecto!B1 -> ADECUACIONES DE GIMNASIO, SU BATERÍA DE BAÑOS Y LA TERRAZA ADYACENTES AL MISMO.
A3: ANALISIS DE PRECIOS UNITARIOS | I3: FECHA | K3: DD | L3: MM | M3: AAAA
K4: 3 | L4: 2 | M4: 2025
A6: ITEM | B6: DESCRIPCIÓN | K6: UNIDAD | M6: CANTIDAD
A7: =+'BALANCE Nro 2'!A86 -> NP2.4 | B7: =+'BALANCE Nro 2'!B86 -> SUMINISTRO E INSTALACION DE TELA ASFALTICA | K7: =+'BALANCE Nro 2'!C86 -> m2 | M7: =+'BALANCE Nro 2'!K86 -> 8.9964
A8: I. EQUIPO
A9: Descripción | H9: Tipo | I9: Tarifa/Hora | J9: Rendimiento | K9: Valor-Unit.
H10: =+IF(A10="","",VLOOKUP(A10,[3]EQUIPO!$C$8:E198,2,FALSE)) | I10: =+IF(A10="","",VLOOKUP(A10,[3]EQUIPO!$C$8:E251,3,FALSE)) | K10: =+IF($A10="","",ROUND(I10/J10,0))
H11: =+IF(A11="","",VLOOKUP(A11,[3]EQUIPO!$C$8:E199,2,FALSE)) | I11: =+IF(A11="","",VLOOKUP(A11,[3]EQUIPO!$C$8:E252,3,FALSE)) | K11: =+IF($A11="","",ROUND(I11/J11,0))
H12: =+IF(A12="","",VLOOKUP(A12,[3]EQUIPO!$C$8:E200,2,FALSE)) | I12: =+IF(A12="","",VLOOKUP(A12,[3]EQUIPO!$C$8:E253,3,FALSE)) | K12: =+IF($A12="","",ROUND(I12/J12,0))
H13: =+IF(A13="","",VLOOKUP(A13,[3]EQUIPO!$C$8:E201,2,FALSE)) | I13: =+IF(A13="","",VLOOKUP(A13,[3]EQUIPO!$C$8:E254,3,FALSE)) | K13: =+IF($A13="","",ROUND(I13/J13,0))
A14: HERRAMIENTAS MENORES | H14: % | I14: 0.1 | K14: =+ROUND(I14*M33,0) -> 936
A15: Sub-Total | L15: =SUM(K10:K14) -> 936
A16: II. MATERIALES EN OBRA
A17: Descripción | H17: Unidad | I17: Precio-Unit. | J17: Cantidad | K17: Valor-Unit.
A18: tela asfaltica | H18: m2 | I18: 16000 | J18: 1 | K18: 12740
A19: emulsion asfaltica | H19: kg | I19: 6520 | J19: 0.5 | K19: =+IF($A19="","",ROUND(I19*J19,0)) -> 3260
A20: Sub-Total | L20: =SUM(K18:K19) -> 16000
A21: III. TRANSPORTES
A22: Material | H22: Unidad | I22: Cantidad | J22: Distancia | K22: Tarifa | L22: Valor-Unit.
H23: =+IF($A23="","",VLOOKUP($A23,[3]TRANSPORTE!$C8:E$8,2,FALSE)) | K23: =+IF($A23="","",VLOOKUP($A23,[3]TRANSPORTE!C6:E9,3,FALSE)) | L23: =+IF($A23="","",ROUND(J23*K23*I23,2))
H24: =+IF($A24="","",VLOOKUP($A24,[4]TRANS!C7:E36,2,FALSE)) | K24: =+IF($A24="","",VLOOKUP($A24,[4]TRANS!F7:H36,3,FALSE))
H25: =+IF($A25="","",VLOOKUP($A25,[4]TRANS!C8:E37,2,FALSE)) | K25: =+IF($A25="","",VLOOKUP($A25,[4]TRANS!F8:H37,3,FALSE))
A26: Sub-Total | M26: =SUM(L23:L25) -> 0
A27: IV. MANO DE OBRA
A28: Descripcion | I28: CUAD | J28: Jornal + Prestaciones (85%) | K28: Rendimiento | L28: Valor-Unit.
A29: CUADRILLA DE INSTALACIONES | I29: =+IF($A29="","",VLOOKUP($A29,[3]M.O!$J$61:$L$68,2,FALSE)) -> CUA8 | J29: =+IF($A29="","",VLOOKUP($A29,[3]M.O!$J$61:$L$68,3,FALSE)) -> 280676 | K29: 30 | L29: =+IF($A29="","",ROUND((J29/K29),0)) -> 9356
I30: =+IF($A30="","",VLOOKUP($A30,[4]M.O!J60:L80,2,FALSE)) | J30: =+IF($A30="","",VLOOKUP($A30,[4]M.O!J60:L122,3,FALSE)) | L30: =+IF($A30="","",ROUND((J30/K30),2))
I31: =+IF($A31="","",VLOOKUP($A31,[4]M.O!J61:L81,2,FALSE)) | J31: =+IF($A31="","",VLOOKUP($A31,[4]M.O!J61:L123,3,FALSE)) | L31: =+IF($A31="","",ROUND((J31/K31),2))
I32: =+IF($A32="","",VLOOKUP($A32,[4]M.O!J62:L82,2,FALSE)) | J32: =+IF($A32="","",VLOOKUP($A32,[4]M.O!J62:L124,3,FALSE)) | L32: =+IF($A32="","",ROUND((J32/K32),2))
L33: Sub-Total | M33: =SUM(L29:L32) -> 9356
A35: Total Costo Directo | M35: =ROUND(L15+L20+M26+M33,0) -> 26292
D42: RAMON LOPEZ CAMARGO
D43: CC, 1102851781
D44: CONTRATISTA DE OBRA

Sheet NP2.5
G1: =[2]Datosproyecto!B2 -> Consejo Superior de la Judicatura Dirección Seccional de Administración Judicial Sincelejo – Sucre
G2: =[2]Datosproyecto!B1 -> ADECUACIONES DE GIMNASIO, SU BATERÍA DE BAÑOS Y LA TERRAZA ADYACENTES AL MISMO.
A3: ANALISIS DE PRECIOS UNITARIOS | I3: FECHA | K3: DD | L3: MM | M3: AAAA
K4: 3 | L4: 2 | M4: 2025
A6: ITEM | B6: DESCRIPCIÓN | K6: UNIDAD | M6: CANTIDAD
A7: =+'BALANCE Nro 2'!A87 -> NP2.5 | B7: =+'BALANCE Nro 2'!B87 -> SALIDA E INSTALACION DE INTERRUPTOR DOBLE. INCLUYE MATERIALES E INSTALACION DE SALIDA ELECTRICA ACORDE AL RETIE | K7: =+'BALANCE Nro 2'!C87 -> und | M7: =+'BALANCE Nro 2'!K87 -> 3
A8: I. EQUIPO
A9: Descripción | H9: Tipo | I9: Tarifa/Hora | J9: Rendimiento | K9: Valor-Unit.
H10: =+IF(A10="","",VLOOKUP(A10,'[3]EQUIPO ELECTR'!$C$8:E194,2,FALSE)) | I10: =+IF(A10="","",VLOOKUP(A10,'[3]EQUIPO ELECTR'!$C$8:E247,3,FALSE)) | K10: =+IF($A10="","",ROUND(I10/J10,0))
H11: =+IF(A11="","",VLOOKUP(A11,'[3]EQUIPO ELECTR'!$C$8:E195,2,FALSE)) | I11: =+IF(A11="","",VLOOKUP(A11,'[3]EQUIPO ELECTR'!$C$8:E248,3,FALSE)) | K11: =+IF($A11="","",ROUND(I11/J11,0))
H12: =+IF(A12="","",VLOOKUP(A12,'[3]EQUIPO ELECTR'!$C$8:E196,2,FALSE)) | I12: =+IF(A12="","",VLOOKUP(A12,'[3]EQUIPO ELECTR'!$C$8:E249,3,FALSE)) | K12: =+IF($A12="","",ROUND(I12/J12,0))
H13: =+IF(A13="","",VLOOKUP(A13,'[3]EQUIPO ELECTR'!$C$8:E197,2,FALSE)) | I13: =+IF(A13="","",VLOOKUP(A13,'[3]EQUIPO ELECTR'!$C$8:E250,3,FALSE)) | K13: =+IF($A13="","",ROUND(I13/J13,0))
H14: =+IF(A14="","",VLOOKUP(A14,'[3]EQUIPO ELECTR'!$C$8:E198,2,FALSE)) | I14: =+IF(A14="","",VLOOKUP(A14,'[3]EQUIPO ELECTR'!$C$8:E251,3,FALSE)) | K14: =+IF($A14="","",ROUND(I14/J14,0))
H15: =+IF(A15="","",VLOOKUP(A15,'[3]EQUIPO ELECTR'!$C$8:E199,2,FALSE)) | I15: =+IF(A15="","",VLOOKUP(A15,'[3]EQUIPO ELECTR'!$C$8:E252,3,FALSE)) | K15: =+IF($A15="","",ROUND(I15/J15,0))
H16: =+IF(A16="","",VLOOKUP(A16,'[3]EQUIPO ELECTR'!$C$8:E200,2,FALSE)) | I16: =+IF(A16="","",VLOOKUP(A16,'[3]EQUIPO ELECTR'!$C$8:E253,3,FALSE)) | K16: =+IF($A16="","",ROUND(I16/J16,0))
H17: =+IF(A17="","",VLOOKUP(A17,'[3]EQUIPO ELECTR'!$C$8:E201,2,FALSE)) | I17: =+IF(A17="","",VLOOKUP(A17,'[3]EQUIPO ELECTR'!$C$8:E254,3,FALSE)) | K17: =+IF($A17="","",ROUND(I17/J17,0))
A18: HERRAMIENTAS MENORES | H18: % | I18: 0.1 | K18: =+ROUND(I18*L39,0) -> 4678
A19: Sub-Total | L19: =SUM(K10:K18) -> 4678
A20: II. MATERIALES EN OBRA
A21: Descripción | H21: Unidad | I21: Precio-Unit. | J21: Cantidad | K21: Valor-Unit.
A22: ACCESORIO DE ANCLAJE Y FIJACION | H22: Unidad | I22: 2668 | J22: 1 | K22: =+I22*J22 -> 2668
A23: ADAPTADOR TERMINAL PVC 1/2" | H23: Unidad | I23: 1437.5 | J23: 1 | K23: =+I23*J23 -> 1437.5
A24: CONECTOR TIPO RESORTE | H24: Unidad | I24: 1943.5 | J24: 4 | K24: =+I24*J24 -> 7774
A25: INTERRUPTOR DOBLE | H25: Unidad | I25: 17857.5 | J25: 1 | K25: =+I25*J25 -> 17857.5
A26: Sub-Total | L26: =SUM(K22:K25) -> 29737
A27: III. TRANSPORTES
A28: Material | H28: Unidad | I28: Cantidad | J28: Distancia | K28: Tarifa | L28: Valor-Unit.
H29: =+IF($A29="","",VLOOKUP($A29,'[3]TRANSPORTE ELECTR'!$C$8:E10,2,FALSE)) | K29: =+IF($A29="","",VLOOKUP($A29,'[3]TRANSPORTE ELECTR'!C6:E10,3,FALSE)) | L29: =+IF($A29="","",ROUND(J29*K29*I29,2))
H30: =+IF($A30="","",VLOOKUP($A30,[4]TRANS!C7:E36,2,FALSE)) | K30: =+IF($A30="","",VLOOKUP($A30,[4]TRANS!F7:H36,3,FALSE))
H31: =+IF($A31="","",VLOOKUP($A31,[4]TRANS!C8:E37,2,FALSE)) | K31: =+IF($A31="","",VLOOKUP($A31,[4]TRANS!F8:H37,3,FALSE))
A32: Sub-Total | L32: =+SUM(L29:L31) -> 0
A33: IV. MANO DE OBRA
A34: Descripcion | I34: CUAD | J34: Jornal + Prestaciones (85%) | K34: Rendimiento | L34: Valor-Unit.
A35: CUADRILLA DE INSTALACIONES | I35: =+IF($A35="","",VLOOKUP($A35,'[3]M.O ELECT'!$J$61:$L$68,2,FALSE)) -> CUA8 | J35: =+IF($A35="","",VLOOKUP($A35,'[3]M.O ELECT'!$J$61:$L$68,3,FALSE)) -> 280676 | K35: 6 | L35: =+IF($A35="","",ROUND((J35/K35),0)) -> 46779
I36: =+IF($A36="","",VLOOKUP($A36,[4]M.O!J60:L80,2,FALSE)) | J36: =+IF($A36="","",VLOOKUP($A36,[4]M.O!J60:L122,3,FALSE))
I37: =+IF($A37="","",VLOOKUP($A37,[4]M.O!J61:L81,2,FALSE)) | J37: =+IF($A37="","",VLOOKUP($A37,[4]M.O!J61:L123,3,FALSE))
I38: =+IF($A38="","",VLOOKUP($A38,[4]M.O!J62:L82,2,FALSE)) | J38: =+IF($A38="","",VLOOKUP($A38,[4]M.O!J62:L124,3,FALSE))
A39: Sub-Total | L39: =SUM(L35:L38) -> 46779
A41: Total Costo Directo | L41: =+L26+L19+L39+L32 -> 81194
D48: RAMON LOPEZ CAMARGO
D49: CC, 1102851781
D50: CONTRATISTA DE OBRA

Sheet NP2.6
G1: =[2]Datosproyecto!B2 -> Consejo Superior de la Judicatura Dirección Seccional de Administración Judicial Sincelejo – Sucre
G2: =[2]Datosproyecto!B1 -> ADECUACIONES DE GIMNASIO, SU BATERÍA DE BAÑOS Y LA TERRAZA ADYACENTES AL MISMO.
A3: ANALISIS DE PRECIOS UNITARIOS | I3: FECHA | K3: DD | L3: MM | M3: AAAA
K4: 3 | L4: 2 | M4: 2025
A6: ITEM | B6: DESCRIPCIÓN | K6: UNIDAD | M6: CANTIDAD
A7: =+'BALANCE Nro 2'!A88 -> NP2.6 | B7: =+'BALANCE Nro 2'!B88 -> SUMINISTRO E INSTALACION DE BARANDA EN ACERO INOXIDABLE | K7: =+'BALANCE Nro 2'!C88 -> m | M7: =+'BALANCE Nro 2'!K88 -> 3.4
A8: I. EQUIPO
A9: Descripción | H9: Tipo | I9: Tarifa/Hora | J9: Rendimiento | K9: Valor-Unit.
H10: =+IF(A10="","",VLOOKUP(A10,'[3]EQUIPO ELECTR'!$C$8:E194,2,FALSE)) | I10: =+IF(A10="","",VLOOKUP(A10,'[3]EQUIPO ELECTR'!$C$8:E247,3,FALSE)) | K10: =+IF($A10="","",ROUND(I10/J10,0))
H11: =+IF(A11="","",VLOOKUP(A11,'[3]EQUIPO ELECTR'!$C$8:E195,2,FALSE)) | I11: =+IF(A11="","",VLOOKUP(A11,'[3]EQUIPO ELECTR'!$C$8:E248,3,FALSE)) | K11: =+IF($A11="","",ROUND(I11/J11,0))
H12: =+IF(A12="","",VLOOKUP(A12,'[3]EQUIPO ELECTR'!$C$8:E196,2,FALSE)) | I12: =+IF(A12="","",VLOOKUP(A12,'[3]EQUIPO ELECTR'!$C$8:E249,3,FALSE)) | K12: =+IF($A12="","",ROUND(I12/J12,0))
H13: =+IF(A13="","",VLOOKUP(A13,'[3]EQUIPO ELECTR'!$C$8:E197,2,FALSE)) | I13: =+IF(A13="","",VLOOKUP(A13,'[3]EQUIPO ELECTR'!$C$8:E250,3,FALSE)) | K13: =+IF($A13="","",ROUND(I13/J13,0))
H14: =+IF(A14="","",VLOOKUP(A14,'[3]EQUIPO ELECTR'!$C$8:E198,2,FALSE)) | I14: =+IF(A14="","",VLOOKUP(A14,'[3]EQUIPO ELECTR'!$C$8:E251,3,FALSE)) | K14: =+IF($A14="","",ROUND(I14/J14,0))
H15: =+IF(A15="","",VLOOKUP(A15,'[3]EQUIPO ELECTR'!$C$8:E199,2,FALSE)) | I15: =+IF(A15="","",VLOOKUP(A15,'[3]EQUIPO ELECTR'!$C$8:E252,3,FALSE)) | K15: =+IF($A15="","",ROUND(I15/J15,0))
H16: =+IF(A16="","",VLOOKUP(A16,'[3]EQUIPO ELECTR'!$C$8:E200,2,FALSE)) | I16: =+IF(A16="","",VLOOKUP(A16,'[3]EQUIPO ELECTR'!$C$8:E253,3,FALSE)) | K16: =+IF($A16="","",ROUND(I16/J16,0))
H17: =+IF(A17="","",VLOOKUP(A17,'[3]EQUIPO ELECTR'!$C$8:E201,2,FALSE)) | I17: =+IF(A17="","",VLOOKUP(A17,'[3]EQUIPO ELECTR'!$C$8:E254,3,FALSE)) | K17: =+IF($A17="","",ROUND(I17/J17,0))
A18: HERRAMIENTAS MENORES | H18: % | I18: 0.1 | K18: =+ROUND(I18*L40,0) -> 9356
A19: Sub-Total | L19: =SUM(K10:K18) -> 9356
A20: II. MATERIALES EN OBRA
A21: Descripción | H21: Unidad | I21: Precio-Unit. | J21: Cantidad | K21: Valor-Unit.
A22: TUBERIA PASAMANO 2" EN ACERO INOXIDABLE | H22: ML | I22: 55900 | J22: 1 | K22: =+I22*J22 -> 55900
A23: TUBERIA PARALES 1 1-2" EN ACERO INOXIDABLE | H23: ML | I23: 42300 | J23: 0.7 | K23: =+I23*J23 -> 29610
A24: TUBERIA HILOS 1 1-4" EN ACERO INOXIDABLE | H24: ML | I24: 34900 | J24: 2 | K24: =+I24*J24 -> 69800
A25: SISTEMA DE FIJACION Y ANCLAJE | H25: GLB | I25: 25780.521 | J25: 1 | K25: =+I25*J25 -> 25780.521
H26: =+IF($A26="","",VLOOKUP($A26,'[3]MATERIALES ELECTR'!$C$8:E1329,2,FALSE)) | I26: =+IF($A26="","",VLOOKUP($A26,'[3]MATERIALES ELECTR'!$C$8:E1329,3,FALSE)) | K26: =+IF($A26="","",ROUND(I26*J26,0))
A27: Sub-Total | L27: =SUM(K22:K25) -> 181090.52
A28: III. TRANSPORTES
A29: Material | H29: Unidad | I29: Cantidad | J29: Distancia | K29: Tarifa | L29: Valor-Unit.
H30: =+IF($A30="","",VLOOKUP($A30,'[3]TRANSPORTE ELECTR'!$C$8:E10,2,FALSE)) | K30: =+IF($A30="","",VLOOKUP($A30,'[3]TRANSPORTE ELECTR'!C6:E10,3,FALSE)) | L30: =+IF($A30="","",ROUND(J30*K30*I30,2))
H31: =+IF($A31="","",VLOOKUP($A31,[4]TRANS!C7:E36,2,FALSE)) | K31: =+IF($A31="","",VLOOKUP($A31,[4]TRANS!F7:H36,3,FALSE))
H32: =+IF($A32="","",VLOOKUP($A32,[4]TRANS!C8:E37,2,FALSE)) | K32: =+IF($A32="","",VLOOKUP($A32,[4]TRANS!F8:H37,3,FALSE))
A33: Sub-Total | L33: =+SUM(L30:L32) -> 0
A34: IV. MANO DE OBRA
A35: Descripcion | I35: CUAD | J35: Jornal + Prestaciones (85%) | K35: Rendimiento | L35: Valor-Unit.
A36: CUADRILLA DE INSTALACIONES | I36: =+IF($A36="","",VLOOKUP($A36,'[3]M.O ELECT'!$J$61:$L$68,2,FALSE)) -> CUA8 | J36: =+IF($A36="","",VLOOKUP($A36,'[3]M.O ELECT'!$J$61:$L$68,3,FALSE)) -> 280676 | K36: 3 | L36: =+IF($A36="","",ROUND((J36/K36),0)) -> 93559
I37: =+IF($A37="","",VLOOKUP($A37,[4]M.O!J60:L80,2,FALSE)) | J37: =+IF($A37="","",VLOOKUP($A37,[4]M.O!J60:L122,3,FALSE))
I38: =+IF($A38="","",VLOOKUP($A38,[4]M.O!J61:L81,2,FALSE)) | J38: =+IF($A38="","",VLOOKUP($A38,[4]M.O!J61:L123,3,FALSE))
I39: =+IF($A39="","",VLOOKUP($A39,[4]M.O!J62:L82,2,FALSE)) | J39: =+IF($A39="","",VLOOKUP($A39,[4]M.O!J62:L124,3,FALSE))
A40: Sub-Total | L40: =SUM(L36:L39) -> 93559
A42: Total Costo Directo | L42: =+L27+L19+L40+L33 -> 284005.52
D49: RAMON LOPEZ CAMARGO
D50: CC, 1102851781
D51: CONTRATISTA DE OBRA

Sheet NP2.7
G1: =[2]Datosproyecto!B2 -> Consejo Superior de la Judicatura Dirección Seccional de Administración Judicial Sincelejo – Sucre
G2: =[2]Datosproyecto!B1 -> ADECUACIONES DE GIMNASIO, SU BATERÍA DE BAÑOS Y LA TERRAZA ADYACENTES AL MISMO.
A3: ANALISIS DE PRECIOS UNITARIOS | I3: FECHA | K3: DD | L3: MM | M3: AAAA
K4: 3 | L4: 2 | M4: 2025
A6: ITEM | B6: DESCRIPCIÓN | K6: UNIDAD | M6: CANTIDAD
A7: =+'BALANCE Nro 2'!A89 -> NP2.7 | B7: =+'BALANCE Nro 2'!B89 -> SUMINISTRO E INSTALACION DE PUNTO HIDRAULICO 1/2". INCLUYE ACCESORIOS PARA SU CORRECTA INSTALACION | K7: =+'BALANCE Nro 2'!C89 -> und | M7: =+'BALANCE Nro 2'!K89 -> 9
A8: I. EQUIPO
A9: Descripción | H9: Tipo | I9: Tarifa/Hora | J9: Rendimiento | K9: Valor-Unit.
H10: =+IF(A10="","",VLOOKUP(A10,'[3]EQUIPO ELECTR'!$C$8:E194,2,FALSE)) | I10: =+IF(A10="","",VLOOKUP(A10,'[3]EQUIPO ELECTR'!$C$8:E247,3,FALSE)) | K10: =+IF($A10="","",ROUND(I10/J10,0))
H11: =+IF(A11="","",VLOOKUP(A11,'[3]EQUIPO ELECTR'!$C$8:E195,2,FALSE)) | I11: =+IF(A11="","",VLOOKUP(A11,'[3]EQUIPO ELECTR'!$C$8:E248,3,FALSE)) | K11: =+IF($A11="","",ROUND(I11/J11,0))
H12: =+IF(A12="","",VLOOKUP(A12,'[3]EQUIPO ELECTR'!$C$8:E196,2,FALSE)) | I12: =+IF(A12="","",VLOOKUP(A12,'[3]EQUIPO ELECTR'!$C$8:E249,3,FALSE)) | K12: =+IF($A12="","",ROUND(I12/J12,0))
H13: =+IF(A13="","",VLOOKUP(A13,'[3]EQUIPO ELECTR'!$C$8:E197,2,FALSE)) | I13: =+IF(A13="","",VLOOKUP(A13,'[3]EQUIPO ELECTR'!$C$8:E250,3,FALSE)) | K13: =+IF($A13="","",ROUND(I13/J13,0))
H14: =+IF(A14="","",VLOOKUP(A14,'[3]EQUIPO ELECTR'!$C$8:E198,2,FALSE)) | I14: =+IF(A14="","",VLOOKUP(A14,'[3]EQUIPO ELECTR'!$C$8:E251,3,FALSE)) | K14: =+IF($A14="","",ROUND(I14/J14,0))
H15: =+IF(A15="","",VLOOKUP(A15,'[3]EQUIPO ELECTR'!$C$8:E199,2,FALSE)) | I15: =+IF(A15="","",VLOOKUP(A15,'[3]EQUIPO ELECTR'!$C$8:E252,3,FALSE)) | K15: =+IF($A15="","",ROUND(I15/J15,0))
H16: =+IF(A16="","",VLOOKUP(A16,'[3]EQUIPO ELECTR'!$C$8:E200,2,FALSE)) | I16: =+IF(A16="","",VLOOKUP(A16,'[3]EQUIPO ELECTR'!$C$8:E253,3,FALSE)) | K16: =+IF($A16="","",ROUND(I16/J16,0))
H17: =+IF(A17="","",VLOOKUP(A17,'[3]EQUIPO ELECTR'!$C$8:E201,2,FALSE)) | I17: =+IF(A17="","",VLOOKUP(A17,'[3]EQUIPO ELECTR'!$C$8:E254,3,FALSE)) | K17: =+IF($A17="","",ROUND(I17/J17,0))
A18: HERRAMIENTAS MENORES | H18: % | I18: 0.1 | K18: =+ROUND(I18*L42,0) -> 1123
A19: Sub-Total | L19: =SUM(K10:K18) -> 1123
A20: II. MATERIALES EN OBRA
A21: Descripción | H21: Unidad | I21: Precio-Unit. | J21: Cantidad | K21: Valor-Unit.
A22: ADAPTADOR MACHO PRESION | H22: UND | I22: 800 | J22: 1 | K22: =+I22*J22 -> 800
A23: CINTA TEFLON | H23: UND | I23: 3300 | J23: 0.03 | K23: =+J23*I23 -> 99
A24: CODO DE 1/2 | H24: UND | I24: 540 | J24: 1 | K24: =+J24*I24 -> 540
A25: UNION PRESION 1/2 | H25: UND | I25: 540 | J25: 1 | K25: =+J25*I25 -> 540
A26: SOLDADURA PVC | H26: UND | I26: 73100 | J26: 0.03 | K26: =+J26*I26 -> 2193
A29: Sub-Total | L29: =SUM(K22:K26) -> 4172
A30: III. TRANSPORTES
A31: Material | H31: Unidad | I31: Cantidad | J31: Distancia | K31: Tarifa | L31: Valor-Unit.
H32: =+IF($A32="","",VLOOKUP($A32,'[3]TRANSPORTE ELECTR'!$C$8:E10,2,FALSE)) | K32: =+IF($A32="","",VLOOKUP($A32,'[3]TRANSPORTE ELECTR'!C6:E10,3,FALSE)) | L32: =+IF($A32="","",ROUND(J32*K32*I32,2))
H33: =+IF($A33="","",VLOOKUP($A33,[4]TRANS!C7:E36,2,FALSE)) | K33: =+IF($A33="","",VLOOKUP($A33,[4]TRANS!F7:H36,3,FALSE))
H34: =+IF($A34="","",VLOOKUP($A34,[4]TRANS!C8:E37,2,FALSE)) | K34: =+IF($A34="","",VLOOKUP($A34,[4]TRANS!F8:H37,3,FALSE))
A35: Sub-Total | L35: =+SUM(L32:L34) -> 0
A36: IV. MANO DE OBRA
A37: Descripcion | I37: CUAD | J37: Jornal + Prestaciones (85%) | K37: Rendimiento | L37: Valor-Unit.
A38: CUADRILLA DE INSTALACIONES | I38: =+IF($A38="","",VLOOKUP($A38,'[3]M.O ELECT'!$J$61:$L$68,2,FALSE)) -> CUA8 | J38: =+IF($A38="","",VLOOKUP($A38,'[3]M.O ELECT'!$J$61:$L$68,3,FALSE)) -> 280676 | K38: 25 | L38: =+IF($A38="","",ROUND((J38/K38),0)) -> 11227
I39: =+IF($A39="","",VLOOKUP($A39,[4]M.O!J60:L80,2,FALSE)) | J39: =+IF($A39="","",VLOOKUP($A39,[4]M.O!J60:L122,3,FALSE))
I40: =+IF($A40="","",VLOOKUP($A40,[4]M.O!J61:L81,2,FALSE)) | J40: =+IF($A40="","",VLOOKUP($A40,[4]M.O!J61:L123,3,FALSE))
I41: =+IF($A41="","",VLOOKUP($A41,[4]M.O!J62:L82,2,FALSE)) | J41: =+IF($A41="","",VLOOKUP($A41,[4]M.O!J62:L124,3,FALSE))
A42: Sub-Total | L42: =SUM(L38:L41) -> 11227
A44: Total Costo Directo | L44: =+L29+L19+L42+L35 -> 16522
D51: RAMON LOPEZ CAMARGO
D52: CC, 1102851781
D53: CONTRATISTA DE OBRA

Sheet NP2.8
G1: =[2]Datosproyecto!B2 -> Consejo Superior de la Judicatura Dirección Seccional de Administración Judicial Sincelejo – Sucre
G2: =[2]Datosproyecto!B1 -> ADECUACIONES DE GIMNASIO, SU BATERÍA DE BAÑOS Y LA TERRAZA ADYACENTES AL MISMO.
A3: ANALISIS DE PRECIOS UNITARIOS | I3: FECHA | K3: DD | L3: MM | M3: AAAA
K4: 3 | L4: 2 | M4: 2025
A6: ITEM | B6: DESCRIPCIÓN | K6: UNIDAD | M6: CANTIDAD
A7: =+'BALANCE Nro 2'!A90 -> NP2.8 | B7: =+'BALANCE Nro 2'!B90 -> SUMIINISTRO E INSTALACION DE PUNTO SANITARIO DE 2".INCLUYE ACCESORIOS PARA SU CORRECTA INSTALACION | K7: =+'BALANCE Nro 2'!C90 -> und | M7: =+'BALANCE Nro 2'!K90 -> 7
A8: I. EQUIPO
A9: Descripción | H9: Tipo | I9: Tarifa/Hora | J9: Rendimiento | K9: Valor-Unit.
H10: =+IF(A10="","",VLOOKUP(A10,'[3]EQUIPO ELECTR'!$C$8:E194,2,FALSE)) | I10: =+IF(A10="","",VLOOKUP(A10,'[3]EQUIPO ELECTR'!$C$8:E247,3,FALSE)) | K10: =+IF($A10="","",ROUND(I10/J10,0))
H11: =+IF(A11="","",VLOOKUP(A11,'[3]EQUIPO ELECTR'!$C$8:E195,2,FALSE)) | I11: =+IF(A11="","",VLOOKUP(A11,'[3]EQUIPO ELECTR'!$C$8:E248,3,FALSE)) | K11: =+IF($A11="","",ROUND(I11/J11,0))
H12: =+IF(A12="","",VLOOKUP(A12,'[3]EQUIPO ELECTR'!$C$8:E196,2,FALSE)) | I12: =+IF(A12="","",VLOOKUP(A12,'[3]EQUIPO ELECTR'!$C$8:E249,3,FALSE)) | K12: =+IF($A12="","",ROUND(I12/J12,0))
H13: =+IF(A13="","",VLOOKUP(A13,'[3]EQUIPO ELECTR'!$C$8:E197,2,FALSE)) | I13: =+IF(A13="","",VLOOKUP(A13,'[3]EQUIPO ELECTR'!$C$8:E250,3,FALSE)) | K13: =+IF($A13="","",ROUND(I13/J13,0))
H14: =+IF(A14="","",VLOOKUP(A14,'[3]EQUIPO ELECTR'!$C$8:E198,2,FALSE)) | I14: =+IF(A14="","",VLOOKUP(A14,'[3]EQUIPO ELECTR'!$C$8:E251,3,FALSE)) | K14: =+IF($A14="","",ROUND(I14/J14,0))
H15: =+IF(A15="","",VLOOKUP(A15,'[3]EQUIPO ELECTR'!$C$8:E199,2,FALSE)) | I15: =+IF(A15="","",VLOOKUP(A15,'[3]EQUIPO ELECTR'!$C$8:E252,3,FALSE)) | K15: =+IF($A15="","",ROUND(I15/J15,0))
H16: =+IF(A16="","",VLOOKUP(A16,'[3]EQUIPO ELECTR'!$C$8:E200,2,FALSE)) | I16: =+IF(A16="","",VLOOKUP(A16,'[3]EQUIPO ELECTR'!$C$8:E253,3,FALSE)) | K16: =+IF($A16="","",ROUND(I16/J16,0))
H17: =+IF(A17="","",VLOOKUP(A17,'[3]EQUIPO ELECTR'!$C$8:E201,2,FALSE)) | I17: =+IF(A17="","",VLOOKUP(A17,'[3]EQUIPO ELECTR'!$C$8:E254,3,FALSE)) | K17: =+IF($A17="","",ROUND(I17/J17,0))
A18: HERRAMIENTAS MENORES | H18: % | I18: 0.1 | K18: =+ROUND(I18*L42,0) -> 1123
A19: Sub-Total | L19: =SUM(K10:K18) -> 1123
A20: II. MATERIALES EN OBRA
A21: Descripción | H21: Unidad | I21: Precio-Unit. | J21: Cantidad | K21: Valor-Unit.
A22: ADAPTADOR MACHO SANIT 2 | H22: UND | I22: 9300 | J22: 1 | K22: =+I22*J22 -> 9300
A23: CINTA TEFLON | H23: UND | I23: 3300 | J23: 0.03 | K23: =+J23*I23 -> 99
A24: CODO DE 2 | H24: UND | I24: 2200 | J24: 1 | K24: =+J24*I24 -> 2200
A25: UNION SANIT 2 | H25: UND | I25: 1800 | J25: 1 | K25: =+J25*I25 -> 1800
A26: SOLDADURA PVC | H26: UND | I26: 73100 | J26: 0.03 | K26: =+J26*I26 -> 2193
A29: Sub-Total | L29: =SUM(K22:K26) -> 15592
A30: III. TRANSPORTES
A31: Material | H31: Unidad | I31: Cantidad | J31: Distancia | K31: Tarifa | L31: Valor-Unit.
H32: =+IF($A32="","",VLOOKUP($A32,'[3]TRANSPORTE ELECTR'!$C$8:E10,2,FALSE)) | K32: =+IF($A32="","",VLOOKUP($A32,'[3]TRANSPORTE ELECTR'!C6:E10,3,FALSE)) | L32: =+IF($A32="","",ROUND(J32*K32*I32,2))
H33: =+IF($A33="","",VLOOKUP($A33,[4]TRANS!C7:E36,2,FALSE)) | K33: =+IF($A33="","",VLOOKUP($A33,[4]TRANS!F7:H36,3,FALSE))
H34: =+IF($A34="","",VLOOKUP($A34,[4]TRANS!C8:E37,2,FALSE)) | K34: =+IF($A34="","",VLOOKUP($A34,[4]TRANS!F8:H37,3,FALSE))
A35: Sub-Total | L35: =+SUM(L32:L34) -> 0
A36: IV. MANO DE OBRA
A37: Descripcion | I37: CUAD | J37: Jornal + Prestaciones (85%) | K37: Rendimiento | L37: Valor-Unit.
A38: CUADRILLA DE INSTALACIONES | I38: =+IF($A38="","",VLOOKUP($A38,'[3]M.O ELECT'!$J$61:$L$68,2,FALSE)) -> CUA8 | J38: =+IF($A38="","",VLOOKUP($A38,'[3]M.O ELECT'!$J$61:$L$68,3,FALSE)) -> 280676 | K38: 25 | L38: =+IF($A38="","",ROUND((J38/K38),0)) -> 11227
I39: =+IF($A39="","",VLOOKUP($A39,[4]M.O!J60:L80,2,FALSE)) | J39: =+IF($A39="","",VLOOKUP($A39,[4]M.O!J60:L122,3,FALSE))
I40: =+IF($A40="","",VLOOKUP($A40,[4]M.O!J61:L81,2,FALSE)) | J40: =+IF($A40="","",VLOOKUP($A40,[4]M.O!J61:L123,3,FALSE))
I41: =+IF($A41="","",VLOOKUP($A41,[4]M.O!J62:L82,2,FALSE)) | J41: =+IF($A41="","",VLOOKUP($A41,[4]M.O!J62:L124,3,FALSE))
A42: Sub-Total | L42: =SUM(L38:L41) -> 11227
A44: Total Costo Directo | L44: =+L29+L19+L42+L35 -> 27942
D51: RAMON LOPEZ CAMARGO
D52: CC, 1102851781
D53: CONTRATISTA DE OBRA

Sheet NP2.9
G1: =[2]Datosproyecto!B2 -> Consejo Superior de la Judicatura Dirección Seccional de Administración Judicial Sincelejo – Sucre
G2: =[2]Datosproyecto!B1 -> ADECUACIONES DE GIMNASIO, SU BATERÍA DE BAÑOS Y LA TERRAZA ADYACENTES AL MISMO.
A3: ANALISIS DE PRECIOS UNITARIOS | I3: FECHA | K3: DD | L3: MM | M3: AAAA
K4: 3 | L4: 2 | M4: 2025
A6: ITEM | B6: DESCRIPCIÓN | K6: UNIDAD | M6: CANTIDAD
A7: =+'BALANCE Nro 2'!A91 -> NP2.9 | B7: =+'BALANCE Nro 2'!B91 -> SUMIINISTRO E INSTALACION DE PUNTO SANITARIO DE 4".INCLUYE ACCESORIOS PARA SU CORRECTA INSTALACION | K7: =+'BALANCE Nro 2'!C91 -> und | M7: =+'BALANCE Nro 2'!K91 -> 2
A8: I. EQUIPO
A9: Descripción | H9: Tipo | I9: Tarifa/Hora | J9: Rendimiento | K9: Valor-Unit.
H10: =+IF(A10="","",VLOOKUP(A10,'[3]EQUIPO ELECTR'!$C$8:E194,2,FALSE)) | I10: =+IF(A10="","",VLOOKUP(A10,'[3]EQUIPO ELECTR'!$C$8:E247,3,FALSE)) | K10: =+IF($A10="","",ROUND(I10/J10,0))
H11: =+IF(A11="","",VLOOKUP(A11,'[3]EQUIPO ELECTR'!$C$8:E195,2,FALSE)) | I11: =+IF(A11="","",VLOOKUP(A11,'[3]EQUIPO ELECTR'!$C$8:E248,3,FALSE)) | K11: =+IF($A11="","",ROUND(I11/J11,0))
H12: =+IF(A12="","",VLOOKUP(A12,'[3]EQUIPO ELECTR'!$C$8:E196,2,FALSE)) | I12: =+IF(A12="","",VLOOKUP(A12,'[3]EQUIPO ELECTR'!$C$8:E249,3,FALSE)) | K12: =+IF($A12="","",ROUND(I12/J12,0))
H13: =+IF(A13="","",VLOOKUP(A13,'[3]EQUIPO ELECTR'!$C$8:E197,2,FALSE)) | I13: =+IF(A13="","",VLOOKUP(A13,'[3]EQUIPO ELECTR'!$C$8:E250,3,FALSE)) | K13: =+IF($A13="","",ROUND(I13/J13,0))
H14: =+IF(A14="","",VLOOKUP(A14,'[3]EQUIPO ELECTR'!$C$8:E198,2,FALSE)) | I14: =+IF(A14="","",VLOOKUP(A14,'[3]EQUIPO ELECTR'!$C$8:E251,3,FALSE)) | K14: =+IF($A14="","",ROUND(I14/J14,0))
H15: =+IF(A15="","",VLOOKUP(A15,'[3]EQUIPO ELECTR'!$C$8:E199,2,FALSE)) | I15: =+IF(A15="","",VLOOKUP(A15,'[3]EQUIPO ELECTR'!$C$8:E252,3,FALSE)) | K15: =+IF($A15="","",ROUND(I15/J15,0))
H16: =+IF(A16="","",VLOOKUP(A16,'[3]EQUIPO ELECTR'!$C$8:E200,2,FALSE)) | I16: =+IF(A16="","",VLOOKUP(A16,'[3]EQUIPO ELECTR'!$C$8:E253,3,FALSE)) | K16: =+IF($A16="","",ROUND(I16/J16,0))
H17: =+IF(A17="","",VLOOKUP(A17,'[3]EQUIPO ELECTR'!$C$8:E201,2,FALSE)) | I17: =+IF(A17="","",VLOOKUP(A17,'[3]EQUIPO ELECTR'!$C$8:E254,3,FALSE)) | K17: =+IF($A17="","",ROUND(I17/J17,0))
A18: HERRAMIENTAS MENORES | H18: % | I18: 0.1 | K18: =+ROUND(I18*L42,0) -> 1123
A19: Sub-Total | L19: =SUM(K10:K18) -> 1123
A20: II. MATERIALES EN OBRA
A21: Descripción | H21: Unidad | I21: Precio-Unit. | J21: Cantidad | K21: Valor-Unit.
A22: ADAPTADOR MACHO SANIT 4 | H22: UND | I22: 16000 | J22: 1 | K22: =+I22*J22 -> 16000
A23: CINTA TEFLON | H23: UND | I23: 3300 | J23: 0.03 | K23: =+J23*I23 -> 99
A24: CODO DE 4 | H24: UND | I24: 12000 | J24: 1 | K24: =+J24*I24 -> 12000
A25: UNION SANIT 4 | H25: UND | I25: 4700 | J25: 1 | K25: =+J25*I25 -> 4700
A26: SOLDADURA PVC | H26: UND | I26: 73100 | J26: 0.03 | K26: =+J26*I26 -> 2193
A29: Sub-Total | L29: =SUM(K22:K26) -> 34992
A30: III. TRANSPORTES
A31: Material | H31: Unidad | I31: Cantidad | J31: Distancia | K31: Tarifa | L31: Valor-Unit.
H32: =+IF($A32="","",VLOOKUP($A32,'[3]TRANSPORTE ELECTR'!$C$8:E10,2,FALSE)) | K32: =+IF($A32="","",VLOOKUP($A32,'[3]TRANSPORTE ELECTR'!C6:E10,3,FALSE)) | L32: =+IF($A32="","",ROUND(J32*K32*I32,2))
H33: =+IF($A33="","",VLOOKUP($A33,[4]TRANS!C7:E36,2,FALSE)) | K33: =+IF($A33="","",VLOOKUP($A33,[4]TRANS!F7:H36,3,FALSE))
H34: =+IF($A34="","",VLOOKUP($A34,[4]TRANS!C8:E37,2,FALSE)) | K34: =+IF($A34="","",VLOOKUP($A34,[4]TRANS!F8:H37,3,FALSE))
A35: Sub-Total | L35: =+SUM(L32:L34) -> 0
A36: IV. MANO DE OBRA
A37: Descripcion | I37: CUAD | J37: Jornal + Prestaciones (85%) | K37: Rendimiento | L37: Valor-Unit.
A38: CUADRILLA DE INSTALACIONES | I38: =+IF($A38="","",VLOOKUP($A38,'[3]M.O ELECT'!$J$61:$L$68,2,FALSE)) -> CUA8 | J38: =+IF($A38="","",VLOOKUP($A38,'[3]M.O ELECT'!$J$61:$L$68,3,FALSE)) -> 280676 | K38: 25 | L38: =+IF($A38="","",ROUND((J38/K38),0)) -> 11227
I39: =+IF($A39="","",VLOOKUP($A39,[4]M.O!J60:L80,2,FALSE)) | J39: =+IF($A39="","",VLOOKUP($A39,[4]M.O!J60:L122,3,FALSE))
I40: =+IF($A40="","",VLOOKUP($A40,[4]M.O!J61:L81,2,FALSE)) | J40: =+IF($A40="","",VLOOKUP($A40,[4]M.O!J61:L123,3,FALSE))
I41: =+IF($A41="","",VLOOKUP($A41,[4]M.O!J62:L82,2,FALSE)) | J41: =+IF($A41="","",VLOOKUP($A41,[4]M.O!J62:L124,3,FALSE))
A42: Sub-Total | L42: =SUM(L38:L41) -> 11227
A44: Total Costo Directo | L44: =+L29+L19+L42+L35 -> 47342
D51: RAMON LOPEZ CAMARGO
D52: CC, 1102851781
D53: CONTRATISTA DE OBRA

Sheet NP2.10
G1: =[2]Datosproyecto!B2 -> Consejo Superior de la Judicatura Dirección Seccional de Administración Judicial Sincelejo – Sucre
G2: =[2]Datosproyecto!B1 -> ADECUACIONES DE GIMNASIO, SU BATERÍA DE BAÑOS Y LA TERRAZA ADYACENTES AL MISMO.
A3: ANALISIS DE PRECIOS UNITARIOS | I3: FECHA | K3: DD | L3: MM | M3: AAAA
K4: 3 | L4: 2 | M4: 2025
A6: ITEM | B6: DESCRIPCIÓN | K6: UNIDAD | M6: CANTIDAD
A7: =+'BALANCE Nro 2'!A92 -> NP2.10 | B7: =+'BALANCE Nro 2'!B92 -> SUMINISTRO E INSTALACION DE TUBERIA DE PRESION DE 1/2" | K7: =+'BALANCE Nro 2'!C92 -> m | M7: =+'BALANCE Nro 2'!K92 -> 18
A8: I. EQUIPO
A9: Descripción | H9: Tipo | I9: Tarifa/Hora | J9: Rendimiento | K9: Valor-Unit.
H10: =+IF(A10="","",VLOOKUP(A10,'[3]EQUIPO ELECTR'!$C$8:E194,2,FALSE)) | I10: =+IF(A10="","",VLOOKUP(A10,'[3]EQUIPO ELECTR'!$C$8:E247,3,FALSE)) | K10: =+IF($A10="","",ROUND(I10/J10,0))
H11: =+IF(A11="","",VLOOKUP(A11,'[3]EQUIPO ELECTR'!$C$8:E195,2,FALSE)) | I11: =+IF(A11="","",VLOOKUP(A11,'[3]EQUIPO ELECTR'!$C$8:E248,3,FALSE)) | K11: =+IF($A11="","",ROUND(I11/J11,0))
H12: =+IF(A12="","",VLOOKUP(A12,'[3]EQUIPO ELECTR'!$C$8:E196,2,FALSE)) | I12: =+IF(A12="","",VLOOKUP(A12,'[3]EQUIPO ELECTR'!$C$8:E249,3,FALSE)) | K12: =+IF($A12="","",ROUND(I12/J12,0))
H13: =+IF(A13="","",VLOOKUP(A13,'[3]EQUIPO ELECTR'!$C$8:E197,2,FALSE)) | I13: =+IF(A13="","",VLOOKUP(A13,'[3]EQUIPO ELECTR'!$C$8:E250,3,FALSE)) | K13: =+IF($A13="","",ROUND(I13/J13,0))
H14: =+IF(A14="","",VLOOKUP(A14,'[3]EQUIPO ELECTR'!$C$8:E198,2,FALSE)) | I14: =+IF(A14="","",VLOOKUP(A14,'[3]EQUIPO ELECTR'!$C$8:E251,3,FALSE)) | K14: =+IF($A14="","",ROUND(I14/J14,0))
H15: =+IF(A15="","",VLOOKUP(A15,'[3]EQUIPO ELECTR'!$C$8:E199,2,FALSE)) | I15: =+IF(A15="","",VLOOKUP(A15,'[3]EQUIPO ELECTR'!$C$8:E252,3,FALSE)) | K15: =+IF($A15="","",ROUND(I15/J15,0))
H16: =+IF(A16="","",VLOOKUP(A16,'[3]EQUIPO ELECTR'!$C$8:E200,2,FALSE)) | I16: =+IF(A16="","",VLOOKUP(A16,'[3]EQUIPO ELECTR'!$C$8:E253,3,FALSE)) | K16: =+IF($A16="","",ROUND(I16/J16,0))
H17: =+IF(A17="","",VLOOKUP(A17,'[3]EQUIPO ELECTR'!$C$8:E201,2,FALSE)) | I17: =+IF(A17="","",VLOOKUP(A17,'[3]EQUIPO ELECTR'!$C$8:E254,3,FALSE)) | K17: =+IF($A17="","",ROUND(I17/J17,0))
A18: HERRAMIENTAS MENORES | H18: % | I18: 0.1 | K18: =+ROUND(I18*L42,0) -> 936
A19: Sub-Total | L19: =SUM(K10:K18) -> 936
A20: II. MATERIALES EN OBRA
A21: Descripción | H21: Unidad | I21: Precio-Unit. | J21: Cantidad | K21: Valor-Unit.
A22: ADAPTADOR MACHO PRESION | H22: UND | I22: 800 | J22: 0.5 | K22: =+I22*J22 -> 400
A23: CINTA TEFLON | H23: UND | I23: 3300 | J23: 0.03 | K23: =+J23*I23 -> 99
A24: CODO DE 1/2 | H24: UND | I24: 540 | J24: 0.5 | K24: =+J24*I24 -> 270
A25: UNION PRESION 1/2 | H25: UND | I25: 540 | J25: 0.5 | K25: =+J25*I25 -> 270
A26: SOLDADURA PVC | H26: UND | I26: 73100 | J26: 0.03 | K26: =+J26*I26 -> 2193
A27: TUBERIA PRESION DE 1/2 | H27: ML | I27: 5000 | J27: 1 | K27: =+J27*I27 -> 5000
A29: Sub-Total | L29: =SUM(K22:K27) -> 8232
A30: III. TRANSPORTES
A31: Material | H31: Unidad | I31: Cantidad | J31: Distancia | K31: Tarifa | L31: Valor-Unit.
H32: =+IF($A32="","",VLOOKUP($A32,'[3]TRANSPORTE ELECTR'!$C$8:E10,2,FALSE)) | K32: =+IF($A32="","",VLOOKUP($A32,'[3]TRANSPORTE ELECTR'!C6:E10,3,FALSE)) | L32: =+IF($A32="","",ROUND(J32*K32*I32,2))
H33: =+IF($A33="","",VLOOKUP($A33,[4]TRANS!C7:E36,2,FALSE)) | K33: =+IF($A33="","",VLOOKUP($A33,[4]TRANS!F7:H36,3,FALSE))
H34: =+IF($A34="","",VLOOKUP($A34,[4]TRANS!C8:E37,2,FALSE)) | K34: =+IF($A34="","",VLOOKUP($A34,[4]TRANS!F8:H37,3,FALSE))
A35: Sub-Total | L35: =+SUM(L32:L34) -> 0
A36: IV. MANO DE OBRA
A37: Descripcion | I37: CUAD | J37: Jornal + Prestaciones (85%) | K37: Rendimiento | L37: Valor-Unit.
A38: CUADRILLA DE INSTALACIONES | I38: =+IF($A38="","",VLOOKUP($A38,'[3]M.O ELECT'!$J$61:$L$68,2,FALSE)) -> CUA8 | J38: =+IF($A38="","",VLOOKUP($A38,'[3]M.O ELECT'!$J$61:$L$68,3,FALSE)) -> 280676 | K38: 30 | L38: =+IF($A38="","",ROUND((J38/K38),0)) -> 9356
I39: =+IF($A39="","",VLOOKUP($A39,[4]M.O!J60:L80,2,FALSE)) | J39: =+IF($A39="","",VLOOKUP($A39,[4]M.O!J60:L122,3,FALSE))
I40: =+IF($A40="","",VLOOKUP($A40,[4]M.O!J61:L81,2,FALSE)) | J40: =+IF($A40="","",VLOOKUP($A40,[4]M.O!J61:L123,3,FALSE))
I41: =+IF($A41="","",VLOOKUP($A41,[4]M.O!J62:L82,2,FALSE)) | J41: =+IF($A41="","",VLOOKUP($A41,[4]M.O!J62:L124,3,FALSE))
A42: Sub-Total | L42: =SUM(L38:L41) -> 9356
A44: Total Costo Directo | L44: =+L29+L19+L42+L35 -> 18524
D51: RAMON LOPEZ CAMARGO
D52: CC, 1102851781
D53: CONTRATISTA DE OBRA

Sheet NP2.11
G1: =[2]Datosproyecto!B2 -> Consejo Superior de la Judicatura Dirección Seccional de Administración Judicial Sincelejo – Sucre
G2: =[2]Datosproyecto!B1 -> ADECUACIONES DE GIMNASIO, SU BATERÍA DE BAÑOS Y LA TERRAZA ADYACENTES AL MISMO.
A3: ANALISIS DE PRECIOS UNITARIOS | I3: FECHA | K3: DD | L3: MM | M3: AAAA
K4: 3 | L4: 2 | M4: 2025
A6: ITEM | B6: DESCRIPCIÓN | K6: UNIDAD | M6: CANTIDAD
A7: =+'BALANCE Nro 2'!A93 -> NP2.11 | B7: =+'BALANCE Nro 2'!B93 -> SUMINISTRO E INSTALACION DE TUBERIA SANITARIA DE 2" | K7: =+'BALANCE Nro 2'!C93 -> m | M7: =+'BALANCE Nro 2'!K93 -> 12
A8: I. EQUIPO
A9: Descripción | H9: Tipo | I9: Tarifa/Hora | J9: Rendimiento | K9: Valor-Unit.
H10: =+IF(A10="","",VLOOKUP(A10,'[3]EQUIPO ELECTR'!$C$8:E194,2,FALSE)) | I10: =+IF(A10="","",VLOOKUP(A10,'[3]EQUIPO ELECTR'!$C$8:E247,3,FALSE)) | K10: =+IF($A10="","",ROUND(I10/J10,0))
H11: =+IF(A11="","",VLOOKUP(A11,'[3]EQUIPO ELECTR'!$C$8:E195,2,FALSE)) | I11: =+IF(A11="","",VLOOKUP(A11,'[3]EQUIPO ELECTR'!$C$8:E248,3,FALSE)) | K11: =+IF($A11="","",ROUND(I11/J11,0))
H12: =+IF(A12="","",VLOOKUP(A12,'[3]EQUIPO ELECTR'!$C$8:E196,2,FALSE)) | I12: =+IF(A12="","",VLOOKUP(A12,'[3]EQUIPO ELECTR'!$C$8:E249,3,FALSE)) | K12: =+IF($A12="","",ROUND(I12/J12,0))
H13: =+IF(A13="","",VLOOKUP(A13,'[3]EQUIPO ELECTR'!$C$8:E197,2,FALSE)) | I13: =+IF(A13="","",VLOOKUP(A13,'[3]EQUIPO ELECTR'!$C$8:E250,3,FALSE)) | K13: =+IF($A13="","",ROUND(I13/J13,0))
H14: =+IF(A14="","",VLOOKUP(A14,'[3]EQUIPO ELECTR'!$C$8:E198,2,FALSE)) | I14: =+IF(A14="","",VLOOKUP(A14,'[3]EQUIPO ELECTR'!$C$8:E251,3,FALSE)) | K14: =+IF($A14="","",ROUND(I14/J14,0))
H15: =+IF(A15="","",VLOOKUP(A15,'[3]EQUIPO ELECTR'!$C$8:E199,2,FALSE)) | I15: =+IF(A15="","",VLOOKUP(A15,'[3]EQUIPO ELECTR'!$C$8:E252,3,FALSE)) | K15: =+IF($A15="","",ROUND(I15/J15,0))
H16: =+IF(A16="","",VLOOKUP(A16,'[3]EQUIPO ELECTR'!$C$8:E200,2,FALSE)) | I16: =+IF(A16="","",VLOOKUP(A16,'[3]EQUIPO ELECTR'!$C$8:E253,3,FALSE)) | K16: =+IF($A16="","",ROUND(I16/J16,0))
H17: =+IF(A17="","",VLOOKUP(A17,'[3]EQUIPO ELECTR'!$C$8:E201,2,FALSE)) | I17: =+IF(A17="","",VLOOKUP(A17,'[3]EQUIPO ELECTR'!$C$8:E254,3,FALSE)) | K17: =+IF($A17="","",ROUND(I17/J17,0))
A18: HERRAMIENTAS MENORES | H18: % | I18: 0.1 | K18: =+ROUND(I18*L42,0) -> 936
A19: Sub-Total | L19: =SUM(K10:K18) -> 936
A20: II. MATERIALES EN OBRA
A21: Descripción | H21: Unidad | I21: Precio-Unit. | J21: Cantidad | K21: Valor-Unit.
A22: ADAPTADOR MACHO SANIT 2 | H22: UND | I22: 800 | J22: 0.5 | K22: =+I22*J22 -> 400
A23: CINTA TEFLON | H23: UND | I23: 3300 | J23: 0.03 | K23: =+J23*I23 -> 99
A24: CODO DE 2 | H24: UND | I24: 540 | J24: 0.5 | K24: =+J24*I24 -> 270
A25: UNION SANIT 2 | H25: UND | I25: 540 | J25: 0.5 | K25: =+J25*I25 -> 270
A26: SOLDADURA PVC | H26: UND | I26: 73100 | J26: 0.03 | K26: =+J26*I26 -> 2193
A27: TUBERIA SANIT DE 2 | H27: ML | I27: 8500 | J27: 1 | K27: =+J27*I27 -> 8500
A29: Sub-Total | L29: =SUM(K22:K27) -> 11732
A30: III. TRANSPORTES
A31: Material | H31: Unidad | I31: Cantidad | J31: Distancia | K31: Tarifa | L31: Valor-Unit.
H32: =+IF($A32="","",VLOOKUP($A32,'[3]TRANSPORTE ELECTR'!$C$8:E10,2,FALSE)) | K32: =+IF($A32="","",VLOOKUP($A32,'[3]TRANSPORTE ELECTR'!C6:E10,3,FALSE)) | L32: =+IF($A32="","",ROUND(J32*K32*I32,2))
H33: =+IF($A33="","",VLOOKUP($A33,[4]TRANS!C7:E36,2,FALSE)) | K33: =+IF($A33="","",VLOOKUP($A33,[4]TRANS!F7:H36,3,FALSE))
H34: =+IF($A34="","",VLOOKUP($A34,[4]TRANS!C8:E37,2,FALSE)) | K34: =+IF($A34="","",VLOOKUP($A34,[4]TRANS!F8:H37,3,FALSE))
A35: Sub-Total | L35: =+SUM(L32:L34) -> 0
A36: IV. MANO DE OBRA
A37: Descripcion | I37: CUAD | J37: Jornal + Prestaciones (85%) | K37: Rendimiento | L37: Valor-Unit.
A38: CUADRILLA DE INSTALACIONES | I38: =+IF($A38="","",VLOOKUP($A38,'[3]M.O ELECT'!$J$61:$L$68,2,FALSE)) -> CUA8 | J38: =+IF($A38="","",VLOOKUP($A38,'[3]M.O ELECT'!$J$61:$L$68,3,FALSE)) -> 280676 | K38: 30 | L38: =+IF($A38="","",ROUND((J38/K38),0)) -> 9356
I39: =+IF($A39="","",VLOOKUP($A39,[4]M.O!J60:L80,2,FALSE)) | J39: =+IF($A39="","",VLOOKUP($A39,[4]M.O!J60:L122,3,FALSE))
I40: =+IF($A40="","",VLOOKUP($A40,[4]M.O!J61:L81,2,FALSE)) | J40: =+IF($A40="","",VLOOKUP($A40,[4]M.O!J61:L123,3,FALSE))
I41: =+IF($A41="","",VLOOKUP($A41,[4]M.O!J62:L82,2,FALSE)) | J41: =+IF($A41="","",VLOOKUP($A41,[4]M.O!J62:L124,3,FALSE))
A42: Sub-Total | L42: =SUM(L38:L41) -> 9356
A44: Total Costo Directo | L44: =+L29+L19+L42+L35 -> 22024
D51: RAMON LOPEZ CAMARGO
D52: CC, 1102851781
D53: CONTRATISTA DE OBRA

Sheet NP2.12
G1: =[2]Datosproyecto!B2 -> Consejo Superior de la Judicatura Dirección Seccional de Administración Judicial Sincelejo – Sucre
G2: =[2]Datosproyecto!B1 -> ADECUACIONES DE GIMNASIO, SU BATERÍA DE BAÑOS Y LA TERRAZA ADYACENTES AL MISMO.
A3: ANALISIS DE PRECIOS UNITARIOS | I3: FECHA | K3: DD | L3: MM | M3: AAAA
K4: 3 | L4: 2 | M4: 2025
A6: ITEM | B6: DESCRIPCIÓN | K6: UNIDAD | M6: CANTIDAD
A7: =+'BALANCE Nro 2'!A94 -> NP2.12 | B7: =+'BALANCE Nro 2'!B94 -> SUMINISTRO E INSTALACION DE TUBERIA SANITARIA DE 4" | K7: =+'BALANCE Nro 2'!C91 -> und | M7: =+'BALANCE Nro 2'!K91 -> 2
A8: I. EQUIPO
A9: Descripción | H9: Tipo | I9: Tarifa/Hora | J9: Rendimiento | K9: Valor-Unit.
H10: =+IF(A10="","",VLOOKUP(A10,'[3]EQUIPO ELECTR'!$C$8:E194,2,FALSE)) | I10: =+IF(A10="","",VLOOKUP(A10,'[3]EQUIPO ELECTR'!$C$8:E247,3,FALSE)) | K10: =+IF($A10="","",ROUND(I10/J10,0))
H11: =+IF(A11="","",VLOOKUP(A11,'[3]EQUIPO ELECTR'!$C$8:E195,2,FALSE)) | I11: =+IF(A11="","",VLOOKUP(A11,'[3]EQUIPO ELECTR'!$C$8:E248,3,FALSE)) | K11: =+IF($A11="","",ROUND(I11/J11,0))
H12: =+IF(A12="","",VLOOKUP(A12,'[3]EQUIPO ELECTR'!$C$8:E196,2,FALSE)) | I12: =+IF(A12="","",VLOOKUP(A12,'[3]EQUIPO ELECTR'!$C$8:E249,3,FALSE)) | K12: =+IF($A12="","",ROUND(I12/J12,0))
H13: =+IF(A13="","",VLOOKUP(A13,'[3]EQUIPO ELECTR'!$C$8:E197,2,FALSE)) | I13: =+IF(A13="","",VLOOKUP(A13,'[3]EQUIPO ELECTR'!$C$8:E250,3,FALSE)) | K13: =+IF($A13="","",ROUND(I13/J13,0))
H14: =+IF(A14="","",VLOOKUP(A14,'[3]EQUIPO ELECTR'!$C$8:E198,2,FALSE)) | I14: =+IF(A14="","",VLOOKUP(A14,'[3]EQUIPO ELECTR'!$C$8:E251,3,FALSE)) | K14: =+IF($A14="","",ROUND(I14/J14,0))
H15: =+IF(A15="","",VLOOKUP(A15,'[3]EQUIPO ELECTR'!$C$8:E199,2,FALSE)) | I15: =+IF(A15="","",VLOOKUP(A15,'[3]EQUIPO ELECTR'!$C$8:E252,3,FALSE)) | K15: =+IF($A15="","",ROUND(I15/J15,0))
H16: =+IF(A16="","",VLOOKUP(A16,'[3]EQUIPO ELECTR'!$C$8:E200,2,FALSE)) | I16: =+IF(A16="","",VLOOKUP(A16,'[3]EQUIPO ELECTR'!$C$8:E253,3,FALSE)) | K16: =+IF($A16="","",ROUND(I16/J16,0))
H17: =+IF(A17="","",VLOOKUP(A17,'[3]EQUIPO ELECTR'!$C$8:E201,2,FALSE)) | I17: =+IF(A17="","",VLOOKUP(A17,'[3]EQUIPO ELECTR'!$C$8:E254,3,FALSE)) | K17: =+IF($A17="","",ROUND(I17/J17,0))
A18: HERRAMIENTAS MENORES | H18: % | I18: 0.1 | K18: =+ROUND(I18*L42,0) -> 936
A19: Sub-Total | L19: =SUM(K10:K18) -> 936
A20: II. MATERIALES EN OBRA
A21: Descripción | H21: Unidad | I21: Precio-Unit. | J21: Cantidad | K21: Valor-Unit.
A22: ADAPTADOR MACHO SANIT 4 | H22: UND | I22: 16000 | J22: 0.5 | K22: =+I22*J22 -> 8000
A23: CINTA TEFLON | H23: UND | I23: 3300 | J23: 0.03 | K23: =+J23*I23 -> 99
A24: CODO DE 4 | H24: UND | I24: 12000 | J24: 0.5 | K24: =+J24*I24 -> 6000
A25: UNION SANIT 4 | H25: UND | I25: 4700 | J25: 0.5 | K25: =+J25*I25 -> 2350
A26: SOLDADURA PVC | H26: UND | I26: 73100 | J26: 0.03 | K26: =+J26*I26 -> 2193
A27: TUBERIA SANIT DE 4 | H27: M | I27: 14500 | J27: 1 | K27: =+J27*I27 -> 14500
A29: Sub-Total | L29: =SUM(K22:K27) -> 33142
A30: III. TRANSPORTES
A31: Material | H31: Unidad | I31: Cantidad | J31: Distancia | K31: Tarifa | L31: Valor-Unit.
H32: =+IF($A32="","",VLOOKUP($A32,'[3]TRANSPORTE ELECTR'!$C$8:E10,2,FALSE)) | K32: =+IF($A32="","",VLOOKUP($A32,'[3]TRANSPORTE ELECTR'!C6:E10,3,FALSE)) | L32: =+IF($A32="","",ROUND(J32*K32*I32,2))
H33: =+IF($A33="","",VLOOKUP($A33,[4]TRANS!C7:E36,2,FALSE)) | K33: =+IF($A33="","",VLOOKUP($A33,[4]TRANS!F7:H36,3,FALSE))
H34: =+IF($A34="","",VLOOKUP($A34,[4]TRANS!C8:E37,2,FALSE)) | K34: =+IF($A34="","",VLOOKUP($A34,[4]TRANS!F8:H37,3,FALSE))
A35: Sub-Total | L35: =+SUM(L32:L34) -> 0
A36: IV. MANO DE OBRA
A37: Descripcion | I37: CUAD | J37: Jornal + Prestaciones (85%) | K37: Rendimiento | L37: Valor-Unit.
A38: CUADRILLA DE INSTALACIONES | I38: =+IF($A38="","",VLOOKUP($A38,'[3]M.O ELECT'!$J$61:$L$68,2,FALSE)) -> CUA8 | J38: =+IF($A38="","",VLOOKUP($A38,'[3]M.O ELECT'!$J$61:$L$68,3,FALSE)) -> 280676 | K38: 30 | L38: =+IF($A38="","",ROUND((J38/K38),0)) -> 9356
I39: =+IF($A39="","",VLOOKUP($A39,[4]M.O!J60:L80,2,FALSE)) | J39: =+IF($A39="","",VLOOKUP($A39,[4]M.O!J60:L122,3,FALSE))
I40: =+IF($A40="","",VLOOKUP($A40,[4]M.O!J61:L81,2,FALSE)) | J40: =+IF($A40="","",VLOOKUP($A40,[4]M.O!J61:L123,3,FALSE))
I41: =+IF($A41="","",VLOOKUP($A41,[4]M.O!J62:L82,2,FALSE)) | J41: =+IF($A41="","",VLOOKUP($A41,[4]M.O!J62:L124,3,FALSE))
A42: Sub-Total | L42: =SUM(L38:L41) -> 9356
A44: Total Costo Directo | L44: =+L29+L19+L42+L35 -> 43434
D51: RAMON LOPEZ CAMARGO
D52: CC, 1102851781
D53: CONTRATISTA DE OBRA

Sheet NP2.13
G1: =[2]Datosproyecto!B2 -> Consejo Superior de la Judicatura Dirección Seccional de Administración Judicial Sincelejo – Sucre
G2: =[2]Datosproyecto!B1 -> ADECUACIONES DE GIMNASIO, SU BATERÍA DE BAÑOS Y LA TERRAZA ADYACENTES AL MISMO.
A3: ANALISIS DE PRECIOS UNITARIOS | I3: FECHA | K3: DD | L3: MM | M3: AAAA
K4: 3 | L4: 2 | M4: 2025
A6: ITEM | B6: DESCRIPCIÓN | K6: UNIDAD | M6: CANTIDAD
A7: =+'BALANCE Nro 2'!A95 -> NP2.13 | B7: =+'BALANCE Nro 2'!B95 -> RECOSTRUCCION DE MARCOS PARA VENTANAS, INCLUYE ESTRUCTURA | K7: =+'BALANCE Nro 2'!C95 -> m | M7: =+'BALANCE Nro 2'!K95 -> 67.6
A8: I. EQUIPO
A9: Descripción | H9: Tipo | I9: Tarifa/Hora | J9: Rendimiento | K9: Valor-Unit.
H10: =+IF(A10="","",VLOOKUP(A10,'[3]EQUIPO ELECTR'!$C$8:E194,2,FALSE)) | I10: =+IF(A10="","",VLOOKUP(A10,'[3]EQUIPO ELECTR'!$C$8:E247,3,FALSE)) | K10: =+IF($A10="","",ROUND(I10/J10,0))
H11: =+IF(A11="","",VLOOKUP(A11,'[3]EQUIPO ELECTR'!$C$8:E195,2,FALSE)) | I11: =+IF(A11="","",VLOOKUP(A11,'[3]EQUIPO ELECTR'!$C$8:E248,3,FALSE)) | K11: =+IF($A11="","",ROUND(I11/J11,0))
H12: =+IF(A12="","",VLOOKUP(A12,'[3]EQUIPO ELECTR'!$C$8:E196,2,FALSE)) | I12: =+IF(A12="","",VLOOKUP(A12,'[3]EQUIPO ELECTR'!$C$8:E249,3,FALSE)) | K12: =+IF($A12="","",ROUND(I12/J12,0))
H13: =+IF(A13="","",VLOOKUP(A13,'[3]EQUIPO ELECTR'!$C$8:E197,2,FALSE)) | I13: =+IF(A13="","",VLOOKUP(A13,'[3]EQUIPO ELECTR'!$C$8:E250,3,FALSE)) | K13: =+IF($A13="","",ROUND(I13/J13,0))
H14: =+IF(A14="","",VLOOKUP(A14,'[3]EQUIPO ELECTR'!$C$8:E198,2,FALSE)) | I14: =+IF(A14="","",VLOOKUP(A14,'[3]EQUIPO ELECTR'!$C$8:E251,3,FALSE)) | K14: =+IF($A14="","",ROUND(I14/J14,0))
H15: =+IF(A15="","",VLOOKUP(A15,'[3]EQUIPO ELECTR'!$C$8:E199,2,FALSE)) | I15: =+IF(A15="","",VLOOKUP(A15,'[3]EQUIPO ELECTR'!$C$8:E252,3,FALSE)) | K15: =+IF($A15="","",ROUND(I15/J15,0))
H16: =+IF(A16="","",VLOOKUP(A16,'[3]EQUIPO ELECTR'!$C$8:E200,2,FALSE)) | I16: =+IF(A16="","",VLOOKUP(A16,'[3]EQUIPO ELECTR'!$C$8:E253,3,FALSE)) | K16: =+IF($A16="","",ROUND(I16/J16,0))
H17: =+IF(A17="","",VLOOKUP(A17,'[3]EQUIPO ELECTR'!$C$8:E201,2,FALSE)) | I17: =+IF(A17="","",VLOOKUP(A17,'[3]EQUIPO ELECTR'!$C$8:E254,3,FALSE)) | K17: =+IF($A17="","",ROUND(I17/J17,0))
A18: HERRAMIENTAS MENORES | H18: % | I18: 0.1 | K18: =+ROUND(I18*L41,0) -> 561
A19: Sub-Total | L19: =SUM(K10:K18) -> 561
A20: II. MATERIALES EN OBRA
A21: Descripción | H21: Unidad | I21: Precio-Unit. | J21: Cantidad | K21: Valor-Unit.
A22: CANAL 40 GUIA L.GALV 3.05M PER. RO C 26 | H22: Unidad | I22: 8360 | J22: 0.355 | K22: =+I22*J22 -> 2967.8
A23: CHAZO PLASTICO EXPANDIBLE 3/8`` L=7CMS | H23: Unidad | I23: 964 | J23: 0.5 | K23: =+I23*J23 -> 482
A24: CINTA MALLA 2`` ROLLO 150 M. | H24: Unidad | I24: 40170 | J24: 0.005 | K24: =+I24*J24 -> 200.85
A25: CLAVO ACERO LISO 1`` | H25: paq | I25: 6193 | J25: 0.05 | K25: =+I25*J25 -> 309.65
A26: PERFIL OMEGA 2.44 | H26: Unidad | I26: 5487 | J26: 0.7 | K26: =+I26*J26 -> 3840.9
A27: PANEL DE YESO 12.7 MM. RH 1.22X2.44 | H27: Unidad | I27: 40973 | J27: 0.1 | K27: =+I27*J27 -> 4097.3
H28: =+IF($A28="","",VLOOKUP($A28,'[3]MATERIALES ELECTR'!$C$8:E1329,2,FALSE)) | I28: =+IF($A28="","",VLOOKUP($A28,'[3]MATERIALES ELECTR'!$C$8:E1329,3,FALSE)) | K28: =+IF($A28="","",ROUND(I28*J28,0))
A29: Sub-Total | L29: =SUM(K22:K28) -> 11898.5
A30: III. TRANSPORTES
A31: Material | H31: Unidad | I31: Cantidad | J31: Distancia | K31: Tarifa | L31: Valor-Unit.
H32: =+IF($A32="","",VLOOKUP($A32,'[3]TRANSPORTE ELECTR'!$C$8:E10,2,FALSE)) | K32: =+IF($A32="","",VLOOKUP($A32,'[3]TRANSPORTE ELECTR'!C6:E10,3,FALSE)) | L32: =+IF($A32="","",ROUND(J32*K32*I32,2))
H33: =+IF($A33="","",VLOOKUP($A33,[4]TRANS!C7:E36,2,FALSE)) | K33: =+IF($A33="","",VLOOKUP($A33,[4]TRANS!F7:H36,3,FALSE))
H34: =+IF($A34="","",VLOOKUP($A34,[4]TRANS!C8:E37,2,FALSE)) | K34: =+IF($A34="","",VLOOKUP($A34,[4]TRANS!F8:H37,3,FALSE))
A35: Sub-Total | L35: =+SUM(L32:L34) -> 0
A36: IV. MANO DE OBRA
A37: Descripcion | I37: CUAD | J37: Jornal + Prestaciones (85%) | K37: Rendimiento | L37: Valor-Unit.
A38: CUADRILLA DE INSTALACIONES | I38: =+IF($A38="","",VLOOKUP($A38,'[3]M.O ELECT'!$J$61:$L$68,2,FALSE)) -> CUA8 | J38: =+IF($A38="","",VLOOKUP($A38,'[3]M.O ELECT'!$J$61:$L$68,3,FALSE)) -> 280676 | K38: 50 | L38: =+IF($A38="","",ROUND((J38/K38),0)) -> 5614
I39: =+IF($A39="","",VLOOKUP($A39,[4]M.O!J61:L81,2,FALSE)) | J39: =+IF($A39="","",VLOOKUP($A39,[4]M.O!J61:L123,3,FALSE))
I40: =+IF($A40="","",VLOOKUP($A40,[4]M.O!J62:L82,2,FALSE)) | J40: =+IF($A40="","",VLOOKUP($A40,[4]M.O!J62:L124,3,FALSE))
A41: Sub-Total | L41: =SUM(L38:L40) -> 5614
A43: Total Costo Directo | L43: =+L29+L19+L41+L35 -> 18073.5
F52: RAMON LOPEZ CAMARGO
F53: CC, 1102851781
F54: CONTRATISTA DE OBRA

Sheet NP2.14
G1: =[2]Datosproyecto!B2 -> Consejo Superior de la Judicatura Dirección Seccional de Administración Judicial Sincelejo – Sucre
G2: =[2]Datosproyecto!B1 -> ADECUACIONES DE GIMNASIO, SU BATERÍA DE BAÑOS Y LA TERRAZA ADYACENTES AL MISMO.
A3: ANALISIS DE PRECIOS UNITARIOS | I3: FECHA | K3: DD | L3: MM | M3: AAAA
K4: 3 | L4: 2 | M4: 2025
A6: ITEM | B6: DESCRIPCIÓN | K6: UNIDAD | M6: CANTIDAD
A7: =+'BALANCE Nro 2'!A96 -> NP2.14 | B7: =+'BALANCE Nro 2'!B96 -> ESTUCO Y PINTURA PARA FILOS DE VANTANA | K7: =+'BALANCE Nro 2'!C96 -> m | M7: =+'BALANCE Nro 2'!K96 -> 67.6
A8: I. EQUIPO
A9: Descripción | H9: Tipo | I9: Tarifa/Hora | J9: Rendimiento | K9: Valor-Unit.
H10: =+IF(A10="","",VLOOKUP(A10,'[3]EQUIPO ELECTR'!$C$8:E194,2,FALSE)) | I10: =+IF(A10="","",VLOOKUP(A10,'[3]EQUIPO ELECTR'!$C$8:E247,3,FALSE)) | K10: =+IF($A10="","",ROUND(I10/J10,0))
H11: =+IF(A11="","",VLOOKUP(A11,'[3]EQUIPO ELECTR'!$C$8:E195,2,FALSE)) | I11: =+IF(A11="","",VLOOKUP(A11,'[3]EQUIPO ELECTR'!$C$8:E248,3,FALSE)) | K11: =+IF($A11="","",ROUND(I11/J11,0))
H12: =+IF(A12="","",VLOOKUP(A12,'[3]EQUIPO ELECTR'!$C$8:E196,2,FALSE)) | I12: =+IF(A12="","",VLOOKUP(A12,'[3]EQUIPO ELECTR'!$C$8:E249,3,FALSE)) | K12: =+IF($A12="","",ROUND(I12/J12,0))
H13: =+IF(A13="","",VLOOKUP(A13,'[3]EQUIPO ELECTR'!$C$8:E197,2,FALSE)) | I13: =+IF(A13="","",VLOOKUP(A13,'[3]EQUIPO ELECTR'!$C$8:E250,3,FALSE)) | K13: =+IF($A13="","",ROUND(I13/J13,0))
H14: =+IF(A14="","",VLOOKUP(A14,'[3]EQUIPO ELECTR'!$C$8:E198,2,FALSE)) | I14: =+IF(A14="","",VLOOKUP(A14,'[3]EQUIPO ELECTR'!$C$8:E251,3,FALSE)) | K14: =+IF($A14="","",ROUND(I14/J14,0))
H15: =+IF(A15="","",VLOOKUP(A15,'[3]EQUIPO ELECTR'!$C$8:E199,2,FALSE)) | I15: =+IF(A15="","",VLOOKUP(A15,'[3]EQUIPO ELECTR'!$C$8:E252,3,FALSE)) | K15: =+IF($A15="","",ROUND(I15/J15,0))
H16: =+IF(A16="","",VLOOKUP(A16,'[3]EQUIPO ELECTR'!$C$8:E200,2,FALSE)) | I16: =+IF(A16="","",VLOOKUP(A16,'[3]EQUIPO ELECTR'!$C$8:E253,3,FALSE)) | K16: =+IF($A16="","",ROUND(I16/J16,0))
H17: =+IF(A17="","",VLOOKUP(A17,'[3]EQUIPO ELECTR'!$C$8:E201,2,FALSE)) | I17: =+IF(A17="","",VLOOKUP(A17,'[3]EQUIPO ELECTR'!$C$8:E254,3,FALSE)) | K17: =+IF($A17="","",ROUND(I17/J17,0))
A18: HERRAMIENTAS MENORES | H18: % | I18: 0.1 | K18: =+ROUND(I18*L42,0) -> 234
A19: Sub-Total | L19: =SUM(K10:K18) -> 234
A20: II. MATERIALES EN OBRA
A21: Descripción | H21: Unidad | I21: Precio-Unit. | J21: Cantidad | K21: Valor-Unit.
A22: VINILTEX BLANCO ALMEN 1GALON | H22: Unidad | I22: 85000 | J22: 0.04 | K22: =+I22*J22 -> 3400
A29: Sub-Total | L29: =SUM(K22:K27) -> 3400
A30: III. TRANSPORTES
A31: Material | H31: Unidad | I31: Cantidad | J31: Distancia | K31: Tarifa | L31: Valor-Unit.
H32: =+IF($A32="","",VLOOKUP($A32,'[3]TRANSPORTE ELECTR'!$C$8:E10,2,FALSE)) | K32: =+IF($A32="","",VLOOKUP($A32,'[3]TRANSPORTE ELECTR'!C6:E10,3,FALSE)) | L32: =+IF($A32="","",ROUND(J32*K32*I32,2))
H33: =+IF($A33="","",VLOOKUP($A33,[4]TRANS!C7:E36,2,FALSE)) | K33: =+IF($A33="","",VLOOKUP($A33,[4]TRANS!F7:H36,3,FALSE))
H34: =+IF($A34="","",VLOOKUP($A34,[4]TRANS!C8:E37,2,FALSE)) | K34: =+IF($A34="","",VLOOKUP($A34,[4]TRANS!F8:H37,3,FALSE))
A35: Sub-Total | L35: =+SUM(L32:L34) -> 0
A36: IV. MANO DE OBRA
A37: Descripcion | I37: CUAD | J37: Jornal + Prestaciones (85%) | K37: Rendimiento | L37: Valor-Unit.
A38: CUADRILLA DE INSTALACIONES | I38: =+IF($A38="","",VLOOKUP($A38,'[3]M.O ELECT'!$J$61:$L$68,2,FALSE)) -> CUA8 | J38: =+IF($A38="","",VLOOKUP($A38,'[3]M.O ELECT'!$J$61:$L$68,3,FALSE)) -> 280676 | K38: 120 | L38: =+IF($A38="","",ROUND((J38/K38),0)) -> 2339
I39: =+IF($A39="","",VLOOKUP($A39,[4]M.O!J60:L80,2,FALSE)) | J39: =+IF($A39="","",VLOOKUP($A39,[4]M.O!J60:L122,3,FALSE))
I40: =+IF($A40="","",VLOOKUP($A40,[4]M.O!J61:L81,2,FALSE)) | J40: =+IF($A40="","",VLOOKUP($A40,[4]M.O!J61:L123,3,FALSE))
I41: =+IF($A41="","",VLOOKUP($A41,[4]M.O!J62:L82,2,FALSE)) | J41: =+IF($A41="","",VLOOKUP($A41,[4]M.O!J62:L124,3,FALSE))
A42: Sub-Total | L42: =SUM(L38:L41) -> 2339
A44: Total Costo Directo | L44: =+L29+L19+L42+L35 -> 5973
D51: RAMON LOPEZ CAMARGO
D52: CC, 1102851781
D53: CONTRATISTA DE OBRA

Sheet NP2.15
G1: =[2]Datosproyecto!B2 -> Consejo Superior de la Judicatura Dirección Seccional de Administración Judicial Sincelejo – Sucre
G2: =[2]Datosproyecto!B1 -> ADECUACIONES DE GIMNASIO, SU BATERÍA DE BAÑOS Y LA TERRAZA ADYACENTES AL MISMO.
A3: ANALISIS DE PRECIOS UNITARIOS | I3: FECHA | K3: DD | L3: MM | M3: AAAA
K4: 3 | L4: 2 | M4: 2025
A6: ITEM | B6: DESCRIPCIÓN | K6: UNIDAD | M6: CANTIDAD
A7: =+'BALANCE Nro 2'!A97 -> NP2.15 | B7: =+'BALANCE Nro 2'!B97 -> LEVANTE DE MURO EN PANEL DE ETERBOARD 8MM INCLUYE ESTRUCTURA | K7: =+'BALANCE Nro 2'!C97 -> m2 | M7: =+'BALANCE Nro 2'!K97 -> 62.552714
A8: I. EQUIPO
A9: Descripción | H9: Tipo | I9: Tarifa/Hora | J9: Rendimiento | K9: Valor-Unit.
H10: =+IF(A10="","",VLOOKUP(A10,'[3]EQUIPO ELECTR'!$C$8:E194,2,FALSE)) | I10: =+IF(A10="","",VLOOKUP(A10,'[3]EQUIPO ELECTR'!$C$8:E247,3,FALSE)) | K10: =+IF($A10="","",ROUND(I10/J10,0))
H11: =+IF(A11="","",VLOOKUP(A11,'[3]EQUIPO ELECTR'!$C$8:E195,2,FALSE)) | I11: =+IF(A11="","",VLOOKUP(A11,'[3]EQUIPO ELECTR'!$C$8:E248,3,FALSE)) | K11: =+IF($A11="","",ROUND(I11/J11,0))
H12: =+IF(A12="","",VLOOKUP(A12,'[3]EQUIPO ELECTR'!$C$8:E196,2,FALSE)) | I12: =+IF(A12="","",VLOOKUP(A12,'[3]EQUIPO ELECTR'!$C$8:E249,3,FALSE)) | K12: =+IF($A12="","",ROUND(I12/J12,0))
H13: =+IF(A13="","",VLOOKUP(A13,'[3]EQUIPO ELECTR'!$C$8:E197,2,FALSE)) | I13: =+IF(A13="","",VLOOKUP(A13,'[3]EQUIPO ELECTR'!$C$8:E250,3,FALSE)) | K13: =+IF($A13="","",ROUND(I13/J13,0))
H14: =+IF(A14="","",VLOOKUP(A14,'[3]EQUIPO ELECTR'!$C$8:E198,2,FALSE)) | I14: =+IF(A14="","",VLOOKUP(A14,'[3]EQUIPO ELECTR'!$C$8:E251,3,FALSE)) | K14: =+IF($A14="","",ROUND(I14/J14,0))
H15: =+IF(A15="","",VLOOKUP(A15,'[3]EQUIPO ELECTR'!$C$8:E199,2,FALSE)) | I15: =+IF(A15="","",VLOOKUP(A15,'[3]EQUIPO ELECTR'!$C$8:E252,3,FALSE)) | K15: =+IF($A15="","",ROUND(I15/J15,0))
H16: =+IF(A16="","",VLOOKUP(A16,'[3]EQUIPO ELECTR'!$C$8:E200,2,FALSE)) | I16: =+IF(A16="","",VLOOKUP(A16,'[3]EQUIPO ELECTR'!$C$8:E253,3,FALSE)) | K16: =+IF($A16="","",ROUND(I16/J16,0))
H17: =+IF(A17="","",VLOOKUP(A17,'[3]EQUIPO ELECTR'!$C$8:E201,2,FALSE)) | I17: =+IF(A17="","",VLOOKUP(A17,'[3]EQUIPO ELECTR'!$C$8:E254,3,FALSE)) | K17: =+IF($A17="","",ROUND(I17/J17,0))
A18: HERRAMIENTAS MENORES | H18: % | I18: 0.1 | K18: =+ROUND(I18*L46,0) -> 1403
A19: Sub-Total | L19: =SUM(K10:K18) -> 1403
A20: II. MATERIALES EN OBRA
A21: Descripción | H21: Unidad | I21: Precio-Unit. | J21: Cantidad | K21: Valor-Unit.
A22: ALAMBRE GALVANIZADO #10 | H22: kg | I22: 12900 | J22: 0.1 | K22: =+I22*J22 -> 1290
A23: CANAL 40 GUIA L.GALV 3.05M PER. RO C 26 | H23: Unidad | I23: 8360 | J23: 0.355 | K23: =+I23*J23 -> 2967.8
A24: CHAZO PLASTICO EXPANDIBLE 3/8`` L=7CMS | H24: Unidad | I24: 964 | J24: 0.5 | K24: =+I24*J24 -> 482
A25: CINTA MALLA 2`` ROLLO 150 M. | H25: Unidad | I25: 40170 | J25: 0.005 | K25: =+I25*J25 -> 200.85
A26: CLAVO ACERO LISO 1`` | H26: paq | I26: 6193 | J26: 0.05 | K26: =+I26*J26 -> 309.65
A27: PERFIL ANGULO LAM ACERO GALV C. 26 L=2.44 M. | H27: Unidad | I27: 7078 | J27: 0.55 | K27: =+I27*J27 -> 3892.9
A28: PERFIL OMEGA 2.44 | H28: Unidad | I28: 5487 | J28: 0.7 | K28: =+I28*J28 -> 3840.9
A29: PERFIL VIGUETA GAL C26 2.44M | H29: Unidad | I29: 5816 | J29: 0.5 | K29: =+I29*J29 -> 2908
A30: PANEL ETERBOARD 8MM | H30: Unidad | I30: 73000 | J30: 0.336 | K30: =+I30*J30 -> 24528
A31: SUPERMASTICOx28kg. | H31: galon | I31: 16070 | J31: 0.165 | K31: =+I31*J31 -> 2651.55
A32: VINILICO BLANCO ALMENDRA CUÑETE | H32: Unidad | I32: 225934 | J32: 0.02 | K32: =+I32*J32 -> 4518.68
H33: =+IF($A33="","",VLOOKUP($A33,'[3]MATERIALES ELECTR'!$C$8:E1329,2,FALSE)) | I33: =+IF($A33="","",VLOOKUP($A33,'[3]MATERIALES ELECTR'!$C$8:E1329,3,FALSE)) | K33: =+IF($A33="","",ROUND(I33*J33,0))
A34: Sub-Total | L34: =SUM(K22:K33) -> 47590.33
A35: III. TRANSPORTES
A36: Material | H36: Unidad | I36: Cantidad | J36: Distancia | K36: Tarifa | L36: Valor-Unit.
H37: =+IF($A37="","",VLOOKUP($A37,'[3]TRANSPORTE ELECTR'!$C$8:E10,2,FALSE)) | K37: =+IF($A37="","",VLOOKUP($A37,'[3]TRANSPORTE ELECTR'!C6:E10,3,FALSE)) | L37: =+IF($A37="","",ROUND(J37*K37*I37,2))
H38: =+IF($A38="","",VLOOKUP($A38,[4]TRANS!C7:E36,2,FALSE)) | K38: =+IF($A38="","",VLOOKUP($A38,[4]TRANS!F7:H36,3,FALSE))
H39: =+IF($A39="","",VLOOKUP($A39,[4]TRANS!C8:E37,2,FALSE)) | K39: =+IF($A39="","",VLOOKUP($A39,[4]TRANS!F8:H37,3,FALSE))
A40: Sub-Total | L40: =+SUM(L37:L39) -> 0
A41: IV. MANO DE OBRA
A42: Descripcion | I42: CUAD | J42: Jornal + Prestaciones (85%) | K42: Rendimiento | L42: Valor-Unit.
A43: CUADRILLA DE INSTALACIONES | I43: =+IF($A43="","",VLOOKUP($A43,'[3]M.O ELECT'!$J$61:$L$68,2,FALSE)) -> CUA8 | J43: =+IF($A43="","",VLOOKUP($A43,'[3]M.O ELECT'!$J$61:$L$68,3,FALSE)) -> 280676 | K43: 20 | L43: =+IF($A43="","",ROUND((J43/K43),0)) -> 14034
I44: =+IF($A44="","",VLOOKUP($A44,[4]M.O!J61:L81,2,FALSE)) | J44: =+IF($A44="","",VLOOKUP($A44,[4]M.O!J61:L123,3,FALSE))
I45: =+IF($A45="","",VLOOKUP($A45,[4]M.O!J62:L82,2,FALSE)) | J45: =+IF($A45="","",VLOOKUP($A45,[4]M.O!J62:L124,3,FALSE))
A46: Sub-Total | L46: =SUM(L43:L45) -> 14034
A48: Total Costo Directo | L48: =+L34+L19+L46+L40 -> 63027.33
F57: RAMON LOPEZ CAMARGO
F58: CC, 1102851781
F59: CONTRATISTA DE OBRA

Sheet NP2.16
G1: =[2]Datosproyecto!B2 -> Consejo Superior de la Judicatura Dirección Seccional de Administración Judicial Sincelejo – Sucre
G2: =[2]Datosproyecto!B1 -> ADECUACIONES DE GIMNASIO, SU BATERÍA DE BAÑOS Y LA TERRAZA ADYACENTES AL MISMO.
A3: ANALISIS DE PRECIOS UNITARIOS | I3: FECHA | K3: DD | L3: MM | M3: AAAA
K4: 3 | L4: 2 | M4: 2025
A6: ITEM | B6: DESCRIPCIÓN | K6: UNIDAD | M6: CANTIDAD
A7: =+'BALANCE Nro 2'!A98 -> NP2.16 | B7: =+'BALANCE Nro 2'!B98 -> SUMINISTRO E INSTALACION DE ESPEJO FLOTANTE KRISTAL | K7: =+'BALANCE Nro 2'!C98 -> m2 | M7: =+'BALANCE Nro 2'!K98 -> 8.4
A8: I. EQUIPO
A9: Descripción | H9: Tipo | I9: Tarifa/Hora | J9: Rendimiento | K9: Valor-Unit.
H10: =+IF(A10="","",VLOOKUP(A10,'[3]EQUIPO ELECTR'!$C$8:E194,2,FALSE)) | I10: =+IF(A10="","",VLOOKUP(A10,'[3]EQUIPO ELECTR'!$C$8:E247,3,FALSE)) | K10: =+IF($A10="","",ROUND(I10/J10,0))
H11: =+IF(A11="","",VLOOKUP(A11,'[3]EQUIPO ELECTR'!$C$8:E195,2,FALSE)) | I11: =+IF(A11="","",VLOOKUP(A11,'[3]EQUIPO ELECTR'!$C$8:E248,3,FALSE)) | K11: =+IF($A11="","",ROUND(I11/J11,0))
H12: =+IF(A12="","",VLOOKUP(A12,'[3]EQUIPO ELECTR'!$C$8:E196,2,FALSE)) | I12: =+IF(A12="","",VLOOKUP(A12,'[3]EQUIPO ELECTR'!$C$8:E249,3,FALSE)) | K12: =+IF($A12="","",ROUND(I12/J12,0))
H13: =+IF(A13="","",VLOOKUP(A13,'[3]EQUIPO ELECTR'!$C$8:E197,2,FALSE)) | I13: =+IF(A13="","",VLOOKUP(A13,'[3]EQUIPO ELECTR'!$C$8:E250,3,FALSE)) | K13: =+IF($A13="","",ROUND(I13/J13,0))
H14: =+IF(A14="","",VLOOKUP(A14,'[3]EQUIPO ELECTR'!$C$8:E198,2,FALSE)) | I14: =+IF(A14="","",VLOOKUP(A14,'[3]EQUIPO ELECTR'!$C$8:E251,3,FALSE)) | K14: =+IF($A14="","",ROUND(I14/J14,0))
H15: =+IF(A15="","",VLOOKUP(A15,'[3]EQUIPO ELECTR'!$C$8:E199,2,FALSE)) | I15: =+IF(A15="","",VLOOKUP(A15,'[3]EQUIPO ELECTR'!$C$8:E252,3,FALSE)) | K15: =+IF($A15="","",ROUND(I15/J15,0))
H16: =+IF(A16="","",VLOOKUP(A16,'[3]EQUIPO ELECTR'!$C$8:E200,2,FALSE)) | I16: =+IF(A16="","",VLOOKUP(A16,'[3]EQUIPO ELECTR'!$C$8:E253,3,FALSE)) | K16: =+IF($A16="","",ROUND(I16/J16,0))
H17: =+IF(A17="","",VLOOKUP(A17,'[3]EQUIPO ELECTR'!$C$8:E201,2,FALSE)) | I17: =+IF(A17="","",VLOOKUP(A17,'[3]EQUIPO ELECTR'!$C$8:E254,3,FALSE)) | K17: =+IF($A17="","",ROUND(I17/J17,0))
A18: HERRAMIENTAS MENORES | H18: % | I18: 0.1 | K18: =+ROUND(I18*L39,0) -> 936
A19: Sub-Total | L19: =SUM(K10:K18) -> 936
A20: II. MATERIALES EN OBRA
A21: Descripción | H21: Unidad | I21: Precio-Unit. | J21: Cantidad | K21: Valor-Unit.
A22: ESPEJO FLOTADO KRISTAL | H22: M2 | I22: 142983 | J22: 1 | K22: =+I22*J22 -> 142983
H26: =+IF($A26="","",VLOOKUP($A26,'[3]MATERIALES ELECTR'!$C$8:E1329,2,FALSE)) | I26: =+IF($A26="","",VLOOKUP($A26,'[3]MATERIALES ELECTR'!$C$8:E1329,3,FALSE)) | K26: =+IF($A26="","",ROUND(I26*J26,0))
A27: Sub-Total | L27: =SUM(K22:K26) -> 142983
A28: III. TRANSPORTES
A29: Material | H29: Unidad | I29: Cantidad | J29: Distancia | K29: Tarifa | L29: Valor-Unit.
H30: =+IF($A30="","",VLOOKUP($A30,'[3]TRANSPORTE ELECTR'!$C$8:E10,2,FALSE)) | K30: =+IF($A30="","",VLOOKUP($A30,'[3]TRANSPORTE ELECTR'!C6:E10,3,FALSE)) | L30: =+IF($A30="","",ROUND(J30*K30*I30,2))
H31: =+IF($A31="","",VLOOKUP($A31,[4]TRANS!C7:E36,2,FALSE)) | K31: =+IF($A31="","",VLOOKUP($A31,[4]TRANS!F7:H36,3,FALSE))
H32: =+IF($A32="","",VLOOKUP($A32,[4]TRANS!C8:E37,2,FALSE)) | K32: =+IF($A32="","",VLOOKUP($A32,[4]TRANS!F8:H37,3,FALSE))
A33: Sub-Total | L33: =+SUM(L30:L32) -> 0
A34: IV. MANO DE OBRA
A35: Descripcion | I35: CUAD | J35: Jornal + Prestaciones (85%) | K35: Rendimiento | L35: Valor-Unit.
A36: CUADRILLA DE INSTALACIONES | I36: =+IF($A36="","",VLOOKUP($A36,'[3]M.O ELECT'!$J$61:$L$68,2,FALSE)) -> CUA8 | J36: =+IF($A36="","",VLOOKUP($A36,'[3]M.O ELECT'!$J$61:$L$68,3,FALSE)) -> 280676 | K36: 30 | L36: =+IF($A36="","",ROUND((J36/K36),0)) -> 9356
I37: =+IF($A37="","",VLOOKUP($A37,[4]M.O!J61:L81,2,FALSE)) | J37: =+IF($A37="","",VLOOKUP($A37,[4]M.O!J61:L123,3,FALSE))
I38: =+IF($A38="","",VLOOKUP($A38,[4]M.O!J62:L82,2,FALSE)) | J38: =+IF($A38="","",VLOOKUP($A38,[4]M.O!J62:L124,3,FALSE))
A39: Sub-Total | L39: =SUM(L36:L38) -> 9356
A41: Total Costo Directo | L41: =+L27+L19+L39+L33 -> 153275
F50: RAMON LOPEZ CAMARGO
F51: CC, 1102851781
F52: CONTRATISTA DE OBRA
